Workbook

Sheet General
A1: Cost Proposal
B3: GENERAL INFORMATION
B5: The purpose of the requested information in the attached worksheets is to assist government personnel in the review and evaluation of cost proposals submitted by offerors. Offerors are reminded that the responsibility for providing adequate supporting data and attachments lies solely with them. Further, the offeror must also bear the burden of proof in establishing reasonableness of proposed costs; therefore, it is in the offeror’s best interest to submit a fully supportable and well-prepared cost proposal. The basis and rationale for all proposed costs should be provided as part of the proposal so that Government personnel can place reliance on the information as current, complete and accurate. Further, FAR 15.403-4 sets forth those circumstances in which offerors are required to submit certified cost or pricing data. (Updated Nov. 8, 2011)
B8: Cost by Task: In addition to providing summary by period of performance (base and any options), the contractor is also responsible for providing a breakdown of cost for each task indentified in the statement of work. The sum of all cost by task worksheets MUST equal the total cost summary.
B10: Options: The US Army Natick Contracting Division does not accept unpriced options. Any option that is not fully priced, will not be included in any resulting award.
B12: Enter the proposed cost detail for the base and each option period (as needed) on the tabs entitled,, "Base", "O-I". "O-II", O-III", "O-IV", and "O-V". The tab entitled, "Total Amount" will automatically calculate from the Base and Option tabs.
B15: Below is a summary of the proposed cost. This chart will automatically fill in from the "Total Amount" tab. | J15: Below is a summary of Documentation/Documents Required
J16: Prior to Negotiations
C17: ='Total Amount'!B28 -> Total Direct Labor Costs | D17: ='Total Amount'!W28 -> 0 | J17: =IF(COUNTIF(Subcontractor!B16:O24,"<>"&"")>0, "Prime Contractor's Cost Analysis and Source Selection documentationfor each Subcontractor", "")
C18: ='Total Amount'!B32 -> Total Fringe Benefit Costs | D18: ='Total Amount'!W32 -> 0 | J18: =IF(COUNTIF(Consultants!B5:J13,"<>"&"")>0, "Consulting Agreement for each Consultant", "")
C19: ='Total Amount'!B36 -> Total Labor Overhead Costs | D19: ='Total Amount'!W36 -> 0 | J19: =IF(COUNTIF('Materials-Supplies'!B4:J12,"<>"&"")>0, "Supporting documentation for Materials/Supplies", "")
C20: ='Total Amount'!B42 -> Total Subcontract Costs | D20: ='Total Amount'!W42 -> 0 | J20: =IF(COUNTIF(Equipment!B4:M8,"<>"&"")>0, "Supporting documentation for Equipment", "")
C21: ='Total Amount'!B48 -> Total Consultant Costs | D21: ='Total Amount'!W48 -> 0 | J21: =IF(COUNTIF('ODC Details'!B4:H10,"<>"&"")>0, "Supporting documentation for Other ODC", "")
C22: ='Total Amount'!B54 -> Total Other Direct Costs | D22: ='Total Amount'!W54 -> 0 | J22: =IF(COUNTIF('Labor&Ind Rates'!D18:J24,"<>"&"")>0, "Basis of Indirect Rate for each Indirect Rate", "")
C23: ='Total Amount'!B58 -> Total Material Handling Costs | D23: ='Total Amount'!W58 -> 0
C24: ='Total Amount'!A59 -> Subtotal Costs | D24: ='Total Amount'!W59 -> 0
C25: ='Total Amount'!B63 -> Total G&A Costs | D25: ='Total Amount'!W63 -> 0
C26: ='Total Amount'!A64 -> Subtotal Costs | D26: ='Total Amount'!W64 -> 0 | J26: Prior to Contract
C27: ='Total Amount'!B68 -> Total Cost of Money | D27: ='Total Amount'!W68 -> 0 | J27: Certificate of Current Cost/Pricing Data for Prime if Contract > $700K
C28: ='Total Amount'!A69 -> Total Estimated Costs | D28: ='Total Amount'!W69 -> 0 | J28: Certificate of Current Cost/Pricing Data for each Subcontractor > $700K
C29: ='Total Amount'!A70 -> Proposed Fee/Profit | D29: ='Total Amount'!W70 -> 0
C30: ='Total Amount'!A71 -> Total Proposed Cost | D30: ='Total Amount'!W71 -> 0

Sheet Total Amount
A1: Cost Proposal
A2: Prime Offeror Name:
A3: Subcontractor Name:
E4: (NOTE 2) | H4: (NOTE 2) | K4: (NOTE 2) | N4: (NOTE 2) | Q4: (NOTE 2) | T4: (NOTE 2)
E5: BASE | H5: OPTION 1 | K5: OPTION 2 | N5: OPTION 3 | Q5: OPTION 4 | T5: OPTION 5 | V5: Total
A6: Direct Labor (DL) (Note 1) | E6: MM/YR to MM/YR | H6: MM/YR to MM/YR | K6: MM/YR to MM/YR | N6: MM/YR to MM/YR | Q6: MM/YR to MM/YR | T6: MM/YR to MM/YR | V6: (NOTE 3) | W6: X-Months
B7: Offeror's Labor Category (NOTE 1) | C7: Name (Last, First) | D7: Base/Hours | E7: Rate | F7: Extended $ | G7: Base/Hours | H7: Rate | I7: Extended $ | J7: Base/Hours | K7: Rate | L7: Extended $ | M7: Base/Hours | N7: Rate | O7: Extended $ | P7: Base/Hours | Q7: Rate | R7: Extended $ | S7: Base/Hours | T7: Rate | U7: Extended $ | V7: Base/Hours | W7: Extended $
D8: =Base!V8 -> 0 | F8: =Base!W8 -> 0 | G8: ='O-I'!V8 -> 0 | I8: ='O-I'!W8 -> 0 | J8: ='O-II'!V8 -> 0 | L8: ='O-II'!W8 -> 0 | M8: ='O-III'!V8 -> 0 | O8: ='O-III'!W8 -> 0 | P8: ='O-IV'!V8 -> 0 | R8: ='O-IV'!W8 -> 0 | S8: ='O-V'!S8 -> 0 | U8: ='O-V'!W8 -> 0 | V8: =D8+G8+J8+M8+P8+S8 -> 0 | W8: =F8+I8+L8+O8+R8+U8 -> 0
D9: =Base!V9 -> 0 | F9: =Base!W9 -> 0 | G9: ='O-I'!V9 -> 0 | I9: ='O-I'!W9 -> 0 | J9: ='O-II'!V9 -> 0 | L9: ='O-II'!W9 -> 0 | M9: ='O-III'!V9 -> 0 | O9: ='O-III'!W9 -> 0 | P9: ='O-IV'!V9 -> 0 | R9: ='O-IV'!W9 -> 0 | S9: ='O-V'!S9 -> 0 | U9: ='O-V'!W9 -> 0 | V9: =D9+G9+J9+M9+P9+S9 -> 0 | W9: =F9+I9+L9+O9+R9+U9 -> 0
D10: =Base!V10 -> 0 | F10: =Base!W10 -> 0 | G10: ='O-I'!V10 -> 0 | I10: ='O-I'!W10 -> 0 | J10: ='O-II'!V10 -> 0 | L10: ='O-II'!W10 -> 0 | M10: ='O-III'!V10 -> 0 | O10: ='O-III'!W10 -> 0 | P10: ='O-IV'!V10 -> 0 | R10: ='O-IV'!W10 -> 0 | S10: ='O-V'!S10 -> 0 | U10: ='O-V'!W10 -> 0 | V10: =D10+G10+J10+M10+P10+S10 -> 0 | W10: =F10+I10+L10+O10+R10+U10 -> 0
D11: =Base!V11 -> 0 | F11: =Base!W11 -> 0 | G11: ='O-I'!V11 -> 0 | I11: ='O-I'!W11 -> 0 | J11: ='O-II'!V11 -> 0 | L11: ='O-II'!W11 -> 0 | M11: ='O-III'!V11 -> 0 | O11: ='O-III'!W11 -> 0 | P11: ='O-IV'!V11 -> 0 | R11: ='O-IV'!W11 -> 0 | S11: ='O-V'!S11 -> 0 | U11: ='O-V'!W11 -> 0 | V11: =D11+G11+J11+M11+P11+S11 -> 0 | W11: =F11+I11+L11+O11+R11+U11 -> 0
D12: =Base!V12 -> 0 | F12: =Base!W12 -> 0 | G12: ='O-I'!V12 -> 0 | I12: ='O-I'!W12 -> 0 | J12: ='O-II'!V12 -> 0 | L12: ='O-II'!W12 -> 0 | M12: ='O-III'!V12 -> 0 | O12: ='O-III'!W12 -> 0 | P12: ='O-IV'!V12 -> 0 | R12: ='O-IV'!W12 -> 0 | S12: ='O-V'!S12 -> 0 | U12: ='O-V'!W12 -> 0 | V12: =D12+G12+J12+M12+P12+S12 -> 0 | W12: =F12+I12+L12+O12+R12+U12 -> 0
D13: =Base!V13 -> 0 | F13: =Base!W13 -> 0 | G13: ='O-I'!V13 -> 0 | I13: ='O-I'!W13 -> 0 | J13: ='O-II'!V13 -> 0 | L13: ='O-II'!W13 -> 0 | M13: ='O-III'!V13 -> 0 | O13: ='O-III'!W13 -> 0 | P13: ='O-IV'!V13 -> 0 | R13: ='O-IV'!W13 -> 0 | S13: ='O-V'!S13 -> 0 | U13: ='O-V'!W13 -> 0 | V13: =D13+G13+J13+M13+P13+S13 -> 0 | W13: =F13+I13+L13+O13+R13+U13 -> 0
D14: =Base!V14 -> 0 | F14: =Base!W14 -> 0 | G14: ='O-I'!V14 -> 0 | I14: ='O-I'!W14 -> 0 | J14: ='O-II'!V14 -> 0 | L14: ='O-II'!W14 -> 0 | M14: ='O-III'!V14 -> 0 | O14: ='O-III'!W14 -> 0 | P14: ='O-IV'!V14 -> 0 | R14: ='O-IV'!W14 -> 0 | S14: ='O-V'!S14 -> 0 | U14: ='O-V'!W14 -> 0 | V14: =D14+G14+J14+M14+P14+S14 -> 0 | W14: =F14+I14+L14+O14+R14+U14 -> 0
D15: =Base!V15 -> 0 | F15: =Base!W15 -> 0 | G15: ='O-I'!V15 -> 0 | I15: ='O-I'!W15 -> 0 | J15: ='O-II'!V15 -> 0 | L15: ='O-II'!W15 -> 0 | M15: ='O-III'!V15 -> 0 | O15: ='O-III'!W15 -> 0 | P15: ='O-IV'!V15 -> 0 | R15: ='O-IV'!W15 -> 0 | S15: ='O-V'!S15 -> 0 | U15: ='O-V'!W15 -> 0 | V15: =D15+G15+J15+M15+P15+S15 -> 0 | W15: =F15+I15+L15+O15+R15+U15 -> 0
D16: =Base!V16 -> 0 | F16: =Base!W16 -> 0 | G16: ='O-I'!V16 -> 0 | I16: ='O-I'!W16 -> 0 | J16: ='O-II'!V16 -> 0 | L16: ='O-II'!W16 -> 0 | M16: ='O-III'!V16 -> 0 | O16: ='O-III'!W16 -> 0 | P16: ='O-IV'!V16 -> 0 | R16: ='O-IV'!W16 -> 0 | S16: ='O-V'!S16 -> 0 | U16: ='O-V'!W16 -> 0 | V16: =D16+G16+J16+M16+P16+S16 -> 0 | W16: =F16+I16+L16+O16+R16+U16 -> 0
D17: =Base!V17 -> 0 | F17: =Base!W17 -> 0 | G17: ='O-I'!V17 -> 0 | I17: ='O-I'!W17 -> 0 | J17: ='O-II'!V17 -> 0 | L17: ='O-II'!W17 -> 0 | M17: ='O-III'!V17 -> 0 | O17: ='O-III'!W17 -> 0 | P17: ='O-IV'!V17 -> 0 | R17: ='O-IV'!W17 -> 0 | S17: ='O-V'!S17 -> 0 | U17: ='O-V'!W17 -> 0 | V17: =D17+G17+J17+M17+P17+S17 -> 0 | W17: =F17+I17+L17+O17+R17+U17 -> 0
D18: =Base!V18 -> 0 | F18: =Base!W18 -> 0 | G18: ='O-I'!V18 -> 0 | I18: ='O-I'!W18 -> 0 | J18: ='O-II'!V18 -> 0 | L18: ='O-II'!W18 -> 0 | M18: ='O-III'!V18 -> 0 | O18: ='O-III'!W18 -> 0 | P18: ='O-IV'!V18 -> 0 | R18: ='O-IV'!W18 -> 0 | S18: ='O-V'!S18 -> 0 | U18: ='O-V'!W18 -> 0 | V18: =D18+G18+J18+M18+P18+S18 -> 0 | W18: =F18+I18+L18+O18+R18+U18 -> 0
D19: =Base!V19 -> 0 | F19: =Base!W19 -> 0 | G19: ='O-I'!V19 -> 0 | I19: ='O-I'!W19 -> 0 | J19: ='O-II'!V19 -> 0 | L19: ='O-II'!W19 -> 0 | M19: ='O-III'!V19 -> 0 | O19: ='O-III'!W19 -> 0 | P19: ='O-IV'!V19 -> 0 | R19: ='O-IV'!W19 -> 0 | S19: ='O-V'!S19 -> 0 | U19: ='O-V'!W19 -> 0 | V19: =D19+G19+J19+M19+P19+S19 -> 0 | W19: =F19+I19+L19+O19+R19+U19 -> 0
... D27: =Base!V27 -> 0 | F27: =Base!W27 -> 0 | G27: ='O-I'!V27 -> 0 | I27: ='O-I'!W27 -> 0 | J27: ='O-II'!V27 -> 0 | L27: ='O-II'!W27 -> 0 | M27: ='O-III'!V27 -> 0 | O27: ='O-III'!W27 -> 0 | P27: ='O-IV'!V27 -> 0 | R27: ='O-IV'!W27 -> 0 | S27: ='O-V'!S27 -> 0 | U27: ='O-V'!W27 -> 0 | V27: =D27+G27+J27+M27+P27+S27 -> 0 | W27: =F27+I27+L27+O27+R27+U27 -> 0
B28: Total Direct Labor Costs | D28: =SUM(D8:D27) -> 0 | F28: =SUM(F8:F27) -> 0 | G28: =SUM(G8:G27) -> 0 | I28: =SUM(I8:I27) -> 0 | J28: =SUM(J8:J27) -> 0 | L28: =SUM(L8:L27) -> 0 | M28: =SUM(M8:M27) -> 0 | O28: =SUM(O8:O27) -> 0 | P28: =SUM(P8:P27) -> 0 | R28: =SUM(R8:R27) -> 0 | S28: =SUM(S8:S27) -> 0 | U28: =SUM(U8:U27) -> 0 | V28: =SUM(V8:V27) -> 0 | W28: =F28+I28+L28+O28+R28+U28 -> 0
A29: Fringe Benefits (F/B) (See Escalation and Indirect Rate Worksheet)
B30: Insert F/B rate title | D30: =F28 -> 0 | F30: =Base!W30 -> 0 | G30: =I28 -> 0 | I30: ='O-I'!W30 -> 0 | J30: =L28 -> 0 | L30: ='O-II'!W30 -> 0 | M30: =O28 -> 0 | O30: ='O-III'!W30 -> 0 | P30: =R28 -> 0 | R30: ='O-IV'!W30 -> 0 | S30: =U28 -> 0 | U30: ='O-V'!W30 -> 0 | V30: =SUM(D30+G30+J30+M30+P30+S30) -> 0 | W30: =F30+I30+L30+O30+R30+U30 -> 0
B31: Insert line(s) & title(s) for any other F/B rates | F31: =Base!W31 -> 0 | I31: ='O-I'!W31 -> 0 | L31: ='O-II'!W31 -> 0 | O31: ='O-III'!W31 -> 0 | R31: ='O-IV'!W31 -> 0 | U31: ='O-V'!W31 -> 0 | W31: =F31+I31+L31+O31+R31+U31 -> 0
B32: Total Fringe Benefit Costs | F32: =SUM(F30:F31) -> 0 | I32: =SUM(I30:I31) -> 0 | L32: =ROUND(J32*K32,0) -> 0 | O32: =SUM(O30:O31) -> 0 | R32: =SUM(R30:R31) -> 0 | U32: =SUM(U30:U31) -> 0 | W32: =F32+I32+L32+O32+R32+U32 -> 0
A33: Labor Overhead (O/H) (See Escalation and Indirect Rate Worksheet)
B34: Insert O/H rate title | D34: =F28+F32 -> 0 | F34: =Base!W34 -> 0 | G34: =I28+I32 -> 0 | I34: ='O-I'!W34 -> 0 | J34: =L28+L32 -> 0 | L34: ='O-II'!W34 -> 0 | M34: =O28+O32 -> 0 | O34: ='O-III'!W34 -> 0 | P34: =R28+R32 -> 0 | R34: ='O-IV'!W34 -> 0 | S34: =U28+U32 -> 0 | U34: ='O-V'!W34 -> 0 | V34: =D34+G34+J34+M34+P34+S34 -> 0 | W34: =F34+I34+L34+O34+R34+U34 -> 0
B35: Insert line(s) & title(s) for any other O/H rates | F35: =Base!W35 -> 0 | I35: ='O-I'!W35 -> 0 | L35: ='O-II'!W35 -> 0 | O35: ='O-III'!W35 -> 0 | R35: ='O-IV'!W35 -> 0 | U35: ='O-V'!W35 -> 0 | W35: =F35+I35+L35+O35+R35+U35 -> 0
B36: Total Labor Overhead Costs | F36: =SUM(F34:F35) -> 0 | I36: =SUM(I34:I35) -> 0 | L36: =SUM(L34:L35) -> 0 | O36: =SUM(O34:O35) -> 0 | R36: =SUM(R34:R35) -> 0 | U36: =SUM(U34:U35) -> 0 | W36: =F36+I36+L36+O36+R36+U36 -> 0
A37: Subcontracts/Interorganizational Transfer | C37: File/Tab Name or Link
B38: Subcontract/Interorganizational Name - #01 | C38: Identify Tab/File Name of Each Sub | F38: =Base!W38 -> 0 | I38: ='O-I'!W38 -> 0 | L38: ='O-II'!W38 -> 0 | O38: ='O-III'!W38 -> 0 | R38: ='O-IV'!W38 -> 0 | U38: ='O-V'!W38 -> 0 | W38: =F38+I38+L38+O38+R38+U38 -> 0
B39: Subcontract/Interorganizational Name - #02 | C39: Identify Tab/File Name of Each Sub | F39: =Base!W39 -> 0 | I39: ='O-I'!W39 -> 0 | L39: ='O-II'!W39 -> 0 | O39: ='O-III'!W39 -> 0 | R39: ='O-IV'!W39 -> 0 | U39: ='O-V'!W39 -> 0 | W39: =F39+I39+L39+O39+R39+U39 -> 0
B40: Subcontract/Interorganizational Name - #03 | C40: Identify Tab/File Name of Each Sub | F40: =Base!W40 -> 0 | I40: ='O-I'!W40 -> 0 | L40: ='O-II'!W40 -> 0 | O40: ='O-III'!W40 -> 0 | R40: ='O-IV'!W40 -> 0 | U40: ='O-V'!W40 -> 0 | W40: =F40+I40+L40+O40+R40+U40 -> 0
B41: Insert line(s) for any additional Subcontractors/Interorganizational | C41: Identify Tab/File Name of Each Sub | F41: =Base!W41 -> 0 | I41: ='O-I'!W41 -> 0 | L41: ='O-II'!W41 -> 0 | O41: ='O-III'!W41 -> 0 | R41: ='O-IV'!W41 -> 0 | U41: ='O-V'!W41 -> 0 | W41: =F41+I41+L41+O41+R41+U41 -> 0
B42: Total Subcontract Costs | F42: =SUM(F38:F41) -> 0 | I42: =SUM(I38:I41) -> 0 | L42: =SUM(L38:L41) -> 0 | O42: =SUM(O38:O41) -> 0 | R42: =SUM(R38:R41) -> 0 | U42: =SUM(U38:U41) -> 0 | W42: =F42+I42+L42+O42+R42+U42 -> 0
A43: Consultants
B44: Consultant Name - #01 | C44: Provide details on next Worksheet | F44: =Base!W44 -> 0 | I44: ='O-I'!W44 -> 0 | L44: ='O-II'!W44 -> 0 | O44: ='O-III'!W44 -> 0 | R44: ='O-IV'!W44 -> 0 | U44: ='O-V'!W44 -> 0 | W44: =F44+I44+L44+O44+R44+U44 -> 0
B45: Consultant Name - #02 | C45: Provide details on next Worksheet | F45: =Base!W45 -> 0 | I45: ='O-I'!W45 -> 0 | L45: ='O-II'!W45 -> 0 | O45: ='O-III'!W45 -> 0 | R45: ='O-IV'!W45 -> 0 | U45: ='O-V'!W45 -> 0 | W45: =F45+I45+L45+O45+R45+U45 -> 0
B46: Consultant Name - #03 | C46: Provide details on next Worksheet | F46: =Base!W46 -> 0 | I46: ='O-I'!W46 -> 0 | L46: ='O-II'!W46 -> 0 | O46: ='O-III'!W46 -> 0 | R46: ='O-IV'!W46 -> 0 | U46: ='O-V'!W46 -> 0 | W46: =F46+I46+L46+O46+R46+U46 -> 0
B47: Insert line(s) for any additional Consultants | C47: Provide details on next Worksheet | F47: =Base!W47 -> 0 | I47: ='O-I'!W47 -> 0 | L47: ='O-II'!W47 -> 0 | O47: ='O-III'!W47 -> 0 | R47: ='O-IV'!W47 -> 0 | U47: ='O-V'!W47 -> 0 | W47: =F47+I47+L47+O47+R47+U47 -> 0
B48: Total Consultant Costs | F48: =SUM(F44:F47) -> 0 | I48: =SUM(I44:I47) -> 0 | L48: =SUM(L44:L47) -> 0 | O48: =SUM(O44:O47) -> 0 | R48: =SUM(R44:R47) -> 0 | U48: =SUM(U44:U47) -> 0 | W48: =F48+I48+L48+O48+R48+U48 -> 0
A49: Other Direct Costs
B50: Materials/Supplies | C50: Provide details on next Worksheet | F50: =Base!W50 -> 0 | I50: ='O-I'!W50 -> 0 | L50: ='O-II'!W50 -> 0 | O50: ='O-III'!W50 -> 0 | R50: ='O-IV'!W50 -> 0 | U50: ='O-V'!W50 -> 0 | W50: =F50+I50+L50+O50+R50+U50 -> 0
B51: Equipment | C51: Provide details on next Worksheet | F51: =Base!W51 -> 0 | I51: ='O-I'!W51 -> 0 | L51: ='O-II'!W51 -> 0 | O51: ='O-III'!W51 -> 0 | R51: ='O-IV'!W51 -> 0 | U51: ='O-V'!W51 -> 0 | W51: =F51+I51+L51+O51+R51+U51 -> 0
B52: Travel | C52: Provide details on next Worksheet | F52: =Base!W52 -> 0 | I52: ='O-I'!W52 -> 0 | L52: ='O-II'!W52 -> 0 | O52: ='O-III'!W52 -> 0 | R52: ='O-IV'!W52 -> 0 | U52: ='O-V'!W52 -> 0 | W52: =F52+I52+L52+O52+R52+U52 -> 0
B53: Insert line(s) for any other types of ODCs | C53: Provide details on next Worksheet | F53: =Base!W53 -> 0 | I53: ='O-I'!W53 -> 0 | L53: ='O-II'!W53 -> 0 | O53: ='O-III'!W53 -> 0 | R53: ='O-IV'!W53 -> 0 | U53: ='O-V'!W53 -> 0 | W53: =F53+I53+L53+O53+R53+U53 -> 0
B54: Total Other Direct Costs | F54: =SUM(F50:F53) -> 0 | I54: =SUM(I50:I53) -> 0 | L54: =SUM(L50:L53) -> 0 | O54: =SUM(O50:O53) -> 0 | R54: =SUM(R50:R53) -> 0 | U54: =SUM(U50:U53) -> 0 | W54: =F54+I54+L54+O54+R54+U54 -> 0
A55: Material Handling (M/H O/H) (See Escalation and Indirect Rate Worksheet)
B56: Insert M/H O/H rate title | D56: 0 | E56: 0 | F56: =Base!W56 -> 0 | G56: 0 | H56: 0 | I56: ='O-I'!W56 -> 0 | J56: 0 | K56: 0 | L56: ='O-II'!W56 -> 0 | M56: 0 | N56: 0 | O56: ='O-III'!W56 -> 0 | P56: 0 | Q56: 0 | R56: ='O-IV'!W56 -> 0 | S56: 0 | T56: 0 | U56: ='O-V'!W56 -> 0 | V56: =D56+G56+J56+M56+P56+S56 -> 0 | W56: =F56+I56+L56+O56+R56+U56 -> 0
B57: Insert line(s) & title(s) for any other M/H O/H rates | F57: =Base!W57 -> 0 | I57: ='O-I'!W57 -> 0 | L57: ='O-II'!W57 -> 0 | O57: ='O-III'!W57 -> 0 | R57: ='O-IV'!W57 -> 0 | U57: ='O-V'!W57 -> 0 | W57: =F57+I57+L57+O57+R57+U57 -> 0
B58: Total Material Handling Costs | F58: =SUM(F56:F57) -> 0 | I58: 0 | L58: =SUM(L56:L57) -> 0 | O58: =SUM(O56:O57) -> 0 | R58: =SUM(R56:R57) -> 0 | U58: =SUM(U56:U57) -> 0 | W58: =F58+I58+L58+O58+R58+U58 -> 0
A59: Subtotal Costs | F59: =Base!F59+'O-I'!F59+'O-II'!F59+'O-III'!F59+'O-IV'!F59+'O-V'!F59 -> 0 | I59: 0 | L59: =L28+L32+L36+L42+L48+L54+L58 -> 0 | O59: =O28+O32+O36+O42+O48+O54+O58 -> 0 | R59: =R28+R32+R36+R42+R48+R54+R58 -> 0 | U59: 0 | W59: =F59+I59+L59+O59+R59+U59 -> 0
A60: General and Administrative (G&A) (See Escalation and Indirect Rate Worksheet)
B61: Insert G&A rate title | D61: =F28+F32+F36+F42+F48+F54+F58 -> 0 | E61: 0 | F61: =Base!W61 -> 0 | G61: =I28+I32+I36+I42+I48+I54+I58 -> 0 | H61: 0 | I61: ='O-I'!W61 -> 0 | J61: =L28+L32+L36+L42+L48+L54+L58 -> 0 | K61: 0 | L61: ='O-II'!W61 -> 0 | M61: =O28+O32+O36+O42+O48+O54+O58 -> 0 | N61: 0 | O61: ='O-III'!W61 -> 0 | P61: =R28+R32+R36+R42+R48+R54+R58 -> 0 | Q61: 0 | R61: ='O-IV'!W61 -> 0 | S61: =U28+U32+U36+U42+U48+U54+U58 -> 0 | T61: 0 | U61: ='O-V'!W61 -> 0 | V61: =D61+G61+J61+M61+P61+S61 -> 0 | W61: =F61+I61+L61+O61+R61+U61 -> 0
B62: Insert line(s) & title(s) for any other G&A rates | F62: =Base!W62 -> 0 | I62: ='O-I'!W62 -> 0 | L62: ='O-II'!W62 -> 0 | O62: ='O-III'!W62 -> 0 | R62: ='O-IV'!W62 -> 0 | U62: ='O-V'!W62 -> 0 | W62: =F62+I62+L62+O62+R62+U62 -> 0
B63: Total G&A Costs | F63: =SUM(F61:F62) -> 0 | I63: =SUM(I61:I62) -> 0 | L63: =SUM(L61:L62) -> 0 | O63: =SUM(O61:O62) -> 0 | R63: =SUM(R61:R62) -> 0 | U63: =SUM(U61:U62) -> 0 | W63: =F63+I63+L63+O63+R63+U63 -> 0
A64: Subtotal Costs | F64: =F28+F32+F36+F42+F48+F54+F58+F63 -> 0 | I64: =I28+I32+I36+I42+I48+I54+I58+I63 -> 0 | L64: =L28+L32+L36+L42+L48+L54+L58+L63 -> 0 | O64: =O28+O32+O36+O42+O48+O54+O58+O63 -> 0 | R64: =R28+R32+R36+R42+R48+R54+R58+R63 -> 0 | U64: =U28+U32+U36+U42+U48+U54+U58+U63 -> 0 | W64: =F64+I64+L64+O64+R64+U64 -> 0
A65: Facilities Cost of Money (COM) (See Escalation and Indirect Rate Worksheet)
B66: Insert COM rate title | D66: =0 -> 0 | E66: 0 | F66: =Base!W66 -> 0 | G66: =0 -> 0 | H66: 0 | I66: ='O-I'!W66 -> 0 | J66: =0 -> 0 | K66: 0 | L66: ='O-II'!W66 -> 0 | M66: =0 -> 0 | N66: 0 | O66: ='O-III'!W66 -> 0 | P66: =0 -> 0 | Q66: 0 | R66: ='O-IV'!W66 -> 0 | S66: =0 -> 0 | T66: 0 | U66: ='O-V'!W66 -> 0 | V66: =D66+G66+J66+M66+P66+S66 -> 0 | W66: =F66+I66+L66+O66+R66+U66 -> 0
B67: Insert line(s) & title(s) for any other COM rates | F67: =Base!W67 -> 0 | I67: ='O-I'!W67 -> 0 | L67: ='O-II'!W67 -> 0 | O67: ='O-III'!W67 -> 0 | R67: ='O-IV'!W67 -> 0 | U67: ='O-V'!W67 -> 0 | W67: =F67+I67+L67+O67+R67+U67 -> 0
B68: Total Cost of Money | F68: =SUM(F66:F67) -> 0 | I68: =SUM(I66:I67) -> 0 | L68: =SUM(L66:L67) -> 0 | O68: =SUM(O66:O67) -> 0 | R68: =SUM(R66:R67) -> 0 | U68: =SUM(U66:U67) -> 0 | W68: =F68+I68+L68+O68+R68+U68 -> 0
A69: Total Estimated Costs | F69: =Base!W69 -> 0 | I69: ='O-I'!W69 -> 0 | L69: ='O-II'!W69 -> 0 | O69: ='O-III'!W69 -> 0 | R69: ='O-IV'!W69 -> 0 | U69: ='O-V'!W69 -> 0 | W69: =F69+I69+L69+O69+R69+U69 -> 0
A70: Proposed Fee/Profit | C70: (Note 4) | D70: =F64-F52 -> 0 | E70: 0 | F70: =Base!W70 -> 0 | G70: =I64-I52 -> 0 | H70: 0 | I70: ='O-I'!W70 -> 0 | J70: =L64-L52 -> 0 | K70: 0 | L70: ='O-II'!W70 -> 0 | M70: =O64-O52 -> 0 | N70: 0 | O70: ='O-III'!W70 -> 0 | P70: =R64-R52 -> 0 | Q70: 0 | R70: ='O-IV'!W70 -> 0 | S70: =U64-U52 -> 0 | T70: 0 | U70: ='O-V'!W70 -> 0 | V70: =X64-X52 -> 0 | W70: =F70+I70+L70+O70+R70+U70 -> 0
A71: Total Proposed Cost | F71: =SUM(F69:F70) -> 0 | I71: =SUM(I69:I70) -> 0 | L71: =SUM(L69:L70) -> 0 | O71: =SUM(O69:O70) -> 0 | R71: =SUM(R69:R70) -> 0 | U71: =SUM(U69:U70) -> 0 | W71: =F71+I71+L71+O71+R71+U71 -> 0
B73: Note 1: Any proposed personnel in the technical proposal should be identified with their labor category.
B74: Note 2: Indicate the period of performance. Ensure that the length of the periods proposed match those stated in the technical proposal.
B75: Note 3: The values under Total Direct Labor "hours/base" column indicate the total level of effort for the project for each labor category. The Offeror must define the split of hours between initial and subsequent rate years based on its FY or CY in the prior columns.
B76: Note 4: Profit or fee is not allowed on travel costs, direct costs for equipment, Government entities or cost share contracts. In addition, NCD utilizes DD Fom 1547 (DFARS 215.404-70) in calculating the Government objective for fee.

Sheet Base
A1: Cost Proposal - Base
A2: Prime Offeror Name:
A3: Subcontractor Name:
E4: (NOTE 2) | H4: (NOTE 2) | K4: (NOTE 2) | N4: (NOTE 2) | Q4: (NOTE 2) | T4: (NOTE 2)
E5: CY/FY 11 or 12 | H5: CY/FY 12 or 13 | K5: CY/FY 13 or 14 | N5: CY/FY 14 or 15 | Q5: CY/FY 15 or 16 | T5: CY/FY 16 or 17 | V5: Total
A6: Direct Labor (DL) (Note 1) | E6: MM/YR to MM/YR | H6: MM/YR to MM/YR | K6: MM/YR to MM/YR | N6: MM/YR to MM/YR | Q6: MM/YR to MM/YR | T6: MM/YR to MM/YR | V6: (NOTE 3) | W6: X-Months
B7: Offeror's Labor Category (NOTE 1) | C7: Name (Last, First) | D7: Base/Hours | E7: Rate | F7: Extended $ | G7: Base/Hours | H7: Rate | I7: Extended $ | J7: Base/Hours | K7: Rate | L7: Extended $ | M7: Base/Hours | N7: Rate | O7: Extended $ | P7: Base/Hours | Q7: Rate | R7: Extended $ | S7: Base/Hours | T7: Rate | U7: Extended $ | V7: Base/Hours | W7: Extended $
F8: =ROUND(D8*E8,0) -> 0 | I8: =ROUND(G8*H8,0) -> 0 | L8: =ROUND(J8*K8,0) -> 0 | O8: =ROUND(M8*N8,0) -> 0 | R8: =ROUND(P8*Q8,0) -> 0 | U8: =ROUND(S8*T8,0) -> 0 | V8: =D8+G8+J8+M8+P8+S8 -> 0 | W8: =F8+I8+L8+O8+R8+U8 -> 0
F9: =ROUND(D9*E9,0) -> 0 | I9: =ROUND(G9*H9,0) -> 0 | L9: =ROUND(J9*K9,0) -> 0 | O9: =ROUND(M9*N9,0) -> 0 | R9: =ROUND(P9*Q9,0) -> 0 | U9: =ROUND(S9*T9,0) -> 0 | V9: =D9+G9+J9+M9+P9+S9 -> 0 | W9: =F9+I9+L9+O9+R9+U9 -> 0
F10: =ROUND(D10*E10,0) -> 0 | I10: =ROUND(G10*H10,0) -> 0 | L10: =ROUND(J10*K10,0) -> 0 | O10: =ROUND(M10*N10,0) -> 0 | R10: =ROUND(P10*Q10,0) -> 0 | U10: =ROUND(S10*T10,0) -> 0 | V10: =D10+G10+J10+M10+P10+S10 -> 0 | W10: =F10+I10+L10+O10+R10+U10 -> 0
F11: =ROUND(D11*E11,0) -> 0 | I11: =ROUND(G11*H11,0) -> 0 | L11: =ROUND(J11*K11,0) -> 0 | O11: =ROUND(M11*N11,0) -> 0 | R11: =ROUND(P11*Q11,0) -> 0 | U11: =ROUND(S11*T11,0) -> 0 | V11: =D11+G11+J11+M11+P11+S11 -> 0 | W11: =F11+I11+L11+O11+R11+U11 -> 0
F12: =ROUND(D12*E12,0) -> 0 | I12: =ROUND(G12*H12,0) -> 0 | L12: =ROUND(J12*K12,0) -> 0 | O12: =ROUND(M12*N12,0) -> 0 | R12: =ROUND(P12*Q12,0) -> 0 | U12: =ROUND(S12*T12,0) -> 0 | V12: =D12+G12+J12+M12+P12+S12 -> 0 | W12: =F12+I12+L12+O12+R12+U12 -> 0
F13: =ROUND(D13*E13,0) -> 0 | I13: =ROUND(G13*H13,0) -> 0 | L13: =ROUND(J13*K13,0) -> 0 | O13: =ROUND(M13*N13,0) -> 0 | R13: =ROUND(P13*Q13,0) -> 0 | U13: =ROUND(S13*T13,0) -> 0 | V13: =D13+G13+J13+M13+P13+S13 -> 0 | W13: =F13+I13+L13+O13+R13+U13 -> 0
F14: =ROUND(D14*E14,0) -> 0 | I14: =ROUND(G14*H14,0) -> 0 | L14: =ROUND(J14*K14,0) -> 0 | O14: =ROUND(M14*N14,0) -> 0 | R14: =ROUND(P14*Q14,0) -> 0 | U14: =ROUND(S14*T14,0) -> 0 | V14: =D14+G14+J14+M14+P14+S14 -> 0 | W14: =F14+I14+L14+O14+R14+U14 -> 0
F15: =ROUND(D15*E15,0) -> 0 | I15: =ROUND(G15*H15,0) -> 0 | L15: =ROUND(J15*K15,0) -> 0 | O15: =ROUND(M15*N15,0) -> 0 | R15: =ROUND(P15*Q15,0) -> 0 | U15: =ROUND(S15*T15,0) -> 0 | V15: =D15+G15+J15+M15+P15+S15 -> 0 | W15: =F15+I15+L15+O15+R15+U15 -> 0
F16: =ROUND(D16*E16,0) -> 0 | I16: =ROUND(G16*H16,0) -> 0 | L16: =ROUND(J16*K16,0) -> 0 | O16: =ROUND(M16*N16,0) -> 0 | R16: =ROUND(P16*Q16,0) -> 0 | U16: =ROUND(S16*T16,0) -> 0 | V16: =D16+G16+J16+M16+P16+S16 -> 0 | W16: =F16+I16+L16+O16+R16+U16 -> 0
F17: =ROUND(D17*E17,0) -> 0 | I17: =ROUND(G17*H17,0) -> 0 | L17: =ROUND(J17*K17,0) -> 0 | O17: =ROUND(M17*N17,0) -> 0 | R17: =ROUND(P17*Q17,0) -> 0 | U17: =ROUND(S17*T17,0) -> 0 | V17: =D17+G17+J17+M17+P17+S17 -> 0 | W17: =F17+I17+L17+O17+R17+U17 -> 0
F18: =ROUND(D18*E18,0) -> 0 | I18: =ROUND(G18*H18,0) -> 0 | L18: =ROUND(J18*K18,0) -> 0 | O18: =ROUND(M18*N18,0) -> 0 | R18: =ROUND(P18*Q18,0) -> 0 | U18: =ROUND(S18*T18,0) -> 0 | V18: =D18+G18+J18+M18+P18+S18 -> 0 | W18: =F18+I18+L18+O18+R18+U18 -> 0
F19: =ROUND(D19*E19,0) -> 0 | I19: =ROUND(G19*H19,0) -> 0 | L19: =ROUND(J19*K19,0) -> 0 | O19: =ROUND(M19*N19,0) -> 0 | R19: =ROUND(P19*Q19,0) -> 0 | U19: =ROUND(S19*T19,0) -> 0 | V19: =D19+G19+J19+M19+P19+S19 -> 0 | W19: =F19+I19+L19+O19+R19+U19 -> 0
... F27: =ROUND(D27*E27,0) -> 0 | I27: =ROUND(G27*H27,0) -> 0 | L27: =ROUND(J27*K27,0) -> 0 | O27: =ROUND(M27*N27,0) -> 0 | R27: =ROUND(P27*Q27,0) -> 0 | U27: =ROUND(S27*T27,0) -> 0 | V27: =D27+G27+J27+M27+P27+S27 -> 0 | W27: =F27+I27+L27+O27+R27+U27 -> 0
B28: Total Direct Labor Costs | D28: =SUM(D8:D27) -> 0 | F28: =SUM(F8:F27) -> 0 | G28: =SUM(G8:G27) -> 0 | I28: =SUM(I8:I27) -> 0 | J28: =SUM(J8:J27) -> 0 | L28: =SUM(L8:L27) -> 0 | M28: =SUM(M8:M27) -> 0 | O28: =SUM(O8:O27) -> 0 | P28: =SUM(P8:P27) -> 0 | R28: =SUM(R8:R27) -> 0 | S28: =SUM(S8:S27) -> 0 | U28: =SUM(U8:U27) -> 0 | V28: =SUM(V8:V27) -> 0 | W28: =F28+I28+L28+O28+R28+U28 -> 0
A29: Fringe Benefits (F/B) (See Escalation and Indirect Rate Worksheet)
B30: Insert F/B rate title | D30: =F28 -> 0 | F30: =ROUND(D30*E30,0) -> 0 | G30: =I28 -> 0 | I30: =ROUND(G30*H30,0) -> 0 | J30: =L28 -> 0 | L30: =ROUND(J30*K30,0) -> 0 | M30: =O28 -> 0 | O30: =ROUND(M30*N30,0) -> 0 | P30: =R28 -> 0 | R30: =ROUND(P30*Q30,0) -> 0 | S30: =U28 -> 0 | U30: =ROUND(S30*T30,0) -> 0 | W30: =F30+I30+L30+O30+R30+U30 -> 0
B31: Insert line(s) & title(s) for any other F/B rates | F31: =ROUND(D31*E31,0) -> 0 | I31: =ROUND(G31*H31,0) -> 0 | L31: =ROUND(J31*K31,0) -> 0 | O31: =ROUND(M31*N31,0) -> 0 | R31: =ROUND(P31*Q31,0) -> 0 | U31: =ROUND(S31*T31,0) -> 0 | W31: =F31+I31+L31+O31+R31+U31 -> 0
B32: Total Fringe Benefit Costs | F32: =SUM(F30:F31) -> 0 | I32: =SUM(I30:I31) -> 0 | L32: =ROUND(J32*K32,0) -> 0 | O32: =SUM(O30:O31) -> 0 | R32: =SUM(R30:R31) -> 0 | U32: =SUM(U30:U31) -> 0 | W32: =F32+I32+L32+O32+R32+U32 -> 0
A33: Labor Overhead (O/H) (See Escalation and Indirect Rate Worksheet)
B34: Insert O/H rate title | D34: =F28+F32 -> 0 | F34: =ROUND(D34*E34,0) -> 0 | G34: =I28+I32 -> 0 | I34: =ROUND(G34*H34,0) -> 0 | J34: =L28+L32 -> 0 | L34: =ROUND(J34*K34,0) -> 0 | M34: =O28+O32 -> 0 | O34: =ROUND(M34*N34,0) -> 0 | P34: =R28+R32 -> 0 | R34: =ROUND(P34*Q34,0) -> 0 | S34: =U28+U32 -> 0 | U34: =ROUND(S34*T34,0) -> 0 | W34: =F34+I34+L34+O34+R34+U34 -> 0
B35: Insert line(s) & title(s) for any other O/H rates | F35: =ROUND(D35*E35,0) -> 0 | I35: =ROUND(G35*H35,0) -> 0 | L35: =ROUND(J35*K35,0) -> 0 | O35: =ROUND(M35*N35,0) -> 0 | R35: =ROUND(P35*Q35,0) -> 0 | U35: =ROUND(S35*T35,0) -> 0 | W35: =F35+I35+L35+O35+R35+U35 -> 0
B36: Total Labor Overhead Costs | F36: =SUM(F34:F35) -> 0 | I36: =SUM(I34:I35) -> 0 | L36: =SUM(L34:L35) -> 0 | O36: =SUM(O34:O35) -> 0 | R36: =SUM(R34:R35) -> 0 | U36: =SUM(U34:U35) -> 0 | W36: =F36+I36+L36+O36+R36+U36 -> 0
A37: Subcontracts/Interorganizational Transfer | C37: File/Tab Name or Link
B38: Subcontract/Interorganizational Name - #01 | C38: Identify Tab/File Name of Each Sub | F38: 0 | I38: 0 | L38: 0 | O38: 0 | R38: 0 | U38: 0 | W38: =F38+I38+L38+O38+R38+U38 -> 0
B39: Subcontract/Interorganizational Name - #02 | C39: Identify Tab/File Name of Each Sub | F39: 0 | I39: 0 | L39: 0 | O39: 0 | R39: 0 | U39: 0 | W39: =F39+I39+L39+O39+R39+U39 -> 0
B40: Subcontract/Interorganizational Name - #03 | C40: Identify Tab/File Name of Each Sub | F40: 0 | I40: 0 | L40: 0 | O40: 0 | R40: 0 | U40: 0 | W40: =F40+I40+L40+O40+R40+U40 -> 0
B41: Insert line(s) for any additional Subcontractors/Interorganizational | C41: Identify Tab/File Name of Each Sub | F41: 0 | I41: 0 | L41: 0 | O41: 0 | R41: 0 | U41: 0 | W41: =F41+I41+L41+O41+R41+U41 -> 0
B42: Total Subcontract Costs | F42: =SUM(F38:F41) -> 0 | I42: =SUM(I38:I41) -> 0 | L42: =SUM(L38:L41) -> 0 | O42: =SUM(O38:O41) -> 0 | R42: =SUM(R38:R41) -> 0 | U42: =SUM(U38:U41) -> 0 | W42: =F42+I42+L42+O42+R42+U42 -> 0
A43: Consultants
B44: Consultant Name - #01 | C44: Provide details on next Worksheet | F44: =ROUND(D44*E44,0) -> 0 | I44: =ROUND(G44*H44,0) -> 0 | L44: =ROUND(J44*K44,0) -> 0 | O44: =ROUND(M44*N44,0) -> 0 | R44: =ROUND(P44*Q44,0) -> 0 | U44: =ROUND(S44*T44,0) -> 0 | W44: =F44+I44+L44+O44+R44+U44 -> 0
B45: Consultant Name - #02 | C45: Provide details on next Worksheet | F45: =ROUND(D45*E45,0) -> 0 | I45: =ROUND(G45*H45,0) -> 0 | L45: =ROUND(J45*K45,0) -> 0 | O45: =ROUND(M45*N45,0) -> 0 | R45: =ROUND(P45*Q45,0) -> 0 | U45: =ROUND(S45*T45,0) -> 0 | W45: =F45+I45+L45+O45+R45+U45 -> 0
B46: Consultant Name - #03 | C46: Provide details on next Worksheet | F46: =ROUND(D46*E46,0) -> 0 | I46: =ROUND(G46*H46,0) -> 0 | L46: =ROUND(J46*K46,0) -> 0 | O46: =ROUND(M46*N46,0) -> 0 | R46: =ROUND(P46*Q46,0) -> 0 | U46: =ROUND(S46*T46,0) -> 0 | W46: =F46+I46+L46+O46+R46+U46 -> 0
B47: Insert line(s) for any additional Consultants | C47: Provide details on next Worksheet | F47: =ROUND(D47*E47,0) -> 0 | I47: =ROUND(G47*H47,0) -> 0 | L47: =ROUND(J47*K47,0) -> 0 | O47: =ROUND(M47*N47,0) -> 0 | R47: =ROUND(P47*Q47,0) -> 0 | U47: =ROUND(S47*T47,0) -> 0 | W47: =F47+I47+L47+O47+R47+U47 -> 0
B48: Total Consultant Costs | F48: =SUM(F44:F47) -> 0 | I48: =SUM(I44:I47) -> 0 | L48: =SUM(L44:L47) -> 0 | O48: =SUM(O44:O47) -> 0 | R48: =SUM(R44:R47) -> 0 | U48: =SUM(U44:U47) -> 0 | W48: =F48+I48+L48+O48+R48+U48 -> 0
A49: Other Direct Costs
B50: Materials/Supplies | C50: Provide details on next Worksheet | F50: 0 | I50: 0 | L50: 0 | O50: 0 | R50: 0 | U50: 0 | W50: =F50+I50+L50+O50+R50+U50 -> 0
B51: Equipment | C51: Provide details on next Worksheet | F51: 0 | I51: 0 | L51: 0 | O51: 0 | R51: 0 | U51: 0 | W51: =F51+I51+L51+O51+R51+U51 -> 0
B52: Travel | C52: Provide details on next Worksheet | F52: 0 | I52: 0 | L52: 0 | O52: 0 | R52: 0 | U52: 0 | W52: =F52+I52+L52+O52+R52+U52 -> 0
B53: Insert line(s) for any other types of ODCs | C53: Provide details on next Worksheet | F53: 0 | I53: 0 | L53: 0 | O53: 0 | R53: 0 | U53: 0 | W53: =F53+I53+L53+O53+R53+U53 -> 0
B54: Total Other Direct Costs | F54: =SUM(F50:F53) -> 0 | I54: =SUM(I50:I53) -> 0 | L54: =SUM(L50:L53) -> 0 | O54: =SUM(O50:O53) -> 0 | R54: =SUM(R50:R53) -> 0 | U54: =SUM(U50:U53) -> 0 | W54: =F54+I54+L54+O54+R54+U54 -> 0
A55: Material Handling (M/H O/H) (See Escalation and Indirect Rate Worksheet)
B56: Insert M/H O/H rate title | D56: 0 | F56: =ROUND(D56*E56,0) -> 0 | G56: 0 | I56: =ROUND(G56*H56,0) -> 0 | J56: 0 | L56: =ROUND(J56*K56,0) -> 0 | M56: 0 | O56: =ROUND(M56*N56,0) -> 0 | P56: 0 | R56: =ROUND(P56*Q56,0) -> 0 | S56: 0 | U56: =ROUND(S56*T56,0) -> 0 | W56: =F56+I56+L56+O56+R56+U56 -> 0
B57: Insert line(s) & title(s) for any other M/H O/H rates | F57: =ROUND(D57*E57,0) -> 0 | I57: =ROUND(G57*H57,0) -> 0 | L57: =ROUND(J57*K57,0) -> 0 | O57: =ROUND(M57*N57,0) -> 0 | R57: =ROUND(P57*Q57,0) -> 0 | U57: =ROUND(S57*T57,0) -> 0 | W57: =F57+I57+L57+O57+R57+U57 -> 0
B58: Total Material Handling Costs | F58: =SUM(F56:F57) -> 0 | I58: =SUM(I56:I57) -> 0 | L58: =SUM(L56:L57) -> 0 | O58: =SUM(O56:O57) -> 0 | R58: =SUM(R56:R57) -> 0 | U58: =SUM(U56:U57) -> 0 | W58: =F58+I58+L58+O58+R58+U58 -> 0
A59: Subtotal Costs | F59: =F28+F32+F36+F42+F48+F54+F58 -> 0 | I59: =I28+I32+I36+I42+I48+I54+I58 -> 0 | L59: =L28+L32+L36+L42+L48+L54+L58 -> 0 | O59: =O28+O32+O36+O42+O48+O54+O58 -> 0 | R59: =R28+R32+R36+R42+R48+R54+R58 -> 0 | U59: =U28+U32+U36+U42+U48+U54+U58 -> 0 | W59: =F59+I59+L59+O59+R59+U59 -> 0
A60: General and Administrative (G&A) (See Escalation and Indirect Rate Worksheet)
B61: Insert G&A rate title | D61: =F28+F32+F36+F42+F48+F54+F58 -> 0 | F61: =ROUND(D61*E61,0) -> 0 | G61: =I28+I32+I36+I42+I48+I54+I58 -> 0 | I61: =ROUND(G61*H61,0) -> 0 | J61: =L28+L32+L36+L42+L48+L54+L58 -> 0 | L61: =ROUND(J61*K61,0) -> 0 | M61: =O28+O32+O36+O42+O48+O54+O58 -> 0 | O61: =ROUND(M61*N61,0) -> 0 | P61: =R28+R32+R36+R42+R48+R54+R58 -> 0 | R61: =ROUND(P61*Q61,0) -> 0 | S61: =U28+U32+U36+U42+U48+U54+U58 -> 0 | U61: =ROUND(S61*T61,0) -> 0 | W61: =F61+I61+L61+O61+R61+U61 -> 0
B62: Insert line(s) & title(s) for any other G&A rates | F62: =ROUND(D62*E62,0) -> 0 | I62: =ROUND(G62*H62,0) -> 0 | L62: =ROUND(J62*K62,0) -> 0 | O62: =ROUND(M62*N62,0) -> 0 | R62: =ROUND(P62*Q62,0) -> 0 | U62: =ROUND(S62*T62,0) -> 0 | W62: =F62+I62+L62+O62+R62+U62 -> 0
B63: Total G&A Costs | F63: =SUM(F61:F62) -> 0 | I63: =SUM(I61:I62) -> 0 | L63: =SUM(L61:L62) -> 0 | O63: =SUM(O61:O62) -> 0 | R63: =SUM(R61:R62) -> 0 | U63: =SUM(U61:U62) -> 0 | W63: =F63+I63+L63+O63+R63+U63 -> 0
A64: Subtotal Costs | F64: =F28+F32+F36+F42+F48+F54+F58+F63 -> 0 | I64: =I28+I32+I36+I42+I48+I54+I58+I63 -> 0 | L64: =L28+L32+L36+L42+L48+L54+L58+L63 -> 0 | O64: =O28+O32+O36+O42+O48+O54+O58+O63 -> 0 | R64: =R28+R32+R36+R42+R48+R54+R58+R63 -> 0 | U64: =U28+U32+U36+U42+U48+U54+U58+U63 -> 0 | W64: =F64+I64+L64+O64+R64+U64 -> 0
A65: Facilities Cost of Money (COM) (See Escalation and Indirect Rate Worksheet)
B66: Insert COM rate title | D66: =0 -> 0 | F66: =ROUND(D66*E66,0) -> 0 | G66: =0 -> 0 | I66: =ROUND(G66*H66,0) -> 0 | J66: =0 -> 0 | L66: =ROUND(J66*K66,0) -> 0 | M66: =0 -> 0 | O66: =ROUND(M66*N66,0) -> 0 | P66: =0 -> 0 | R66: =ROUND(P66*Q66,0) -> 0 | S66: =0 -> 0 | U66: =ROUND(S66*T66,0) -> 0 | W66: =F66+I66+L66+O66+R66+U66 -> 0
B67: Insert line(s) & title(s) for any other COM rates | F67: =ROUND(D67*E67,0) -> 0 | I67: =ROUND(G67*H67,0) -> 0 | L67: =ROUND(J67*K67,0) -> 0 | O67: =ROUND(M67*N67,0) -> 0 | R67: =ROUND(P67*Q67,0) -> 0 | U67: =ROUND(S67*T67,0) -> 0 | W67: =F67+I67+L67+O67+R67+U67 -> 0
B68: Total Cost of Money | F68: =SUM(F66:F67) -> 0 | I68: =SUM(I66:I67) -> 0 | L68: =SUM(L66:L67) -> 0 | O68: =SUM(O66:O67) -> 0 | R68: =SUM(R66:R67) -> 0 | U68: =SUM(U66:U67) -> 0 | W68: =F68+I68+L68+O68+R68+U68 -> 0
A69: Total Estimated Costs | F69: =ROUND(F64+F68,0) -> 0 | I69: =ROUND(I64+I68,0) -> 0 | L69: =ROUND(L64+L68,0) -> 0 | O69: =ROUND(O64+O68,0) -> 0 | R69: =ROUND(R64+R68,0) -> 0 | U69: =ROUND(U64+U68,0) -> 0 | W69: =F69+I69+L69+O69+R69+U69 -> 0
A70: Proposed Fee/Profit | C70: (Note 4) | D70: =F64-F52 -> 0 | F70: =ROUND(D70*E70,0) -> 0 | G70: =I64-I52 -> 0 | I70: =ROUND(G70*H70,0) -> 0 | J70: =L64-L52 -> 0 | L70: =ROUND(J70*K70,0) -> 0 | M70: =O64-O52 -> 0 | O70: =ROUND(M70*N70,0) -> 0 | P70: =R64-R52 -> 0 | R70: =ROUND(P70*Q70,0) -> 0 | S70: =U64-U52 -> 0 | U70: =ROUND(S70*T70,0) -> 0 | W70: =F70+I70+L70+O70+R70+U70 -> 0
A71: Total Proposed Cost | F71: =F69+F70 -> 0 | I71: =I69+I70 -> 0 | L71: =L69+L70 -> 0 | O71: =O69+O70 -> 0 | R71: =R69+R70 -> 0 | U71: =U69+U70 -> 0 | W71: =F71+I71+L71+O71+R71+U71 -> 0
B73: Note 1: Any proposed personnel in the technical proposal should be identified with their labor category.
B74: Note 2: Indicate the start and end date of Offeror's Fiscal Year/Calendar Year
B75: Note 3: The values under Total Direct Labor "hours/base" column indicate the total level of effort for the project for each labor category. The Offeror must define the split of hours between initial and subsequent rate years based on its FY or CY in the prior columns.
B76: Note 4: Profit or fee is not allowed on travel costs, direct costs for equipment, Government entities or cost share contracts. In addition, NCD utilizes DD Fom 1547 (DFARS 215.404-70) in calculating the Government objective for fee.

Sheet O-I
A1: Cost Proposal - Option
A2: Prime Offeror Name:
A3: Subcontractor Name:
E4: (NOTE 2) | H4: (NOTE 2) | K4: (NOTE 2) | N4: (NOTE 2) | Q4: (NOTE 2) | T4: (NOTE 2)
E5: CY/FY 11 or 12 | H5: CY/FY 12 or 13 | K5: CY/FY 13 or 14 | N5: CY/FY 14 or 15 | Q5: CY/FY 15 or 16 | T5: CY/FY 16 or 17 | V5: Total
A6: Direct Labor (DL) (Note 1) | E6: MM/YR to MM/YR | H6: MM/YR to MM/YR | K6: MM/YR to MM/YR | N6: MM/YR to MM/YR | Q6: MM/YR to MM/YR | T6: MM/YR to MM/YR | V6: (NOTE 3) | W6: X-Months
B7: Offeror's Labor Category (NOTE 1) | C7: Name (Last, First) | D7: Base/Hours | E7: Rate | F7: Extended $ | G7: Base/Hours | H7: Rate | I7: Extended $ | J7: Base/Hours | K7: Rate | L7: Extended $ | M7: Base/Hours | N7: Rate | O7: Extended $ | P7: Base/Hours | Q7: Rate | R7: Extended $ | S7: Base/Hours | T7: Rate | U7: Extended $ | V7: Base/Hours | W7: Extended $
F8: =ROUND(D8*E8,0) -> 0 | I8: =ROUND(G8*H8,0) -> 0 | L8: =ROUND(J8*K8,0) -> 0 | O8: =ROUND(M8*N8,0) -> 0 | R8: =ROUND(P8*Q8,0) -> 0 | U8: =ROUND(S8*T8,0) -> 0 | V8: =D8+G8+J8+M8+P8+S8 -> 0 | W8: =F8+I8+L8+O8+R8+U8 -> 0
F9: =ROUND(D9*E9,0) -> 0 | I9: =ROUND(G9*H9,0) -> 0 | L9: =ROUND(J9*K9,0) -> 0 | O9: =ROUND(M9*N9,0) -> 0 | R9: =ROUND(P9*Q9,0) -> 0 | U9: =ROUND(S9*T9,0) -> 0 | V9: =D9+G9+J9+M9+P9+S9 -> 0 | W9: =F9+I9+L9+O9+R9+U9 -> 0
F10: =ROUND(D10*E10,0) -> 0 | I10: =ROUND(G10*H10,0) -> 0 | L10: =ROUND(J10*K10,0) -> 0 | O10: =ROUND(M10*N10,0) -> 0 | R10: =ROUND(P10*Q10,0) -> 0 | U10: =ROUND(S10*T10,0) -> 0 | V10: =D10+G10+J10+M10+P10+S10 -> 0 | W10: =F10+I10+L10+O10+R10+U10 -> 0
F11: =ROUND(D11*E11,0) -> 0 | I11: =ROUND(G11*H11,0) -> 0 | L11: =ROUND(J11*K11,0) -> 0 | O11: =ROUND(M11*N11,0) -> 0 | R11: =ROUND(P11*Q11,0) -> 0 | U11: =ROUND(S11*T11,0) -> 0 | V11: =D11+G11+J11+M11+P11+S11 -> 0 | W11: =F11+I11+L11+O11+R11+U11 -> 0
F12: =ROUND(D12*E12,0) -> 0 | I12: =ROUND(G12*H12,0) -> 0 | L12: =ROUND(J12*K12,0) -> 0 | O12: =ROUND(M12*N12,0) -> 0 | R12: =ROUND(P12*Q12,0) -> 0 | U12: =ROUND(S12*T12,0) -> 0 | V12: =D12+G12+J12+M12+P12+S12 -> 0 | W12: =F12+I12+L12+O12+R12+U12 -> 0
F13: =ROUND(D13*E13,0) -> 0 | I13: =ROUND(G13*H13,0) -> 0 | L13: =ROUND(J13*K13,0) -> 0 | O13: =ROUND(M13*N13,0) -> 0 | R13: =ROUND(P13*Q13,0) -> 0 | U13: =ROUND(S13*T13,0) -> 0 | V13: =D13+G13+J13+M13+P13+S13 -> 0 | W13: =F13+I13+L13+O13+R13+U13 -> 0
F14: =ROUND(D14*E14,0) -> 0 | I14: =ROUND(G14*H14,0) -> 0 | L14: =ROUND(J14*K14,0) -> 0 | O14: =ROUND(M14*N14,0) -> 0 | R14: =ROUND(P14*Q14,0) -> 0 | U14: =ROUND(S14*T14,0) -> 0 | V14: =D14+G14+J14+M14+P14+S14 -> 0 | W14: =F14+I14+L14+O14+R14+U14 -> 0
F15: =ROUND(D15*E15,0) -> 0 | I15: =ROUND(G15*H15,0) -> 0 | L15: =ROUND(J15*K15,0) -> 0 | O15: =ROUND(M15*N15,0) -> 0 | R15: =ROUND(P15*Q15,0) -> 0 | U15: =ROUND(S15*T15,0) -> 0 | V15: =D15+G15+J15+M15+P15+S15 -> 0 | W15: =F15+I15+L15+O15+R15+U15 -> 0
F16: =ROUND(D16*E16,0) -> 0 | I16: =ROUND(G16*H16,0) -> 0 | L16: =ROUND(J16*K16,0) -> 0 | O16: =ROUND(M16*N16,0) -> 0 | R16: =ROUND(P16*Q16,0) -> 0 | U16: =ROUND(S16*T16,0) -> 0 | V16: =D16+G16+J16+M16+P16+S16 -> 0 | W16: =F16+I16+L16+O16+R16+U16 -> 0
F17: =ROUND(D17*E17,0) -> 0 | I17: =ROUND(G17*H17,0) -> 0 | L17: =ROUND(J17*K17,0) -> 0 | O17: =ROUND(M17*N17,0) -> 0 | R17: =ROUND(P17*Q17,0) -> 0 | U17: =ROUND(S17*T17,0) -> 0 | V17: =D17+G17+J17+M17+P17+S17 -> 0 | W17: =F17+I17+L17+O17+R17+U17 -> 0
F18: =ROUND(D18*E18,0) -> 0 | I18: =ROUND(G18*H18,0) -> 0 | L18: =ROUND(J18*K18,0) -> 0 | O18: =ROUND(M18*N18,0) -> 0 | R18: =ROUND(P18*Q18,0) -> 0 | U18: =ROUND(S18*T18,0) -> 0 | V18: =D18+G18+J18+M18+P18+S18 -> 0 | W18: =F18+I18+L18+O18+R18+U18 -> 0
F19: =ROUND(D19*E19,0) -> 0 | I19: =ROUND(G19*H19,0) -> 0 | L19: =ROUND(J19*K19,0) -> 0 | O19: =ROUND(M19*N19,0) -> 0 | R19: =ROUND(P19*Q19,0) -> 0 | U19: =ROUND(S19*T19,0) -> 0 | V19: =D19+G19+J19+M19+P19+S19 -> 0 | W19: =F19+I19+L19+O19+R19+U19 -> 0
... F27: =ROUND(D27*E27,0) -> 0 | I27: =ROUND(G27*H27,0) -> 0 | L27: =ROUND(J27*K27,0) -> 0 | O27: =ROUND(M27*N27,0) -> 0 | R27: =ROUND(P27*Q27,0) -> 0 | U27: =ROUND(S27*T27,0) -> 0 | V27: =D27+G27+J27+M27+P27+S27 -> 0 | W27: =F27+I27+L27+O27+R27+U27 -> 0
B28: Total Direct Labor Costs | D28: =SUM(D8:D27) -> 0 | F28: =SUM(F8:F27) -> 0 | G28: =SUM(G8:G27) -> 0 | I28: =SUM(I8:I27) -> 0 | J28: =SUM(J8:J27) -> 0 | L28: =SUM(L8:L27) -> 0 | M28: =SUM(M8:M27) -> 0 | O28: =SUM(O8:O27) -> 0 | P28: =SUM(P8:P27) -> 0 | R28: =SUM(R8:R27) -> 0 | S28: =SUM(S8:S27) -> 0 | U28: =SUM(U8:U27) -> 0 | V28: =SUM(V8:V27) -> 0 | W28: =F28+I28+L28+O28+R28+U28 -> 0
A29: Fringe Benefits (F/B) (See Escalation and Indirect Rate Worksheet)
B30: Insert F/B rate title | D30: =F28 -> 0 | F30: =ROUND(D30*E30,0) -> 0 | G30: =I28 -> 0 | I30: =ROUND(G30*H30,0) -> 0 | J30: =L28 -> 0 | L30: =ROUND(J30*K30,0) -> 0 | M30: =O28 -> 0 | O30: =ROUND(M30*N30,0) -> 0 | P30: =R28 -> 0 | R30: =ROUND(P30*Q30,0) -> 0 | S30: =U28 -> 0 | U30: =ROUND(S30*T30,0) -> 0 | W30: =F30+I30+L30+O30+R30+U30 -> 0
B31: Insert line(s) & title(s) for any other F/B rates | F31: =ROUND(D31*E31,0) -> 0 | I31: =ROUND(G31*H31,0) -> 0 | L31: =ROUND(J31*K31,0) -> 0 | O31: =ROUND(M31*N31,0) -> 0 | R31: =ROUND(P31*Q31,0) -> 0 | U31: =ROUND(S31*T31,0) -> 0 | W31: =F31+I31+L31+O31+R31+U31 -> 0
B32: Total Fringe Benefit Costs | F32: =SUM(F30:F31) -> 0 | I32: =SUM(I30:I31) -> 0 | L32: =ROUND(J32*K32,0) -> 0 | O32: =SUM(O30:O31) -> 0 | R32: =SUM(R30:R31) -> 0 | U32: =SUM(U30:U31) -> 0 | W32: =F32+I32+L32+O32+R32+U32 -> 0
A33: Labor Overhead (O/H) (See Escalation and Indirect Rate Worksheet)
B34: Insert O/H rate title | D34: =F28+F32 -> 0 | F34: =ROUND(D34*E34,0) -> 0 | G34: =I28+I32 -> 0 | I34: =ROUND(G34*H34,0) -> 0 | J34: =L28+L32 -> 0 | L34: =ROUND(J34*K34,0) -> 0 | M34: =O28+O32 -> 0 | O34: =ROUND(M34*N34,0) -> 0 | P34: =R28+R32 -> 0 | R34: =ROUND(P34*Q34,0) -> 0 | S34: =U28+U32 -> 0 | U34: =ROUND(S34*T34,0) -> 0 | W34: =F34+I34+L34+O34+R34+U34 -> 0
B35: Insert line(s) & title(s) for any other O/H rates | F35: =ROUND(D35*E35,0) -> 0 | I35: =ROUND(G35*H35,0) -> 0 | L35: =ROUND(J35*K35,0) -> 0 | O35: =ROUND(M35*N35,0) -> 0 | R35: =ROUND(P35*Q35,0) -> 0 | U35: =ROUND(S35*T35,0) -> 0 | W35: =F35+I35+L35+O35+R35+U35 -> 0
B36: Total Labor Overhead Costs | F36: =SUM(F34:F35) -> 0 | I36: =SUM(I34:I35) -> 0 | L36: =SUM(L34:L35) -> 0 | O36: =SUM(O34:O35) -> 0 | R36: =SUM(R34:R35) -> 0 | U36: =SUM(U34:U35) -> 0 | W36: =F36+I36+L36+O36+R36+U36 -> 0
A37: Subcontracts/Interorganizational Transfer | C37: File/Tab Name or Link
B38: Subcontract/Interorganizational Name - #01 | C38: Identify Tab/File Name of Each Sub | F38: 0 | I38: 0 | L38: 0 | O38: 0 | R38: 0 | U38: 0 | W38: =F38+I38+L38+O38+R38+U38 -> 0
B39: Subcontract/Interorganizational Name - #02 | C39: Identify Tab/File Name of Each Sub | F39: 0 | I39: 0 | L39: 0 | O39: 0 | R39: 0 | U39: 0 | W39: =F39+I39+L39+O39+R39+U39 -> 0
B40: Subcontract/Interorganizational Name - #03 | C40: Identify Tab/File Name of Each Sub | F40: 0 | I40: 0 | L40: 0 | O40: 0 | R40: 0 | U40: 0 | W40: =F40+I40+L40+O40+R40+U40 -> 0
B41: Insert line(s) for any additional Subcontractors/Interorganizational | C41: Identify Tab/File Name of Each Sub | F41: 0 | I41: 0 | L41: 0 | O41: 0 | R41: 0 | U41: 0 | W41: =F41+I41+L41+O41+R41+U41 -> 0
B42: Total Subcontract Costs | F42: =SUM(F38:F41) -> 0 | I42: =SUM(I38:I41) -> 0 | L42: =SUM(L38:L41) -> 0 | O42: =SUM(O38:O41) -> 0 | R42: =SUM(R38:R41) -> 0 | U42: =SUM(U38:U41) -> 0 | W42: =F42+I42+L42+O42+R42+U42 -> 0
A43: Consultants
B44: Consultant Name - #01 | C44: Provide details on next Worksheet | F44: =ROUND(D44*E44,0) -> 0 | I44: =ROUND(G44*H44,0) -> 0 | L44: =ROUND(J44*K44,0) -> 0 | O44: =ROUND(M44*N44,0) -> 0 | R44: =ROUND(P44*Q44,0) -> 0 | U44: =ROUND(S44*T44,0) -> 0 | W44: =F44+I44+L44+O44+R44+U44 -> 0
B45: Consultant Name - #02 | C45: Provide details on next Worksheet | F45: =ROUND(D45*E45,0) -> 0 | I45: =ROUND(G45*H45,0) -> 0 | L45: =ROUND(J45*K45,0) -> 0 | O45: =ROUND(M45*N45,0) -> 0 | R45: =ROUND(P45*Q45,0) -> 0 | U45: =ROUND(S45*T45,0) -> 0 | W45: =F45+I45+L45+O45+R45+U45 -> 0
B46: Consultant Name - #03 | C46: Provide details on next Worksheet | F46: =ROUND(D46*E46,0) -> 0 | I46: =ROUND(G46*H46,0) -> 0 | L46: =ROUND(J46*K46,0) -> 0 | O46: =ROUND(M46*N46,0) -> 0 | R46: =ROUND(P46*Q46,0) -> 0 | U46: =ROUND(S46*T46,0) -> 0 | W46: =F46+I46+L46+O46+R46+U46 -> 0
B47: Insert line(s) for any additional Consultants | C47: Provide details on next Worksheet | F47: =ROUND(D47*E47,0) -> 0 | I47: =ROUND(G47*H47,0) -> 0 | L47: =ROUND(J47*K47,0) -> 0 | O47: =ROUND(M47*N47,0) -> 0 | R47: =ROUND(P47*Q47,0) -> 0 | U47: =ROUND(S47*T47,0) -> 0 | W47: =F47+I47+L47+O47+R47+U47 -> 0
B48: Total Consultant Costs | F48: =SUM(F44:F47) -> 0 | I48: =SUM(I44:I47) -> 0 | L48: =SUM(L44:L47) -> 0 | O48: =SUM(O44:O47) -> 0 | R48: =SUM(R44:R47) -> 0 | U48: =SUM(U44:U47) -> 0 | W48: =F48+I48+L48+O48+R48+U48 -> 0
A49: Other Direct Costs
B50: Materials/Supplies | C50: Provide details on next Worksheet | F50: 0 | I50: 0 | L50: 0 | O50: 0 | R50: 0 | U50: 0 | W50: =F50+I50+L50+O50+R50+U50 -> 0
B51: Equipment | C51: Provide details on next Worksheet | F51: 0 | I51: 0 | L51: 0 | O51: 0 | R51: 0 | U51: 0 | W51: =F51+I51+L51+O51+R51+U51 -> 0
B52: Travel | C52: Provide details on next Worksheet | F52: 0 | I52: 0 | L52: 0 | O52: 0 | R52: 0 | U52: 0 | W52: =F52+I52+L52+O52+R52+U52 -> 0
B53: Insert line(s) for any other types of ODCs | C53: Provide details on next Worksheet | F53: 0 | I53: 0 | L53: 0 | O53: 0 | R53: 0 | U53: 0 | W53: =F53+I53+L53+O53+R53+U53 -> 0
B54: Total Other Direct Costs | F54: =SUM(F50:F53) -> 0 | I54: =SUM(I50:I53) -> 0 | L54: =SUM(L50:L53) -> 0 | O54: =SUM(O50:O53) -> 0 | R54: =SUM(R50:R53) -> 0 | U54: =SUM(U50:U53) -> 0 | W54: =F54+I54+L54+O54+R54+U54 -> 0
A55: Material Handling (M/H O/H) (See Escalation and Indirect Rate Worksheet)
B56: Insert M/H O/H rate title | D56: 0 | F56: =ROUND(D56*E56,0) -> 0 | G56: 0 | I56: =ROUND(G56*H56,0) -> 0 | J56: 0 | L56: =ROUND(J56*K56,0) -> 0 | M56: 0 | O56: =ROUND(M56*N56,0) -> 0 | P56: 0 | R56: =ROUND(P56*Q56,0) -> 0 | S56: 0 | U56: =ROUND(S56*T56,0) -> 0 | W56: =F56+I56+L56+O56+R56+U56 -> 0
B57: Insert line(s) & title(s) for any other M/H O/H rates | F57: =ROUND(D57*E57,0) -> 0 | I57: =ROUND(G57*H57,0) -> 0 | L57: =ROUND(J57*K57,0) -> 0 | O57: =ROUND(M57*N57,0) -> 0 | R57: =ROUND(P57*Q57,0) -> 0 | U57: =ROUND(S57*T57,0) -> 0 | W57: =F57+I57+L57+O57+R57+U57 -> 0
B58: Total Material Handling Costs | F58: =SUM(F56:F57) -> 0 | I58: =SUM(I56:I57) -> 0 | L58: =SUM(L56:L57) -> 0 | O58: =SUM(O56:O57) -> 0 | R58: =SUM(R56:R57) -> 0 | U58: =SUM(U56:U57) -> 0 | W58: =F58+I58+L58+O58+R58+U58 -> 0
A59: Subtotal Costs | F59: =F28+F32+F36+F42+F48+F54+F58 -> 0 | I59: =I28+I32+I36+I42+I48+I54+I58 -> 0 | L59: =L28+L32+L36+L42+L48+L54+L58 -> 0 | O59: =O28+O32+O36+O42+O48+O54+O58 -> 0 | R59: =R28+R32+R36+R42+R48+R54+R58 -> 0 | U59: =U28+U32+U36+U42+U48+U54+U58 -> 0 | W59: =F59+I59+L59+O59+R59+U59 -> 0
A60: General and Administrative (G&A) (See Escalation and Indirect Rate Worksheet)
B61: Insert G&A rate title | D61: =F28+F32+F36+F42+F48+F54+F58 -> 0 | F61: =ROUND(D61*E61,0) -> 0 | G61: =I28+I32+I36+I42+I48+I54+I58 -> 0 | I61: =ROUND(G61*H61,0) -> 0 | J61: =L28+L32+L36+L42+L48+L54+L58 -> 0 | L61: =ROUND(J61*K61,0) -> 0 | M61: =O28+O32+O36+O42+O48+O54+O58 -> 0 | O61: =ROUND(M61*N61,0) -> 0 | P61: =R28+R32+R36+R42+R48+R54+R58 -> 0 | R61: =ROUND(P61*Q61,0) -> 0 | S61: =U28+U32+U36+U42+U48+U54+U58 -> 0 | U61: =ROUND(S61*T61,0) -> 0 | W61: =F61+I61+L61+O61+R61+U61 -> 0
B62: Insert line(s) & title(s) for any other G&A rates | F62: =ROUND(D62*E62,0) -> 0 | I62: =ROUND(G62*H62,0) -> 0 | L62: =ROUND(J62*K62,0) -> 0 | O62: =ROUND(M62*N62,0) -> 0 | R62: =ROUND(P62*Q62,0) -> 0 | U62: =ROUND(S62*T62,0) -> 0 | W62: =F62+I62+L62+O62+R62+U62 -> 0
B63: Total G&A Costs | F63: =SUM(F61:F62) -> 0 | I63: =SUM(I61:I62) -> 0 | L63: =SUM(L61:L62) -> 0 | O63: =SUM(O61:O62) -> 0 | R63: =SUM(R61:R62) -> 0 | U63: =SUM(U61:U62) -> 0 | W63: =F63+I63+L63+O63+R63+U63 -> 0
A64: Subtotal Costs | F64: =F28+F32+F36+F42+F48+F54+F58+F63 -> 0 | I64: =I28+I32+I36+I42+I48+I54+I58+I63 -> 0 | L64: =L28+L32+L36+L42+L48+L54+L58+L63 -> 0 | O64: =O28+O32+O36+O42+O48+O54+O58+O63 -> 0 | R64: =R28+R32+R36+R42+R48+R54+R58+R63 -> 0 | U64: =U28+U32+U36+U42+U48+U54+U58+U63 -> 0 | W64: =F64+I64+L64+O64+R64+U64 -> 0
A65: Facilities Cost of Money (COM) (See Escalation and Indirect Rate Worksheet)
B66: Insert COM rate title | D66: =0 -> 0 | F66: =ROUND(D66*E66,0) -> 0 | G66: =0 -> 0 | I66: =ROUND(G66*H66,0) -> 0 | J66: =0 -> 0 | L66: =ROUND(J66*K66,0) -> 0 | M66: =0 -> 0 | O66: =ROUND(M66*N66,0) -> 0 | P66: =0 -> 0 | R66: =ROUND(P66*Q66,0) -> 0 | S66: =0 -> 0 | U66: =ROUND(S66*T66,0) -> 0 | W66: =F66+I66+L66+O66+R66+U66 -> 0
B67: Insert line(s) & title(s) for any other COM rates | F67: =ROUND(D67*E67,0) -> 0 | I67: =ROUND(G67*H67,0) -> 0 | L67: =ROUND(J67*K67,0) -> 0 | O67: =ROUND(M67*N67,0) -> 0 | R67: =ROUND(P67*Q67,0) -> 0 | U67: =ROUND(S67*T67,0) -> 0 | W67: =F67+I67+L67+O67+R67+U67 -> 0
B68: Total Cost of Money | F68: =SUM(F66:F67) -> 0 | I68: =SUM(I66:I67) -> 0 | L68: =SUM(L66:L67) -> 0 | O68: =SUM(O66:O67) -> 0 | R68: =SUM(R66:R67) -> 0 | U68: =SUM(U66:U67) -> 0 | W68: =F68+I68+L68+O68+R68+U68 -> 0
A69: Total Estimated Costs | F69: =ROUND(F64+F68,0) -> 0 | I69: =ROUND(I64+I68,0) -> 0 | L69: =ROUND(L64+L68,0) -> 0 | O69: =ROUND(O64+O68,0) -> 0 | R69: =ROUND(R64+R68,0) -> 0 | U69: =ROUND(U64+U68,0) -> 0 | W69: =F69+I69+L69+O69+R69+U69 -> 0
A70: Proposed Fee/Profit | C70: (Note 4) | D70: =F64-F52 -> 0 | F70: =ROUND(D70*E70,0) -> 0 | G70: =I64-I52 -> 0 | I70: =ROUND(G70*H70,0) -> 0 | J70: =L64-L52 -> 0 | L70: =ROUND(J70*K70,0) -> 0 | M70: =O64-O52 -> 0 | O70: =ROUND(M70*N70,0) -> 0 | P70: =R64-R52 -> 0 | R70: =ROUND(P70*Q70,0) -> 0 | S70: =U64-U52 -> 0 | U70: =ROUND(S70*T70,0) -> 0 | W70: =F70+I70+L70+O70+R70+U70 -> 0
A71: Total Proposed Cost | F71: =F69+F70 -> 0 | I71: =I69+I70 -> 0 | L71: =L69+L70 -> 0 | O71: =O69+O70 -> 0 | R71: =R69+R70 -> 0 | U71: =U69+U70 -> 0 | W71: =F71+I71+L71+O71+R71+U71 -> 0
B73: Note 1: Any proposed personnel in the technical proposal should be identified with their labor category.
B74: Note 2: Indicate the start and end date of Offeror's Fiscal Year/Calendar Year
B75: Note 3: The values under Total Direct Labor "hours/base" column indicate the total level of effort for the project for each labor category. The Offeror must define the split of hours between initial and subsequent rate years based on its FY or CY in the prior columns.
B76: Note 4: Profit or fee is not allowed on material costs, direct costs for equipment, Government entities or cost share contracts. In addition, NCD utilizes DD Fom 1547 (DFARS 215.404-70) in calculating the Government objective for fee.

Sheet O-II
A1: Cost Proposal - Option
A2: Prime Offeror Name:
A3: Subcontractor Name:
E4: (NOTE 2) | H4: (NOTE 2) | K4: (NOTE 2) | N4: (NOTE 2) | Q4: (NOTE 2) | T4: (NOTE 2)
E5: CY/FY 11 or 12 | H5: CY/FY 12 or 13 | K5: CY/FY 13 or 14 | N5: CY/FY 14 or 15 | Q5: CY/FY 15 or 16 | T5: CY/FY 16 or 17 | V5: Total
A6: Direct Labor (DL) (Note 1) | E6: MM/YR to MM/YR | H6: MM/YR to MM/YR | K6: MM/YR to MM/YR | N6: MM/YR to MM/YR | Q6: MM/YR to MM/YR | T6: MM/YR to MM/YR | V6: (NOTE 3) | W6: X-Months
B7: Offeror's Labor Category (NOTE 1) | C7: Name (Last, First) | D7: Base/Hours | E7: Rate | F7: Extended $ | G7: Base/Hours | H7: Rate | I7: Extended $ | J7: Base/Hours | K7: Rate | L7: Extended $ | M7: Base/Hours | N7: Rate | O7: Extended $ | P7: Base/Hours | Q7: Rate | R7: Extended $ | S7: Base/Hours | T7: Rate | U7: Extended $ | V7: Base/Hours | W7: Extended $
F8: =ROUND(D8*E8,0) -> 0 | I8: =ROUND(G8*H8,0) -> 0 | L8: =ROUND(J8*K8,0) -> 0 | O8: =ROUND(M8*N8,0) -> 0 | R8: =ROUND(P8*Q8,0) -> 0 | U8: =ROUND(S8*T8,0) -> 0 | V8: =D8+G8+J8+M8+P8+S8 -> 0 | W8: =F8+I8+L8+O8+R8+U8 -> 0
F9: =ROUND(D9*E9,0) -> 0 | I9: =ROUND(G9*H9,0) -> 0 | L9: =ROUND(J9*K9,0) -> 0 | O9: =ROUND(M9*N9,0) -> 0 | R9: =ROUND(P9*Q9,0) -> 0 | U9: =ROUND(S9*T9,0) -> 0 | V9: =D9+G9+J9+M9+P9+S9 -> 0 | W9: =F9+I9+L9+O9+R9+U9 -> 0
F10: =ROUND(D10*E10,0) -> 0 | I10: =ROUND(G10*H10,0) -> 0 | L10: =ROUND(J10*K10,0) -> 0 | O10: =ROUND(M10*N10,0) -> 0 | R10: =ROUND(P10*Q10,0) -> 0 | U10: =ROUND(S10*T10,0) -> 0 | V10: =D10+G10+J10+M10+P10+S10 -> 0 | W10: =F10+I10+L10+O10+R10+U10 -> 0
F11: =ROUND(D11*E11,0) -> 0 | I11: =ROUND(G11*H11,0) -> 0 | L11: =ROUND(J11*K11,0) -> 0 | O11: =ROUND(M11*N11,0) -> 0 | R11: =ROUND(P11*Q11,0) -> 0 | U11: =ROUND(S11*T11,0) -> 0 | V11: =D11+G11+J11+M11+P11+S11 -> 0 | W11: =F11+I11+L11+O11+R11+U11 -> 0
F12: =ROUND(D12*E12,0) -> 0 | I12: =ROUND(G12*H12,0) -> 0 | L12: =ROUND(J12*K12,0) -> 0 | O12: =ROUND(M12*N12,0) -> 0 | R12: =ROUND(P12*Q12,0) -> 0 | U12: =ROUND(S12*T12,0) -> 0 | V12: =D12+G12+J12+M12+P12+S12 -> 0 | W12: =F12+I12+L12+O12+R12+U12 -> 0
F13: =ROUND(D13*E13,0) -> 0 | I13: =ROUND(G13*H13,0) -> 0 | L13: =ROUND(J13*K13,0) -> 0 | O13: =ROUND(M13*N13,0) -> 0 | R13: =ROUND(P13*Q13,0) -> 0 | U13: =ROUND(S13*T13,0) -> 0 | V13: =D13+G13+J13+M13+P13+S13 -> 0 | W13: =F13+I13+L13+O13+R13+U13 -> 0
F14: =ROUND(D14*E14,0) -> 0 | I14: =ROUND(G14*H14,0) -> 0 | L14: =ROUND(J14*K14,0) -> 0 | O14: =ROUND(M14*N14,0) -> 0 | R14: =ROUND(P14*Q14,0) -> 0 | U14: =ROUND(S14*T14,0) -> 0 | V14: =D14+G14+J14+M14+P14+S14 -> 0 | W14: =F14+I14+L14+O14+R14+U14 -> 0
F15: =ROUND(D15*E15,0) -> 0 | I15: =ROUND(G15*H15,0) -> 0 | L15: =ROUND(J15*K15,0) -> 0 | O15: =ROUND(M15*N15,0) -> 0 | R15: =ROUND(P15*Q15,0) -> 0 | U15: =ROUND(S15*T15,0) -> 0 | V15: =D15+G15+J15+M15+P15+S15 -> 0 | W15: =F15+I15+L15+O15+R15+U15 -> 0
F16: =ROUND(D16*E16,0) -> 0 | I16: =ROUND(G16*H16,0) -> 0 | L16: =ROUND(J16*K16,0) -> 0 | O16: =ROUND(M16*N16,0) -> 0 | R16: =ROUND(P16*Q16,0) -> 0 | U16: =ROUND(S16*T16,0) -> 0 | V16: =D16+G16+J16+M16+P16+S16 -> 0 | W16: =F16+I16+L16+O16+R16+U16 -> 0
F17: =ROUND(D17*E17,0) -> 0 | I17: =ROUND(G17*H17,0) -> 0 | L17: =ROUND(J17*K17,0) -> 0 | O17: =ROUND(M17*N17,0) -> 0 | R17: =ROUND(P17*Q17,0) -> 0 | U17: =ROUND(S17*T17,0) -> 0 | V17: =D17+G17+J17+M17+P17+S17 -> 0 | W17: =F17+I17+L17+O17+R17+U17 -> 0
F18: =ROUND(D18*E18,0) -> 0 | I18: =ROUND(G18*H18,0) -> 0 | L18: =ROUND(J18*K18,0) -> 0 | O18: =ROUND(M18*N18,0) -> 0 | R18: =ROUND(P18*Q18,0) -> 0 | U18: =ROUND(S18*T18,0) -> 0 | V18: =D18+G18+J18+M18+P18+S18 -> 0 | W18: =F18+I18+L18+O18+R18+U18 -> 0
F19: =ROUND(D19*E19,0) -> 0 | I19: =ROUND(G19*H19,0) -> 0 | L19: =ROUND(J19*K19,0) -> 0 | O19: =ROUND(M19*N19,0) -> 0 | R19: =ROUND(P19*Q19,0) -> 0 | U19: =ROUND(S19*T19,0) -> 0 | V19: =D19+G19+J19+M19+P19+S19 -> 0 | W19: =F19+I19+L19+O19+R19+U19 -> 0
... F27: =ROUND(D27*E27,0) -> 0 | I27: =ROUND(G27*H27,0) -> 0 | L27: =ROUND(J27*K27,0) -> 0 | O27: =ROUND(M27*N27,0) -> 0 | R27: =ROUND(P27*Q27,0) -> 0 | U27: =ROUND(S27*T27,0) -> 0 | V27: =D27+G27+J27+M27+P27+S27 -> 0 | W27: =F27+I27+L27+O27+R27+U27 -> 0
B28: Total Direct Labor Costs | D28: =SUM(D8:D27) -> 0 | F28: =SUM(F8:F27) -> 0 | G28: =SUM(G8:G27) -> 0 | I28: =SUM(I8:I27) -> 0 | J28: =SUM(J8:J27) -> 0 | L28: =SUM(L8:L27) -> 0 | M28: =SUM(M8:M27) -> 0 | O28: =SUM(O8:O27) -> 0 | P28: =SUM(P8:P27) -> 0 | R28: =SUM(R8:R27) -> 0 | S28: =SUM(S8:S27) -> 0 | U28: =SUM(U8:U27) -> 0 | V28: =SUM(V8:V27) -> 0 | W28: =F28+I28+L28+O28+R28+U28 -> 0
A29: Fringe Benefits (F/B) (See Escalation and Indirect Rate Worksheet)
B30: Insert F/B rate title | D30: =F28 -> 0 | F30: =ROUND(D30*E30,0) -> 0 | G30: =I28 -> 0 | I30: =ROUND(G30*H30,0) -> 0 | J30: =L28 -> 0 | L30: =ROUND(J30*K30,0) -> 0 | M30: =O28 -> 0 | O30: =ROUND(M30*N30,0) -> 0 | P30: =R28 -> 0 | R30: =ROUND(P30*Q30,0) -> 0 | S30: =U28 -> 0 | U30: =ROUND(S30*T30,0) -> 0 | W30: =F30+I30+L30+O30+R30+U30 -> 0
B31: Insert line(s) & title(s) for any other F/B rates | F31: =ROUND(D31*E31,0) -> 0 | I31: =ROUND(G31*H31,0) -> 0 | L31: =ROUND(J31*K31,0) -> 0 | O31: =ROUND(M31*N31,0) -> 0 | R31: =ROUND(P31*Q31,0) -> 0 | U31: =ROUND(S31*T31,0) -> 0 | W31: =F31+I31+L31+O31+R31+U31 -> 0
B32: Total Fringe Benefit Costs | F32: =SUM(F30:F31) -> 0 | I32: =SUM(I30:I31) -> 0 | L32: =ROUND(J32*K32,0) -> 0 | O32: =SUM(O30:O31) -> 0 | R32: =SUM(R30:R31) -> 0 | U32: =SUM(U30:U31) -> 0 | W32: =F32+I32+L32+O32+R32+U32 -> 0
A33: Labor Overhead (O/H) (See Escalation and Indirect Rate Worksheet)
B34: Insert O/H rate title | D34: =F28+F32 -> 0 | F34: =ROUND(D34*E34,0) -> 0 | G34: =I28+I32 -> 0 | I34: =ROUND(G34*H34,0) -> 0 | J34: =L28+L32 -> 0 | L34: =ROUND(J34*K34,0) -> 0 | M34: =O28+O32 -> 0 | O34: =ROUND(M34*N34,0) -> 0 | P34: =R28+R32 -> 0 | R34: =ROUND(P34*Q34,0) -> 0 | S34: =U28+U32 -> 0 | U34: =ROUND(S34*T34,0) -> 0 | W34: =F34+I34+L34+O34+R34+U34 -> 0
B35: Insert line(s) & title(s) for any other O/H rates | F35: =ROUND(D35*E35,0) -> 0 | I35: =ROUND(G35*H35,0) -> 0 | L35: =ROUND(J35*K35,0) -> 0 | O35: =ROUND(M35*N35,0) -> 0 | R35: =ROUND(P35*Q35,0) -> 0 | U35: =ROUND(S35*T35,0) -> 0 | W35: =F35+I35+L35+O35+R35+U35 -> 0
B36: Total Labor Overhead Costs | F36: =SUM(F34:F35) -> 0 | I36: =SUM(I34:I35) -> 0 | L36: =SUM(L34:L35) -> 0 | O36: =SUM(O34:O35) -> 0 | R36: =SUM(R34:R35) -> 0 | U36: =SUM(U34:U35) -> 0 | W36: =F36+I36+L36+O36+R36+U36 -> 0
A37: Subcontracts/Interorganizational Transfer | C37: File/Tab Name or Link
B38: Subcontract/Interorganizational Name - #01 | C38: Identify Tab/File Name of Each Sub | F38: 0 | I38: 0 | L38: 0 | O38: 0 | R38: 0 | U38: 0 | W38: =F38+I38+L38+O38+R38+U38 -> 0
B39: Subcontract/Interorganizational Name - #02 | C39: Identify Tab/File Name of Each Sub | F39: 0 | I39: 0 | L39: 0 | O39: 0 | R39: 0 | U39: 0 | W39: =F39+I39+L39+O39+R39+U39 -> 0
B40: Subcontract/Interorganizational Name - #03 | C40: Identify Tab/File Name of Each Sub | F40: 0 | I40: 0 | L40: 0 | O40: 0 | R40: 0 | U40: 0 | W40: =F40+I40+L40+O40+R40+U40 -> 0
B41: Insert line(s) for any additional Subcontractors/Interorganizational | C41: Identify Tab/File Name of Each Sub | F41: 0 | I41: 0 | L41: 0 | O41: 0 | R41: 0 | U41: 0 | W41: =F41+I41+L41+O41+R41+U41 -> 0
B42: Total Subcontract Costs | F42: =SUM(F38:F41) -> 0 | I42: =SUM(I38:I41) -> 0 | L42: =SUM(L38:L41) -> 0 | O42: =SUM(O38:O41) -> 0 | R42: =SUM(R38:R41) -> 0 | U42: =SUM(U38:U41) -> 0 | W42: =F42+I42+L42+O42+R42+U42 -> 0
A43: Consultants
B44: Consultant Name - #01 | C44: Provide details on next Worksheet | F44: =ROUND(D44*E44,0) -> 0 | I44: =ROUND(G44*H44,0) -> 0 | L44: =ROUND(J44*K44,0) -> 0 | O44: =ROUND(M44*N44,0) -> 0 | R44: =ROUND(P44*Q44,0) -> 0 | U44: =ROUND(S44*T44,0) -> 0 | W44: =F44+I44+L44+O44+R44+U44 -> 0
B45: Consultant Name - #02 | C45: Provide details on next Worksheet | F45: =ROUND(D45*E45,0) -> 0 | I45: =ROUND(G45*H45,0) -> 0 | L45: =ROUND(J45*K45,0) -> 0 | O45: =ROUND(M45*N45,0) -> 0 | R45: =ROUND(P45*Q45,0) -> 0 | U45: =ROUND(S45*T45,0) -> 0 | W45: =F45+I45+L45+O45+R45+U45 -> 0
B46: Consultant Name - #03 | C46: Provide details on next Worksheet | F46: =ROUND(D46*E46,0) -> 0 | I46: =ROUND(G46*H46,0) -> 0 | L46: =ROUND(J46*K46,0) -> 0 | O46: =ROUND(M46*N46,0) -> 0 | R46: =ROUND(P46*Q46,0) -> 0 | U46: =ROUND(S46*T46,0) -> 0 | W46: =F46+I46+L46+O46+R46+U46 -> 0
B47: Insert line(s) for any additional Consultants | C47: Provide details on next Worksheet | F47: =ROUND(D47*E47,0) -> 0 | I47: =ROUND(G47*H47,0) -> 0 | L47: =ROUND(J47*K47,0) -> 0 | O47: =ROUND(M47*N47,0) -> 0 | R47: =ROUND(P47*Q47,0) -> 0 | U47: =ROUND(S47*T47,0) -> 0 | W47: =F47+I47+L47+O47+R47+U47 -> 0
B48: Total Consultant Costs | F48: =SUM(F44:F47) -> 0 | I48: =SUM(I44:I47) -> 0 | L48: =SUM(L44:L47) -> 0 | O48: =SUM(O44:O47) -> 0 | R48: =SUM(R44:R47) -> 0 | U48: =SUM(U44:U47) -> 0 | W48: =F48+I48+L48+O48+R48+U48 -> 0
A49: Other Direct Costs
B50: Materials/Supplies | C50: Provide details on next Worksheet | F50: 0 | I50: 0 | L50: 0 | O50: 0 | R50: 0 | U50: 0 | W50: =F50+I50+L50+O50+R50+U50 -> 0
B51: Equipment | C51: Provide details on next Worksheet | F51: 0 | I51: 0 | L51: 0 | O51: 0 | R51: 0 | U51: 0 | W51: =F51+I51+L51+O51+R51+U51 -> 0
B52: Travel | C52: Provide details on next Worksheet | F52: 0 | I52: 0 | L52: 0 | O52: 0 | R52: 0 | U52: 0 | W52: =F52+I52+L52+O52+R52+U52 -> 0
B53: Insert line(s) for any other types of ODCs | C53: Provide details on next Worksheet | F53: 0 | I53: 0 | L53: 0 | O53: 0 | R53: 0 | U53: 0 | W53: =F53+I53+L53+O53+R53+U53 -> 0
B54: Total Other Direct Costs | F54: =SUM(F50:F53) -> 0 | I54: =SUM(I50:I53) -> 0 | L54: =SUM(L50:L53) -> 0 | O54: =SUM(O50:O53) -> 0 | R54: =SUM(R50:R53) -> 0 | U54: =SUM(U50:U53) -> 0 | W54: =F54+I54+L54+O54+R54+U54 -> 0
A55: Material Handling (M/H O/H) (See Escalation and Indirect Rate Worksheet)
B56: Insert M/H O/H rate title | D56: 0 | F56: =ROUND(D56*E56,0) -> 0 | G56: 0 | I56: =ROUND(G56*H56,0) -> 0 | J56: 0 | L56: =ROUND(J56*K56,0) -> 0 | M56: 0 | O56: =ROUND(M56*N56,0) -> 0 | P56: 0 | R56: =ROUND(P56*Q56,0) -> 0 | S56: 0 | U56: =ROUND(S56*T56,0) -> 0 | W56: =F56+I56+L56+O56+R56+U56 -> 0
B57: Insert line(s) & title(s) for any other M/H O/H rates | F57: =ROUND(D57*E57,0) -> 0 | I57: =ROUND(G57*H57,0) -> 0 | L57: =ROUND(J57*K57,0) -> 0 | O57: =ROUND(M57*N57,0) -> 0 | R57: =ROUND(P57*Q57,0) -> 0 | U57: =ROUND(S57*T57,0) -> 0 | W57: =F57+I57+L57+O57+R57+U57 -> 0
B58: Total Material Handling Costs | F58: =SUM(F56:F57) -> 0 | I58: =SUM(I56:I57) -> 0 | L58: =SUM(L56:L57) -> 0 | O58: =SUM(O56:O57) -> 0 | R58: =SUM(R56:R57) -> 0 | U58: =SUM(U56:U57) -> 0 | W58: =F58+I58+L58+O58+R58+U58 -> 0
A59: Subtotal Costs | F59: =F28+F32+F36+F42+F48+F54+F58 -> 0 | I59: =I28+I32+I36+I42+I48+I54+I58 -> 0 | L59: =L28+L32+L36+L42+L48+L54+L58 -> 0 | O59: =O28+O32+O36+O42+O48+O54+O58 -> 0 | R59: =R28+R32+R36+R42+R48+R54+R58 -> 0 | U59: =U28+U32+U36+U42+U48+U54+U58 -> 0 | W59: =F59+I59+L59+O59+R59+U59 -> 0
A60: General and Administrative (G&A) (See Escalation and Indirect Rate Worksheet)
B61: Insert G&A rate title | D61: =F28+F32+F36+F42+F48+F54+F58 -> 0 | F61: =ROUND(D61*E61,0) -> 0 | G61: =I28+I32+I36+I42+I48+I54+I58 -> 0 | I61: =ROUND(G61*H61,0) -> 0 | J61: =L28+L32+L36+L42+L48+L54+L58 -> 0 | L61: =ROUND(J61*K61,0) -> 0 | M61: =O28+O32+O36+O42+O48+O54+O58 -> 0 | O61: =ROUND(M61*N61,0) -> 0 | P61: =R28+R32+R36+R42+R48+R54+R58 -> 0 | R61: =ROUND(P61*Q61,0) -> 0 | S61: =U28+U32+U36+U42+U48+U54+U58 -> 0 | U61: =ROUND(S61*T61,0) -> 0 | W61: =F61+I61+L61+O61+R61+U61 -> 0
B62: Insert line(s) & title(s) for any other G&A rates | F62: =ROUND(D62*E62,0) -> 0 | I62: =ROUND(G62*H62,0) -> 0 | L62: =ROUND(J62*K62,0) -> 0 | O62: =ROUND(M62*N62,0) -> 0 | R62: =ROUND(P62*Q62,0) -> 0 | U62: =ROUND(S62*T62,0) -> 0 | W62: =F62+I62+L62+O62+R62+U62 -> 0
B63: Total G&A Costs | F63: =SUM(F61:F62) -> 0 | I63: =SUM(I61:I62) -> 0 | L63: =SUM(L61:L62) -> 0 | O63: =SUM(O61:O62) -> 0 | R63: =SUM(R61:R62) -> 0 | U63: =SUM(U61:U62) -> 0 | W63: =F63+I63+L63+O63+R63+U63 -> 0
A64: Subtotal Costs | F64: =F28+F32+F36+F42+F48+F54+F58+F63 -> 0 | I64: =I28+I32+I36+I42+I48+I54+I58+I63 -> 0 | L64: =L28+L32+L36+L42+L48+L54+L58+L63 -> 0 | O64: =O28+O32+O36+O42+O48+O54+O58+O63 -> 0 | R64: =R28+R32+R36+R42+R48+R54+R58+R63 -> 0 | U64: =U28+U32+U36+U42+U48+U54+U58+U63 -> 0 | W64: =F64+I64+L64+O64+R64+U64 -> 0
A65: Facilities Cost of Money (COM) (See Escalation and Indirect Rate Worksheet)
B66: Insert COM rate title | D66: =0 -> 0 | F66: =ROUND(D66*E66,0) -> 0 | G66: =0 -> 0 | I66: =ROUND(G66*H66,0) -> 0 | J66: =0 -> 0 | L66: =ROUND(J66*K66,0) -> 0 | M66: =0 -> 0 | O66: =ROUND(M66*N66,0) -> 0 | P66: =0 -> 0 | R66: =ROUND(P66*Q66,0) -> 0 | S66: =0 -> 0 | U66: =ROUND(S66*T66,0) -> 0 | W66: =F66+I66+L66+O66+R66+U66 -> 0
B67: Insert line(s) & title(s) for any other COM rates | F67: =ROUND(D67*E67,0) -> 0 | I67: =ROUND(G67*H67,0) -> 0 | L67: =ROUND(J67*K67,0) -> 0 | O67: =ROUND(M67*N67,0) -> 0 | R67: =ROUND(P67*Q67,0) -> 0 | U67: =ROUND(S67*T67,0) -> 0 | W67: =F67+I67+L67+O67+R67+U67 -> 0
B68: Total Cost of Money | F68: =SUM(F66:F67) -> 0 | I68: =SUM(I66:I67) -> 0 | L68: =SUM(L66:L67) -> 0 | O68: =SUM(O66:O67) -> 0 | R68: =SUM(R66:R67) -> 0 | U68: =SUM(U66:U67) -> 0 | W68: =F68+I68+L68+O68+R68+U68 -> 0
A69: Total Estimated Costs | F69: =ROUND(F64+F68,0) -> 0 | I69: =ROUND(I64+I68,0) -> 0 | L69: =ROUND(L64+L68,0) -> 0 | O69: =ROUND(O64+O68,0) -> 0 | R69: =ROUND(R64+R68,0) -> 0 | U69: =ROUND(U64+U68,0) -> 0 | W69: =F69+I69+L69+O69+R69+U69 -> 0
A70: Proposed Fee/Profit | C70: (Note 4) | D70: =F64-F52 -> 0 | F70: =ROUND(D70*E70,0) -> 0 | G70: =I64-I52 -> 0 | I70: =ROUND(G70*H70,0) -> 0 | J70: =L64-L52 -> 0 | L70: =ROUND(J70*K70,0) -> 0 | M70: =O64-O52 -> 0 | O70: =ROUND(M70*N70,0) -> 0 | P70: =R64-R52 -> 0 | R70: =ROUND(P70*Q70,0) -> 0 | S70: =U64-U52 -> 0 | U70: =ROUND(S70*T70,0) -> 0 | W70: =F70+I70+L70+O70+R70+U70 -> 0
A71: Total Proposed Cost | F71: =F69+F70 -> 0 | I71: =I69+I70 -> 0 | L71: =L69+L70 -> 0 | O71: =O69+O70 -> 0 | R71: =R69+R70 -> 0 | U71: =U69+U70 -> 0 | W71: =F71+I71+L71+O71+R71+U71 -> 0
B73: Note 1: Any proposed personnel in the technical proposal should be identified with their labor category.
B74: Note 2: Indicate the start and end date of Offeror's Fiscal Year/Calendar Year
B75: Note 3: The values under Total Direct Labor "hours/base" column indicate the total level of effort for the project for each labor category. The Offeror must define the split of hours between initial and subsequent rate years based on its FY or CY in the prior columns.
B76: Note 4: Profit or fee is not allowed on travel costs, direct costs for equipment, Government entities or cost share contracts. In addition, NCD utilizes DD Fom 1547 (DFARS 215.404-70) in calculating the Government objective for fee.

Sheet O-III
A1: Cost Proposal - Option
A2: Prime Offeror Name:
A3: Subcontractor Name:
E4: (NOTE 2) | H4: (NOTE 2) | K4: (NOTE 2) | N4: (NOTE 2) | Q4: (NOTE 2) | T4: (NOTE 2)
E5: CY/FY 11 or 12 | H5: CY/FY 12 or 13 | K5: CY/FY 13 or 14 | N5: CY/FY 14 or 15 | Q5: CY/FY 15 or 16 | T5: CY/FY 16 or 17 | V5: Total
A6: Direct Labor (DL) (Note 1) | E6: MM/YR to MM/YR | H6: MM/YR to MM/YR | K6: MM/YR to MM/YR | N6: MM/YR to MM/YR | Q6: MM/YR to MM/YR | T6: MM/YR to MM/YR | V6: (NOTE 3) | W6: X-Months
B7: Offeror's Labor Category (NOTE 1) | C7: Name (Last, First) | D7: Base/Hours | E7: Rate | F7: Extended $ | G7: Base/Hours | H7: Rate | I7: Extended $ | J7: Base/Hours | K7: Rate | L7: Extended $ | M7: Base/Hours | N7: Rate | O7: Extended $ | P7: Base/Hours | Q7: Rate | R7: Extended $ | S7: Base/Hours | T7: Rate | U7: Extended $ | V7: Base/Hours | W7: Extended $
F8: =ROUND(D8*E8,0) -> 0 | I8: =ROUND(G8*H8,0) -> 0 | L8: =ROUND(J8*K8,0) -> 0 | O8: =ROUND(M8*N8,0) -> 0 | R8: =ROUND(P8*Q8,0) -> 0 | U8: =ROUND(S8*T8,0) -> 0 | V8: =D8+G8+J8+M8+P8+S8 -> 0 | W8: =F8+I8+L8+O8+R8+U8 -> 0
F9: =ROUND(D9*E9,0) -> 0 | I9: =ROUND(G9*H9,0) -> 0 | L9: =ROUND(J9*K9,0) -> 0 | O9: =ROUND(M9*N9,0) -> 0 | R9: =ROUND(P9*Q9,0) -> 0 | U9: =ROUND(S9*T9,0) -> 0 | V9: =D9+G9+J9+M9+P9+S9 -> 0 | W9: =F9+I9+L9+O9+R9+U9 -> 0
F10: =ROUND(D10*E10,0) -> 0 | I10: =ROUND(G10*H10,0) -> 0 | L10: =ROUND(J10*K10,0) -> 0 | O10: =ROUND(M10*N10,0) -> 0 | R10: =ROUND(P10*Q10,0) -> 0 | U10: =ROUND(S10*T10,0) -> 0 | V10: =D10+G10+J10+M10+P10+S10 -> 0 | W10: =F10+I10+L10+O10+R10+U10 -> 0
F11: =ROUND(D11*E11,0) -> 0 | I11: =ROUND(G11*H11,0) -> 0 | L11: =ROUND(J11*K11,0) -> 0 | O11: =ROUND(M11*N11,0) -> 0 | R11: =ROUND(P11*Q11,0) -> 0 | U11: =ROUND(S11*T11,0) -> 0 | V11: =D11+G11+J11+M11+P11+S11 -> 0 | W11: =F11+I11+L11+O11+R11+U11 -> 0
F12: =ROUND(D12*E12,0) -> 0 | I12: =ROUND(G12*H12,0) -> 0 | L12: =ROUND(J12*K12,0) -> 0 | O12: =ROUND(M12*N12,0) -> 0 | R12: =ROUND(P12*Q12,0) -> 0 | U12: =ROUND(S12*T12,0) -> 0 | V12: =D12+G12+J12+M12+P12+S12 -> 0 | W12: =F12+I12+L12+O12+R12+U12 -> 0
F13: =ROUND(D13*E13,0) -> 0 | I13: =ROUND(G13*H13,0) -> 0 | L13: =ROUND(J13*K13,0) -> 0 | O13: =ROUND(M13*N13,0) -> 0 | R13: =ROUND(P13*Q13,0) -> 0 | U13: =ROUND(S13*T13,0) -> 0 | V13: =D13+G13+J13+M13+P13+S13 -> 0 | W13: =F13+I13+L13+O13+R13+U13 -> 0
F14: =ROUND(D14*E14,0) -> 0 | I14: =ROUND(G14*H14,0) -> 0 | L14: =ROUND(J14*K14,0) -> 0 | O14: =ROUND(M14*N14,0) -> 0 | R14: =ROUND(P14*Q14,0) -> 0 | U14: =ROUND(S14*T14,0) -> 0 | V14: =D14+G14+J14+M14+P14+S14 -> 0 | W14: =F14+I14+L14+O14+R14+U14 -> 0
F15: =ROUND(D15*E15,0) -> 0 | I15: =ROUND(G15*H15,0) -> 0 | L15: =ROUND(J15*K15,0) -> 0 | O15: =ROUND(M15*N15,0) -> 0 | R15: =ROUND(P15*Q15,0) -> 0 | U15: =ROUND(S15*T15,0) -> 0 | V15: =D15+G15+J15+M15+P15+S15 -> 0 | W15: =F15+I15+L15+O15+R15+U15 -> 0
F16: =ROUND(D16*E16,0) -> 0 | I16: =ROUND(G16*H16,0) -> 0 | L16: =ROUND(J16*K16,0) -> 0 | O16: =ROUND(M16*N16,0) -> 0 | R16: =ROUND(P16*Q16,0) -> 0 | U16: =ROUND(S16*T16,0) -> 0 | V16: =D16+G16+J16+M16+P16+S16 -> 0 | W16: =F16+I16+L16+O16+R16+U16 -> 0
F17: =ROUND(D17*E17,0) -> 0 | I17: =ROUND(G17*H17,0) -> 0 | L17: =ROUND(J17*K17,0) -> 0 | O17: =ROUND(M17*N17,0) -> 0 | R17: =ROUND(P17*Q17,0) -> 0 | U17: =ROUND(S17*T17,0) -> 0 | V17: =D17+G17+J17+M17+P17+S17 -> 0 | W17: =F17+I17+L17+O17+R17+U17 -> 0
F18: =ROUND(D18*E18,0) -> 0 | I18: =ROUND(G18*H18,0) -> 0 | L18: =ROUND(J18*K18,0) -> 0 | O18: =ROUND(M18*N18,0) -> 0 | R18: =ROUND(P18*Q18,0) -> 0 | U18: =ROUND(S18*T18,0) -> 0 | V18: =D18+G18+J18+M18+P18+S18 -> 0 | W18: =F18+I18+L18+O18+R18+U18 -> 0
F19: =ROUND(D19*E19,0) -> 0 | I19: =ROUND(G19*H19,0) -> 0 | L19: =ROUND(J19*K19,0) -> 0 | O19: =ROUND(M19*N19,0) -> 0 | R19: =ROUND(P19*Q19,0) -> 0 | U19: =ROUND(S19*T19,0) -> 0 | V19: =D19+G19+J19+M19+P19+S19 -> 0 | W19: =F19+I19+L19+O19+R19+U19 -> 0
... F27: =ROUND(D27*E27,0) -> 0 | I27: =ROUND(G27*H27,0) -> 0 | L27: =ROUND(J27*K27,0) -> 0 | O27: =ROUND(M27*N27,0) -> 0 | R27: =ROUND(P27*Q27,0) -> 0 | U27: =ROUND(S27*T27,0) -> 0 | V27: =D27+G27+J27+M27+P27+S27 -> 0 | W27: =F27+I27+L27+O27+R27+U27 -> 0
B28: Total Direct Labor Costs | D28: =SUM(D8:D27) -> 0 | F28: =SUM(F8:F27) -> 0 | G28: =SUM(G8:G27) -> 0 | I28: =SUM(I8:I27) -> 0 | J28: =SUM(J8:J27) -> 0 | L28: =SUM(L8:L27) -> 0 | M28: =SUM(M8:M27) -> 0 | O28: =SUM(O8:O27) -> 0 | P28: =SUM(P8:P27) -> 0 | R28: =SUM(R8:R27) -> 0 | S28: =SUM(S8:S27) -> 0 | U28: =SUM(U8:U27) -> 0 | V28: =SUM(V8:V27) -> 0 | W28: =F28+I28+L28+O28+R28+U28 -> 0
A29: Fringe Benefits (F/B) (See Escalation and Indirect Rate Worksheet)
B30: Insert F/B rate title | D30: =F28 -> 0 | F30: =ROUND(D30*E30,0) -> 0 | G30: =I28 -> 0 | I30: =ROUND(G30*H30,0) -> 0 | J30: =L28 -> 0 | L30: =ROUND(J30*K30,0) -> 0 | M30: =O28 -> 0 | O30: =ROUND(M30*N30,0) -> 0 | P30: =R28 -> 0 | R30: =ROUND(P30*Q30,0) -> 0 | S30: =U28 -> 0 | U30: =ROUND(S30*T30,0) -> 0 | W30: =F30+I30+L30+O30+R30+U30 -> 0
B31: Insert line(s) & title(s) for any other F/B rates | F31: =ROUND(D31*E31,0) -> 0 | I31: =ROUND(G31*H31,0) -> 0 | L31: =ROUND(J31*K31,0) -> 0 | O31: =ROUND(M31*N31,0) -> 0 | R31: =ROUND(P31*Q31,0) -> 0 | U31: =ROUND(S31*T31,0) -> 0 | W31: =F31+I31+L31+O31+R31+U31 -> 0
B32: Total Fringe Benefit Costs | F32: =SUM(F30:F31) -> 0 | I32: =SUM(I30:I31) -> 0 | L32: =ROUND(J32*K32,0) -> 0 | O32: =SUM(O30:O31) -> 0 | R32: =SUM(R30:R31) -> 0 | U32: =SUM(U30:U31) -> 0 | W32: =F32+I32+L32+O32+R32+U32 -> 0
A33: Labor Overhead (O/H) (See Escalation and Indirect Rate Worksheet)
B34: Insert O/H rate title | D34: =F28+F32 -> 0 | F34: =ROUND(D34*E34,0) -> 0 | G34: =I28+I32 -> 0 | I34: =ROUND(G34*H34,0) -> 0 | J34: =L28+L32 -> 0 | L34: =ROUND(J34*K34,0) -> 0 | M34: =O28+O32 -> 0 | O34: =ROUND(M34*N34,0) -> 0 | P34: =R28+R32 -> 0 | R34: =ROUND(P34*Q34,0) -> 0 | S34: =U28+U32 -> 0 | U34: =ROUND(S34*T34,0) -> 0 | W34: =F34+I34+L34+O34+R34+U34 -> 0
B35: Insert line(s) & title(s) for any other O/H rates | F35: =ROUND(D35*E35,0) -> 0 | I35: =ROUND(G35*H35,0) -> 0 | L35: =ROUND(J35*K35,0) -> 0 | O35: =ROUND(M35*N35,0) -> 0 | R35: =ROUND(P35*Q35,0) -> 0 | U35: =ROUND(S35*T35,0) -> 0 | W35: =F35+I35+L35+O35+R35+U35 -> 0
B36: Total Labor Overhead Costs | F36: =SUM(F34:F35) -> 0 | I36: =SUM(I34:I35) -> 0 | L36: =SUM(L34:L35) -> 0 | O36: =SUM(O34:O35) -> 0 | R36: =SUM(R34:R35) -> 0 | U36: =SUM(U34:U35) -> 0 | W36: =F36+I36+L36+O36+R36+U36 -> 0
A37: Subcontracts/Interorganizational Transfer | C37: File/Tab Name or Link
B38: Subcontract/Interorganizational Name - #01 | C38: Identify Tab/File Name of Each Sub | F38: 0 | I38: 0 | L38: 0 | O38: 0 | R38: 0 | U38: 0 | W38: =F38+I38+L38+O38+R38+U38 -> 0
B39: Subcontract/Interorganizational Name - #02 | C39: Identify Tab/File Name of Each Sub | F39: 0 | I39: 0 | L39: 0 | O39: 0 | R39: 0 | U39: 0 | W39: =F39+I39+L39+O39+R39+U39 -> 0
B40: Subcontract/Interorganizational Name - #03 | C40: Identify Tab/File Name of Each Sub | F40: 0 | I40: 0 | L40: 0 | O40: 0 | R40: 0 | U40: 0 | W40: =F40+I40+L40+O40+R40+U40 -> 0
B41: Insert line(s) for any additional Subcontractors/Interorganizational | C41: Identify Tab/File Name of Each Sub | F41: 0 | I41: 0 | L41: 0 | O41: 0 | R41: 0 | U41: 0 | W41: =F41+I41+L41+O41+R41+U41 -> 0
B42: Total Subcontract Costs | F42: =SUM(F38:F41) -> 0 | I42: =SUM(I38:I41) -> 0 | L42: =SUM(L38:L41) -> 0 | O42: =SUM(O38:O41) -> 0 | R42: =SUM(R38:R41) -> 0 | U42: =SUM(U38:U41) -> 0 | W42: =F42+I42+L42+O42+R42+U42 -> 0
A43: Consultants
B44: Consultant Name - #01 | C44: Provide details on next Worksheet | F44: =ROUND(D44*E44,0) -> 0 | I44: =ROUND(G44*H44,0) -> 0 | L44: =ROUND(J44*K44,0) -> 0 | O44: =ROUND(M44*N44,0) -> 0 | R44: =ROUND(P44*Q44,0) -> 0 | U44: =ROUND(S44*T44,0) -> 0 | W44: =F44+I44+L44+O44+R44+U44 -> 0
B45: Consultant Name - #02 | C45: Provide details on next Worksheet | F45: =ROUND(D45*E45,0) -> 0 | I45: =ROUND(G45*H45,0) -> 0 | L45: =ROUND(J45*K45,0) -> 0 | O45: =ROUND(M45*N45,0) -> 0 | R45: =ROUND(P45*Q45,0) -> 0 | U45: =ROUND(S45*T45,0) -> 0 | W45: =F45+I45+L45+O45+R45+U45 -> 0
B46: Consultant Name - #03 | C46: Provide details on next Worksheet | F46: =ROUND(D46*E46,0) -> 0 | I46: =ROUND(G46*H46,0) -> 0 | L46: =ROUND(J46*K46,0) -> 0 | O46: =ROUND(M46*N46,0) -> 0 | R46: =ROUND(P46*Q46,0) -> 0 | U46: =ROUND(S46*T46,0) -> 0 | W46: =F46+I46+L46+O46+R46+U46 -> 0
B47: Insert line(s) for any additional Consultants | C47: Provide details on next Worksheet | F47: =ROUND(D47*E47,0) -> 0 | I47: =ROUND(G47*H47,0) -> 0 | L47: =ROUND(J47*K47,0) -> 0 | O47: =ROUND(M47*N47,0) -> 0 | R47: =ROUND(P47*Q47,0) -> 0 | U47: =ROUND(S47*T47,0) -> 0 | W47: =F47+I47+L47+O47+R47+U47 -> 0
B48: Total Consultant Costs | F48: =SUM(F44:F47) -> 0 | I48: =SUM(I44:I47) -> 0 | L48: =SUM(L44:L47) -> 0 | O48: =SUM(O44:O47) -> 0 | R48: =SUM(R44:R47) -> 0 | U48: =SUM(U44:U47) -> 0 | W48: =F48+I48+L48+O48+R48+U48 -> 0
A49: Other Direct Costs
B50: Materials/Supplies | C50: Provide details on next Worksheet | F50: 0 | I50: 0 | L50: 0 | O50: 0 | R50: 0 | U50: 0 | W50: =F50+I50+L50+O50+R50+U50 -> 0
B51: Equipment | C51: Provide details on next Worksheet | F51: 0 | I51: 0 | L51: 0 | O51: 0 | R51: 0 | U51: 0 | W51: =F51+I51+L51+O51+R51+U51 -> 0
B52: Travel | C52: Provide details on next Worksheet | F52: 0 | I52: 0 | L52: 0 | O52: 0 | R52: 0 | U52: 0 | W52: =F52+I52+L52+O52+R52+U52 -> 0
B53: Insert line(s) for any other types of ODCs | C53: Provide details on next Worksheet | F53: 0 | I53: 0 | L53: 0 | O53: 0 | R53: 0 | U53: 0 | W53: =F53+I53+L53+O53+R53+U53 -> 0
B54: Total Other Direct Costs | F54: =SUM(F50:F53) -> 0 | I54: =SUM(I50:I53) -> 0 | L54: =SUM(L50:L53) -> 0 | O54: =SUM(O50:O53) -> 0 | R54: =SUM(R50:R53) -> 0 | U54: =SUM(U50:U53) -> 0 | W54: =F54+I54+L54+O54+R54+U54 -> 0
A55: Material Handling (M/H O/H) (See Escalation and Indirect Rate Worksheet)
B56: Insert M/H O/H rate title | D56: 0 | F56: =ROUND(D56*E56,0) -> 0 | G56: 0 | I56: =ROUND(G56*H56,0) -> 0 | J56: 0 | L56: =ROUND(J56*K56,0) -> 0 | M56: 0 | O56: =ROUND(M56*N56,0) -> 0 | P56: 0 | R56: =ROUND(P56*Q56,0) -> 0 | S56: 0 | U56: =ROUND(S56*T56,0) -> 0 | W56: =F56+I56+L56+O56+R56+U56 -> 0
B57: Insert line(s) & title(s) for any other M/H O/H rates | F57: =ROUND(D57*E57,0) -> 0 | I57: =ROUND(G57*H57,0) -> 0 | L57: =ROUND(J57*K57,0) -> 0 | O57: =ROUND(M57*N57,0) -> 0 | R57: =ROUND(P57*Q57,0) -> 0 | U57: =ROUND(S57*T57,0) -> 0 | W57: =F57+I57+L57+O57+R57+U57 -> 0
B58: Total Material Handling Costs | F58: =SUM(F56:F57) -> 0 | I58: =SUM(I56:I57) -> 0 | L58: =SUM(L56:L57) -> 0 | O58: =SUM(O56:O57) -> 0 | R58: =SUM(R56:R57) -> 0 | U58: =SUM(U56:U57) -> 0 | W58: =F58+I58+L58+O58+R58+U58 -> 0
A59: Subtotal Costs | F59: =F28+F32+F36+F42+F48+F54+F58 -> 0 | I59: =I28+I32+I36+I42+I48+I54+I58 -> 0 | L59: =L28+L32+L36+L42+L48+L54+L58 -> 0 | O59: =O28+O32+O36+O42+O48+O54+O58 -> 0 | R59: =R28+R32+R36+R42+R48+R54+R58 -> 0 | U59: =U28+U32+U36+U42+U48+U54+U58 -> 0 | W59: =F59+I59+L59+O59+R59+U59 -> 0
A60: General and Administrative (G&A) (See Escalation and Indirect Rate Worksheet)
B61: Insert G&A rate title | D61: =F28+F32+F36+F42+F48+F54+F58 -> 0 | F61: =ROUND(D61*E61,0) -> 0 | G61: =I28+I32+I36+I42+I48+I54+I58 -> 0 | I61: =ROUND(G61*H61,0) -> 0 | J61: =L28+L32+L36+L42+L48+L54+L58 -> 0 | L61: =ROUND(J61*K61,0) -> 0 | M61: =O28+O32+O36+O42+O48+O54+O58 -> 0 | O61: =ROUND(M61*N61,0) -> 0 | P61: =R28+R32+R36+R42+R48+R54+R58 -> 0 | R61: =ROUND(P61*Q61,0) -> 0 | S61: =U28+U32+U36+U42+U48+U54+U58 -> 0 | U61: =ROUND(S61*T61,0) -> 0 | W61: =F61+I61+L61+O61+R61+U61 -> 0
B62: Insert line(s) & title(s) for any other G&A rates | F62: =ROUND(D62*E62,0) -> 0 | I62: =ROUND(G62*H62,0) -> 0 | L62: =ROUND(J62*K62,0) -> 0 | O62: =ROUND(M62*N62,0) -> 0 | R62: =ROUND(P62*Q62,0) -> 0 | U62: =ROUND(S62*T62,0) -> 0 | W62: =F62+I62+L62+O62+R62+U62 -> 0
B63: Total G&A Costs | F63: =SUM(F61:F62) -> 0 | I63: =SUM(I61:I62) -> 0 | L63: =SUM(L61:L62) -> 0 | O63: =SUM(O61:O62) -> 0 | R63: =SUM(R61:R62) -> 0 | U63: =SUM(U61:U62) -> 0 | W63: =F63+I63+L63+O63+R63+U63 -> 0
A64: Subtotal Costs | F64: =F28+F32+F36+F42+F48+F54+F58+F63 -> 0 | I64: =I28+I32+I36+I42+I48+I54+I58+I63 -> 0 | L64: =L28+L32+L36+L42+L48+L54+L58+L63 -> 0 | O64: =O28+O32+O36+O42+O48+O54+O58+O63 -> 0 | R64: =R28+R32+R36+R42+R48+R54+R58+R63 -> 0 | U64: =U28+U32+U36+U42+U48+U54+U58+U63 -> 0 | W64: =F64+I64+L64+O64+R64+U64 -> 0
A65: Facilities Cost of Money (COM) (See Escalation and Indirect Rate Worksheet)
B66: Insert COM rate title | D66: =0 -> 0 | F66: =ROUND(D66*E66,0) -> 0 | G66: =0 -> 0 | I66: =ROUND(G66*H66,0) -> 0 | J66: =0 -> 0 | L66: =ROUND(J66*K66,0) -> 0 | M66: =0 -> 0 | O66: =ROUND(M66*N66,0) -> 0 | P66: =0 -> 0 | R66: =ROUND(P66*Q66,0) -> 0 | S66: =0 -> 0 | U66: =ROUND(S66*T66,0) -> 0 | W66: =F66+I66+L66+O66+R66+U66 -> 0
B67: Insert line(s) & title(s) for any other COM rates | F67: =ROUND(D67*E67,0) -> 0 | I67: =ROUND(G67*H67,0) -> 0 | L67: =ROUND(J67*K67,0) -> 0 | O67: =ROUND(M67*N67,0) -> 0 | R67: =ROUND(P67*Q67,0) -> 0 | U67: =ROUND(S67*T67,0) -> 0 | W67: =F67+I67+L67+O67+R67+U67 -> 0
B68: Total Cost of Money | F68: =SUM(F66:F67) -> 0 | I68: =SUM(I66:I67) -> 0 | L68: =SUM(L66:L67) -> 0 | O68: =SUM(O66:O67) -> 0 | R68: =SUM(R66:R67) -> 0 | U68: =SUM(U66:U67) -> 0 | W68: =F68+I68+L68+O68+R68+U68 -> 0
A69: Total Estimated Costs | F69: =ROUND(F64+F68,0) -> 0 | I69: =ROUND(I64+I68,0) -> 0 | L69: =ROUND(L64+L68,0) -> 0 | O69: =ROUND(O64+O68,0) -> 0 | R69: =ROUND(R64+R68,0) -> 0 | U69: =ROUND(U64+U68,0) -> 0 | W69: =F69+I69+L69+O69+R69+U69 -> 0
A70: Proposed Fee/Profit | C70: (Note 4) | D70: =F64-F52 -> 0 | F70: =ROUND(D70*E70,0) -> 0 | G70: =I64-I52 -> 0 | I70: =ROUND(G70*H70,0) -> 0 | J70: =L64-L52 -> 0 | L70: =ROUND(J70*K70,0) -> 0 | M70: =O64-O52 -> 0 | O70: =ROUND(M70*N70,0) -> 0 | P70: =R64-R52 -> 0 | R70: =ROUND(P70*Q70,0) -> 0 | S70: =U64-U52 -> 0 | U70: =ROUND(S70*T70,0) -> 0 | W70: =F70+I70+L70+O70+R70+U70 -> 0
A71: Total Proposed Cost | F71: =F69+F70 -> 0 | I71: =I69+I70 -> 0 | L71: =L69+L70 -> 0 | O71: =O69+O70 -> 0 | R71: =R69+R70 -> 0 | U71: =U69+U70 -> 0 | W71: =F71+I71+L71+O71+R71+U71 -> 0
B73: Note 1: Any proposed personnel in the technical proposal should be identified with their labor category.
B74: Note 2: Indicate the start and end date of Offeror's Fiscal Year/Calendar Year
B75: Note 3: The values under Total Direct Labor "hours/base" column indicate the total level of effort for the project for each labor category. The Offeror must define the split of hours between initial and subsequent rate years based on its FY or CY in the prior columns.
B76: Note 4: Profit or fee is not allowed on material costs, direct costs for equipment, Government entities or cost share contracts. In addition, NCD utilizes DD Fom 1547 (DFARS 215.404-70) in calculating the Government objective for fee.

Sheet O-IV
A1: Cost Proposal - Option
A2: Prime Offeror Name:
A3: Subcontractor Name:
E4: (NOTE 2) | H4: (NOTE 2) | K4: (NOTE 2) | N4: (NOTE 2) | Q4: (NOTE 2) | T4: (NOTE 2)
E5: CY/FY 11 or 12 | H5: CY/FY 12 or 13 | K5: CY/FY 13 or 14 | N5: CY/FY 14 or 15 | Q5: CY/FY 15 or 16 | T5: CY/FY 16 or 17 | V5: Total
A6: Direct Labor (DL) (Note 1) | E6: MM/YR to MM/YR | H6: MM/YR to MM/YR | K6: MM/YR to MM/YR | N6: MM/YR to MM/YR | Q6: MM/YR to MM/YR | T6: MM/YR to MM/YR | V6: (NOTE 3) | W6: X-Months
B7: Offeror's Labor Category (NOTE 1) | C7: Name (Last, First) | D7: Base/Hours | E7: Rate | F7: Extended $ | G7: Base/Hours | H7: Rate | I7: Extended $ | J7: Base/Hours | K7: Rate | L7: Extended $ | M7: Base/Hours | N7: Rate | O7: Extended $ | P7: Base/Hours | Q7: Rate | R7: Extended $ | S7: Base/Hours | T7: Rate | U7: Extended $ | V7: Base/Hours | W7: Extended $
F8: =ROUND(D8*E8,0) -> 0 | I8: =ROUND(G8*H8,0) -> 0 | L8: =ROUND(J8*K8,0) -> 0 | O8: =ROUND(M8*N8,0) -> 0 | R8: =ROUND(P8*Q8,0) -> 0 | U8: =ROUND(S8*T8,0) -> 0 | V8: =D8+G8+J8+M8+P8+S8 -> 0 | W8: =F8+I8+L8+O8+R8+U8 -> 0
F9: =ROUND(D9*E9,0) -> 0 | I9: =ROUND(G9*H9,0) -> 0 | L9: =ROUND(J9*K9,0) -> 0 | O9: =ROUND(M9*N9,0) -> 0 | R9: =ROUND(P9*Q9,0) -> 0 | U9: =ROUND(S9*T9,0) -> 0 | V9: =D9+G9+J9+M9+P9+S9 -> 0 | W9: =F9+I9+L9+O9+R9+U9 -> 0
F10: =ROUND(D10*E10,0) -> 0 | I10: =ROUND(G10*H10,0) -> 0 | L10: =ROUND(J10*K10,0) -> 0 | O10: =ROUND(M10*N10,0) -> 0 | R10: =ROUND(P10*Q10,0) -> 0 | U10: =ROUND(S10*T10,0) -> 0 | V10: =D10+G10+J10+M10+P10+S10 -> 0 | W10: =F10+I10+L10+O10+R10+U10 -> 0
F11: =ROUND(D11*E11,0) -> 0 | I11: =ROUND(G11*H11,0) -> 0 | L11: =ROUND(J11*K11,0) -> 0 | O11: =ROUND(M11*N11,0) -> 0 | R11: =ROUND(P11*Q11,0) -> 0 | U11: =ROUND(S11*T11,0) -> 0 | V11: =D11+G11+J11+M11+P11+S11 -> 0 | W11: =F11+I11+L11+O11+R11+U11 -> 0
F12: =ROUND(D12*E12,0) -> 0 | I12: =ROUND(G12*H12,0) -> 0 | L12: =ROUND(J12*K12,0) -> 0 | O12: =ROUND(M12*N12,0) -> 0 | R12: =ROUND(P12*Q12,0) -> 0 | U12: =ROUND(S12*T12,0) -> 0 | V12: =D12+G12+J12+M12+P12+S12 -> 0 | W12: =F12+I12+L12+O12+R12+U12 -> 0
F13: =ROUND(D13*E13,0) -> 0 | I13: =ROUND(G13*H13,0) -> 0 | L13: =ROUND(J13*K13,0) -> 0 | O13: =ROUND(M13*N13,0) -> 0 | R13: =ROUND(P13*Q13,0) -> 0 | U13: =ROUND(S13*T13,0) -> 0 | V13: =D13+G13+J13+M13+P13+S13 -> 0 | W13: =F13+I13+L13+O13+R13+U13 -> 0
F14: =ROUND(D14*E14,0) -> 0 | I14: =ROUND(G14*H14,0) -> 0 | L14: =ROUND(J14*K14,0) -> 0 | O14: =ROUND(M14*N14,0) -> 0 | R14: =ROUND(P14*Q14,0) -> 0 | U14: =ROUND(S14*T14,0) -> 0 | V14: =D14+G14+J14+M14+P14+S14 -> 0 | W14: =F14+I14+L14+O14+R14+U14 -> 0
F15: =ROUND(D15*E15,0) -> 0 | I15: =ROUND(G15*H15,0) -> 0 | L15: =ROUND(J15*K15,0) -> 0 | O15: =ROUND(M15*N15,0) -> 0 | R15: =ROUND(P15*Q15,0) -> 0 | U15: =ROUND(S15*T15,0) -> 0 | V15: =D15+G15+J15+M15+P15+S15 -> 0 | W15: =F15+I15+L15+O15+R15+U15 -> 0
F16: =ROUND(D16*E16,0) -> 0 | I16: =ROUND(G16*H16,0) -> 0 | L16: =ROUND(J16*K16,0) -> 0 | O16: =ROUND(M16*N16,0) -> 0 | R16: =ROUND(P16*Q16,0) -> 0 | U16: =ROUND(S16*T16,0) -> 0 | V16: =D16+G16+J16+M16+P16+S16 -> 0 | W16: =F16+I16+L16+O16+R16+U16 -> 0
F17: =ROUND(D17*E17,0) -> 0 | I17: =ROUND(G17*H17,0) -> 0 | L17: =ROUND(J17*K17,0) -> 0 | O17: =ROUND(M17*N17,0) -> 0 | R17: =ROUND(P17*Q17,0) -> 0 | U17: =ROUND(S17*T17,0) -> 0 | V17: =D17+G17+J17+M17+P17+S17 -> 0 | W17: =F17+I17+L17+O17+R17+U17 -> 0
F18: =ROUND(D18*E18,0) -> 0 | I18: =ROUND(G18*H18,0) -> 0 | L18: =ROUND(J18*K18,0) -> 0 | O18: =ROUND(M18*N18,0) -> 0 | R18: =ROUND(P18*Q18,0) -> 0 | U18: =ROUND(S18*T18,0) -> 0 | V18: =D18+G18+J18+M18+P18+S18 -> 0 | W18: =F18+I18+L18+O18+R18+U18 -> 0
F19: =ROUND(D19*E19,0) -> 0 | I19: =ROUND(G19*H19,0) -> 0 | L19: =ROUND(J19*K19,0) -> 0 | O19: =ROUND(M19*N19,0) -> 0 | R19: =ROUND(P19*Q19,0) -> 0 | U19: =ROUND(S19*T19,0) -> 0 | V19: =D19+G19+J19+M19+P19+S19 -> 0 | W19: =F19+I19+L19+O19+R19+U19 -> 0
... F27: =ROUND(D27*E27,0) -> 0 | I27: =ROUND(G27*H27,0) -> 0 | L27: =ROUND(J27*K27,0) -> 0 | O27: =ROUND(M27*N27,0) -> 0 | R27: =ROUND(P27*Q27,0) -> 0 | U27: =ROUND(S27*T27,0) -> 0 | V27: =D27+G27+J27+M27+P27+S27 -> 0 | W27: =F27+I27+L27+O27+R27+U27 -> 0
B28: Total Direct Labor Costs | D28: =SUM(D8:D27) -> 0 | F28: =SUM(F8:F27) -> 0 | G28: =SUM(G8:G27) -> 0 | I28: =SUM(I8:I27) -> 0 | J28: =SUM(J8:J27) -> 0 | L28: =SUM(L8:L27) -> 0 | M28: =SUM(M8:M27) -> 0 | O28: =SUM(O8:O27) -> 0 | P28: =SUM(P8:P27) -> 0 | R28: =SUM(R8:R27) -> 0 | S28: =SUM(S8:S27) -> 0 | U28: =SUM(U8:U27) -> 0 | V28: =SUM(V8:V27) -> 0 | W28: =F28+I28+L28+O28+R28+U28 -> 0
A29: Fringe Benefits (F/B) (See Escalation and Indirect Rate Worksheet)
B30: Insert F/B rate title | D30: =F28 -> 0 | F30: =ROUND(D30*E30,0) -> 0 | G30: =I28 -> 0 | I30: =ROUND(G30*H30,0) -> 0 | J30: =L28 -> 0 | L30: =ROUND(J30*K30,0) -> 0 | M30: =O28 -> 0 | O30: =ROUND(M30*N30,0) -> 0 | P30: =R28 -> 0 | R30: =ROUND(P30*Q30,0) -> 0 | S30: =U28 -> 0 | U30: =ROUND(S30*T30,0) -> 0 | W30: =F30+I30+L30+O30+R30+U30 -> 0
B31: Insert line(s) & title(s) for any other F/B rates | F31: =ROUND(D31*E31,0) -> 0 | I31: =ROUND(G31*H31,0) -> 0 | L31: =ROUND(J31*K31,0) -> 0 | O31: =ROUND(M31*N31,0) -> 0 | R31: =ROUND(P31*Q31,0) -> 0 | U31: =ROUND(S31*T31,0) -> 0 | W31: =F31+I31+L31+O31+R31+U31 -> 0
B32: Total Fringe Benefit Costs | F32: =SUM(F30:F31) -> 0 | I32: =SUM(I30:I31) -> 0 | L32: =ROUND(J32*K32,0) -> 0 | O32: =SUM(O30:O31) -> 0 | R32: =SUM(R30:R31) -> 0 | U32: =SUM(U30:U31) -> 0 | W32: =F32+I32+L32+O32+R32+U32 -> 0
A33: Labor Overhead (O/H) (See Escalation and Indirect Rate Worksheet)
B34: Insert O/H rate title | D34: =F28+F32 -> 0 | F34: =ROUND(D34*E34,0) -> 0 | G34: =I28+I32 -> 0 | I34: =ROUND(G34*H34,0) -> 0 | J34: =L28+L32 -> 0 | L34: =ROUND(J34*K34,0) -> 0 | M34: =O28+O32 -> 0 | O34: =ROUND(M34*N34,0) -> 0 | P34: =R28+R32 -> 0 | R34: =ROUND(P34*Q34,0) -> 0 | S34: =U28+U32 -> 0 | U34: =ROUND(S34*T34,0) -> 0 | W34: =F34+I34+L34+O34+R34+U34 -> 0
B35: Insert line(s) & title(s) for any other O/H rates | F35: =ROUND(D35*E35,0) -> 0 | I35: =ROUND(G35*H35,0) -> 0 | L35: =ROUND(J35*K35,0) -> 0 | O35: =ROUND(M35*N35,0) -> 0 | R35: =ROUND(P35*Q35,0) -> 0 | U35: =ROUND(S35*T35,0) -> 0 | W35: =F35+I35+L35+O35+R35+U35 -> 0
B36: Total Labor Overhead Costs | F36: =SUM(F34:F35) -> 0 | I36: =SUM(I34:I35) -> 0 | L36: =SUM(L34:L35) -> 0 | O36: =SUM(O34:O35) -> 0 | R36: =SUM(R34:R35) -> 0 | U36: =SUM(U34:U35) -> 0 | W36: =F36+I36+L36+O36+R36+U36 -> 0
A37: Subcontracts/Interorganizational Transfer | C37: File/Tab Name or Link
B38: Subcontract/Interorganizational Name - #01 | C38: Identify Tab/File Name of Each Sub | F38: 0 | I38: 0 | L38: 0 | O38: 0 | R38: 0 | U38: 0 | W38: =F38+I38+L38+O38+R38+U38 -> 0
B39: Subcontract/Interorganizational Name - #02 | C39: Identify Tab/File Name of Each Sub | F39: 0 | I39: 0 | L39: 0 | O39: 0 | R39: 0 | U39: 0 | W39: =F39+I39+L39+O39+R39+U39 -> 0
B40: Subcontract/Interorganizational Name - #03 | C40: Identify Tab/File Name of Each Sub | F40: 0 | I40: 0 | L40: 0 | O40: 0 | R40: 0 | U40: 0 | W40: =F40+I40+L40+O40+R40+U40 -> 0
B41: Insert line(s) for any additional Subcontractors/Interorganizational | C41: Identify Tab/File Name of Each Sub | F41: 0 | I41: 0 | L41: 0 | O41: 0 | R41: 0 | U41: 0 | W41: =F41+I41+L41+O41+R41+U41 -> 0
B42: Total Subcontract Costs | F42: =SUM(F38:F41) -> 0 | I42: =SUM(I38:I41) -> 0 | L42: =SUM(L38:L41) -> 0 | O42: =SUM(O38:O41) -> 0 | R42: =SUM(R38:R41) -> 0 | U42: =SUM(U38:U41) -> 0 | W42: =F42+I42+L42+O42+R42+U42 -> 0
A43: Consultants
B44: Consultant Name - #01 | C44: Provide details on next Worksheet | F44: =ROUND(D44*E44,0) -> 0 | I44: =ROUND(G44*H44,0) -> 0 | L44: =ROUND(J44*K44,0) -> 0 | O44: =ROUND(M44*N44,0) -> 0 | R44: =ROUND(P44*Q44,0) -> 0 | U44: =ROUND(S44*T44,0) -> 0 | W44: =F44+I44+L44+O44+R44+U44 -> 0
B45: Consultant Name - #02 | C45: Provide details on next Worksheet | F45: =ROUND(D45*E45,0) -> 0 | I45: =ROUND(G45*H45,0) -> 0 | L45: =ROUND(J45*K45,0) -> 0 | O45: =ROUND(M45*N45,0) -> 0 | R45: =ROUND(P45*Q45,0) -> 0 | U45: =ROUND(S45*T45,0) -> 0 | W45: =F45+I45+L45+O45+R45+U45 -> 0
B46: Consultant Name - #03 | C46: Provide details on next Worksheet | F46: =ROUND(D46*E46,0) -> 0 | I46: =ROUND(G46*H46,0) -> 0 | L46: =ROUND(J46*K46,0) -> 0 | O46: =ROUND(M46*N46,0) -> 0 | R46: =ROUND(P46*Q46,0) -> 0 | U46: =ROUND(S46*T46,0) -> 0 | W46: =F46+I46+L46+O46+R46+U46 -> 0
B47: Insert line(s) for any additional Consultants | C47: Provide details on next Worksheet | F47: =ROUND(D47*E47,0) -> 0 | I47: =ROUND(G47*H47,0) -> 0 | L47: =ROUND(J47*K47,0) -> 0 | O47: =ROUND(M47*N47,0) -> 0 | R47: =ROUND(P47*Q47,0) -> 0 | U47: =ROUND(S47*T47,0) -> 0 | W47: =F47+I47+L47+O47+R47+U47 -> 0
B48: Total Consultant Costs | F48: =SUM(F44:F47) -> 0 | I48: =SUM(I44:I47) -> 0 | L48: =SUM(L44:L47) -> 0 | O48: =SUM(O44:O47) -> 0 | R48: =SUM(R44:R47) -> 0 | U48: =SUM(U44:U47) -> 0 | W48: =F48+I48+L48+O48+R48+U48 -> 0
A49: Other Direct Costs
B50: Materials/Supplies | C50: Provide details on next Worksheet | F50: 0 | I50: 0 | L50: 0 | O50: 0 | R50: 0 | U50: 0 | W50: =F50+I50+L50+O50+R50+U50 -> 0
B51: Equipment | C51: Provide details on next Worksheet | F51: 0 | I51: 0 | L51: 0 | O51: 0 | R51: 0 | U51: 0 | W51: =F51+I51+L51+O51+R51+U51 -> 0
B52: Travel | C52: Provide details on next Worksheet | F52: 0 | I52: 0 | L52: 0 | O52: 0 | R52: 0 | U52: 0 | W52: =F52+I52+L52+O52+R52+U52 -> 0
B53: Insert line(s) for any other types of ODCs | C53: Provide details on next Worksheet | F53: 0 | I53: 0 | L53: 0 | O53: 0 | R53: 0 | U53: 0 | W53: =F53+I53+L53+O53+R53+U53 -> 0
B54: Total Other Direct Costs | F54: =SUM(F50:F53) -> 0 | I54: =SUM(I50:I53) -> 0 | L54: =SUM(L50:L53) -> 0 | O54: =SUM(O50:O53) -> 0 | R54: =SUM(R50:R53) -> 0 | U54: =SUM(U50:U53) -> 0 | W54: =F54+I54+L54+O54+R54+U54 -> 0
A55: Material Handling (M/H O/H) (See Escalation and Indirect Rate Worksheet)
B56: Insert M/H O/H rate title | D56: 0 | F56: =ROUND(D56*E56,0) -> 0 | G56: 0 | I56: =ROUND(G56*H56,0) -> 0 | J56: 0 | L56: =ROUND(J56*K56,0) -> 0 | M56: 0 | O56: =ROUND(M56*N56,0) -> 0 | P56: 0 | R56: =ROUND(P56*Q56,0) -> 0 | S56: 0 | U56: =ROUND(S56*T56,0) -> 0 | W56: =F56+I56+L56+O56+R56+U56 -> 0
B57: Insert line(s) & title(s) for any other M/H O/H rates | F57: =ROUND(D57*E57,0) -> 0 | I57: =ROUND(G57*H57,0) -> 0 | L57: =ROUND(J57*K57,0) -> 0 | O57: =ROUND(M57*N57,0) -> 0 | R57: =ROUND(P57*Q57,0) -> 0 | U57: =ROUND(S57*T57,0) -> 0 | W57: =F57+I57+L57+O57+R57+U57 -> 0
B58: Total Material Handling Costs | F58: =SUM(F56:F57) -> 0 | I58: =SUM(I56:I57) -> 0 | L58: =SUM(L56:L57) -> 0 | O58: =SUM(O56:O57) -> 0 | R58: =SUM(R56:R57) -> 0 | U58: =SUM(U56:U57) -> 0 | W58: =F58+I58+L58+O58+R58+U58 -> 0
A59: Subtotal Costs | F59: =F28+F32+F36+F42+F48+F54+F58 -> 0 | I59: =I28+I32+I36+I42+I48+I54+I58 -> 0 | L59: =L28+L32+L36+L42+L48+L54+L58 -> 0 | O59: =O28+O32+O36+O42+O48+O54+O58 -> 0 | R59: =R28+R32+R36+R42+R48+R54+R58 -> 0 | U59: =U28+U32+U36+U42+U48+U54+U58 -> 0 | W59: =F59+I59+L59+O59+R59+U59 -> 0
A60: General and Administrative (G&A) (See Escalation and Indirect Rate Worksheet)
B61: Insert G&A rate title | D61: =F28+F32+F36+F42+F48+F54+F58 -> 0 | F61: =ROUND(D61*E61,0) -> 0 | G61: =I28+I32+I36+I42+I48+I54+I58 -> 0 | I61: =ROUND(G61*H61,0) -> 0 | J61: =L28+L32+L36+L42+L48+L54+L58 -> 0 | L61: =ROUND(J61*K61,0) -> 0 | M61: =O28+O32+O36+O42+O48+O54+O58 -> 0 | O61: =ROUND(M61*N61,0) -> 0 | P61: =R28+R32+R36+R42+R48+R54+R58 -> 0 | R61: =ROUND(P61*Q61,0) -> 0 | S61: =U28+U32+U36+U42+U48+U54+U58 -> 0 | U61: =ROUND(S61*T61,0) -> 0 | W61: =F61+I61+L61+O61+R61+U61 -> 0
B62: Insert line(s) & title(s) for any other G&A rates | F62: =ROUND(D62*E62,0) -> 0 | I62: =ROUND(G62*H62,0) -> 0 | L62: =ROUND(J62*K62,0) -> 0 | O62: =ROUND(M62*N62,0) -> 0 | R62: =ROUND(P62*Q62,0) -> 0 | U62: =ROUND(S62*T62,0) -> 0 | W62: =F62+I62+L62+O62+R62+U62 -> 0
B63: Total G&A Costs | F63: =SUM(F61:F62) -> 0 | I63: =SUM(I61:I62) -> 0 | L63: =SUM(L61:L62) -> 0 | O63: =SUM(O61:O62) -> 0 | R63: =SUM(R61:R62) -> 0 | U63: =SUM(U61:U62) -> 0 | W63: =F63+I63+L63+O63+R63+U63 -> 0
A64: Subtotal Costs | F64: =F28+F32+F36+F42+F48+F54+F58+F63 -> 0 | I64: =I28+I32+I36+I42+I48+I54+I58+I63 -> 0 | L64: =L28+L32+L36+L42+L48+L54+L58+L63 -> 0 | O64: =O28+O32+O36+O42+O48+O54+O58+O63 -> 0 | R64: =R28+R32+R36+R42+R48+R54+R58+R63 -> 0 | U64: =U28+U32+U36+U42+U48+U54+U58+U63 -> 0 | W64: =F64+I64+L64+O64+R64+U64 -> 0
A65: Facilities Cost of Money (COM) (See Escalation and Indirect Rate Worksheet)
B66: Insert COM rate title | D66: =0 -> 0 | F66: =ROUND(D66*E66,0) -> 0 | G66: =0 -> 0 | I66: =ROUND(G66*H66,0) -> 0 | J66: =0 -> 0 | L66: =ROUND(J66*K66,0) -> 0 | M66: =0 -> 0 | O66: =ROUND(M66*N66,0) -> 0 | P66: =0 -> 0 | R66: =ROUND(P66*Q66,0) -> 0 | S66: =0 -> 0 | U66: =ROUND(S66*T66,0) -> 0 | W66: =F66+I66+L66+O66+R66+U66 -> 0
B67: Insert line(s) & title(s) for any other COM rates | F67: =ROUND(D67*E67,0) -> 0 | I67: =ROUND(G67*H67,0) -> 0 | L67: =ROUND(J67*K67,0) -> 0 | O67: =ROUND(M67*N67,0) -> 0 | R67: =ROUND(P67*Q67,0) -> 0 | U67: =ROUND(S67*T67,0) -> 0 | W67: =F67+I67+L67+O67+R67+U67 -> 0
B68: Total Cost of Money | F68: =SUM(F66:F67) -> 0 | I68: =SUM(I66:I67) -> 0 | L68: =SUM(L66:L67) -> 0 | O68: =SUM(O66:O67) -> 0 | R68: =SUM(R66:R67) -> 0 | U68: =SUM(U66:U67) -> 0 | W68: =F68+I68+L68+O68+R68+U68 -> 0
A69: Total Estimated Costs | F69: =ROUND(F64+F68,0) -> 0 | I69: =ROUND(I64+I68,0) -> 0 | L69: =ROUND(L64+L68,0) -> 0 | O69: =ROUND(O64+O68,0) -> 0 | R69: =ROUND(R64+R68,0) -> 0 | U69: =ROUND(U64+U68,0) -> 0 | W69: =F69+I69+L69+O69+R69+U69 -> 0
A70: Proposed Fee/Profit | C70: (Note 4) | D70: =F64-F52 -> 0 | F70: =ROUND(D70*E70,0) -> 0 | G70: =I64-I52 -> 0 | I70: =ROUND(G70*H70,0) -> 0 | J70: =L64-L52 -> 0 | L70: =ROUND(J70*K70,0) -> 0 | M70: =O64-O52 -> 0 | O70: =ROUND(M70*N70,0) -> 0 | P70: =R64-R52 -> 0 | R70: =ROUND(P70*Q70,0) -> 0 | S70: =U64-U52 -> 0 | U70: =ROUND(S70*T70,0) -> 0 | W70: =F70+I70+L70+O70+R70+U70 -> 0
A71: Total Proposed Cost | F71: =F69+F70 -> 0 | I71: =I69+I70 -> 0 | L71: =L69+L70 -> 0 | O71: =O69+O70 -> 0 | R71: =R69+R70 -> 0 | U71: =U69+U70 -> 0 | W71: =F71+I71+L71+O71+R71+U71 -> 0
B73: Note 1: Any proposed personnel in the technical proposal should be identified with their labor category.
B74: Note 2: Indicate the start and end date of Offeror's Fiscal Year/Calendar Year
B75: Note 3: The values under Total Direct Labor "hours/base" column indicate the total level of effort for the project for each labor category. The Offeror must define the split of hours between initial and subsequent rate years based on its FY or CY in the prior columns.
B76: Note 4: Profit or fee is not allowed on material costs, direct costs for equipment, Government entities or cost share contracts. In addition, NCD utilizes DD Fom 1547 (DFARS 215.404-70) in calculating the Government objective for fee.

Sheet O-V
A1: Cost Proposal - Option
A2: Prime Offeror Name:
A3: Subcontractor Name:
E4: (NOTE 2) | H4: (NOTE 2) | K4: (NOTE 2) | N4: (NOTE 2) | Q4: (NOTE 2) | T4: (NOTE 2)
E5: CY/FY 11 or 12 | H5: CY/FY 12 or 13 | K5: CY/FY 13 or 14 | N5: CY/FY 14 or 15 | Q5: CY/FY 15 or 16 | T5: CY/FY 16 or 17 | V5: Total
A6: Direct Labor (DL) (Note 1) | E6: MM/YR to MM/YR | H6: MM/YR to MM/YR | K6: MM/YR to MM/YR | N6: MM/YR to MM/YR | Q6: MM/YR to MM/YR | T6: MM/YR to MM/YR | V6: (NOTE 3) | W6: X-Months
B7: Offeror's Labor Category (NOTE 1) | C7: Name (Last, First) | D7: Base/Hours | E7: Rate | F7: Extended $ | G7: Base/Hours | H7: Rate | I7: Extended $ | J7: Base/Hours | K7: Rate | L7: Extended $ | M7: Base/Hours | N7: Rate | O7: Extended $ | P7: Base/Hours | Q7: Rate | R7: Extended $ | S7: Base/Hours | T7: Rate | U7: Extended $ | V7: Base/Hours | W7: Extended $
F8: =ROUND(D8*E8,0) -> 0 | I8: =ROUND(G8*H8,0) -> 0 | L8: =ROUND(J8*K8,0) -> 0 | O8: =ROUND(M8*N8,0) -> 0 | R8: =ROUND(P8*Q8,0) -> 0 | U8: =ROUND(S8*T8,0) -> 0 | V8: =D8+G8+J8+M8+P8+S8 -> 0 | W8: =F8+I8+L8+O8+R8+U8 -> 0
F9: =ROUND(D9*E9,0) -> 0 | I9: =ROUND(G9*H9,0) -> 0 | L9: =ROUND(J9*K9,0) -> 0 | O9: =ROUND(M9*N9,0) -> 0 | R9: =ROUND(P9*Q9,0) -> 0 | U9: =ROUND(S9*T9,0) -> 0 | V9: =D9+G9+J9+M9+P9+S9 -> 0 | W9: =F9+I9+L9+O9+R9+U9 -> 0
F10: =ROUND(D10*E10,0) -> 0 | I10: =ROUND(G10*H10,0) -> 0 | L10: =ROUND(J10*K10,0) -> 0 | O10: =ROUND(M10*N10,0) -> 0 | R10: =ROUND(P10*Q10,0) -> 0 | U10: =ROUND(S10*T10,0) -> 0 | V10: =D10+G10+J10+M10+P10+S10 -> 0 | W10: =F10+I10+L10+O10+R10+U10 -> 0
F11: =ROUND(D11*E11,0) -> 0 | I11: =ROUND(G11*H11,0) -> 0 | L11: =ROUND(J11*K11,0) -> 0 | O11: =ROUND(M11*N11,0) -> 0 | R11: =ROUND(P11*Q11,0) -> 0 | U11: =ROUND(S11*T11,0) -> 0 | V11: =D11+G11+J11+M11+P11+S11 -> 0 | W11: =F11+I11+L11+O11+R11+U11 -> 0
F12: =ROUND(D12*E12,0) -> 0 | I12: =ROUND(G12*H12,0) -> 0 | L12: =ROUND(J12*K12,0) -> 0 | O12: =ROUND(M12*N12,0) -> 0 | R12: =ROUND(P12*Q12,0) -> 0 | U12: =ROUND(S12*T12,0) -> 0 | V12: =D12+G12+J12+M12+P12+S12 -> 0 | W12: =F12+I12+L12+O12+R12+U12 -> 0
F13: =ROUND(D13*E13,0) -> 0 | I13: =ROUND(G13*H13,0) -> 0 | L13: =ROUND(J13*K13,0) -> 0 | O13: =ROUND(M13*N13,0) -> 0 | R13: =ROUND(P13*Q13,0) -> 0 | U13: =ROUND(S13*T13,0) -> 0 | V13: =D13+G13+J13+M13+P13+S13 -> 0 | W13: =F13+I13+L13+O13+R13+U13 -> 0
F14: =ROUND(D14*E14,0) -> 0 | I14: =ROUND(G14*H14,0) -> 0 | L14: =ROUND(J14*K14,0) -> 0 | O14: =ROUND(M14*N14,0) -> 0 | R14: =ROUND(P14*Q14,0) -> 0 | U14: =ROUND(S14*T14,0) -> 0 | V14: =D14+G14+J14+M14+P14+S14 -> 0 | W14: =F14+I14+L14+O14+R14+U14 -> 0
F15: =ROUND(D15*E15,0) -> 0 | I15: =ROUND(G15*H15,0) -> 0 | L15: =ROUND(J15*K15,0) -> 0 | O15: =ROUND(M15*N15,0) -> 0 | R15: =ROUND(P15*Q15,0) -> 0 | U15: =ROUND(S15*T15,0) -> 0 | V15: =D15+G15+J15+M15+P15+S15 -> 0 | W15: =F15+I15+L15+O15+R15+U15 -> 0
F16: =ROUND(D16*E16,0) -> 0 | I16: =ROUND(G16*H16,0) -> 0 | L16: =ROUND(J16*K16,0) -> 0 | O16: =ROUND(M16*N16,0) -> 0 | R16: =ROUND(P16*Q16,0) -> 0 | U16: =ROUND(S16*T16,0) -> 0 | V16: =D16+G16+J16+M16+P16+S16 -> 0 | W16: =F16+I16+L16+O16+R16+U16 -> 0
F17: =ROUND(D17*E17,0) -> 0 | I17: =ROUND(G17*H17,0) -> 0 | L17: =ROUND(J17*K17,0) -> 0 | O17: =ROUND(M17*N17,0) -> 0 | R17: =ROUND(P17*Q17,0) -> 0 | U17: =ROUND(S17*T17,0) -> 0 | V17: =D17+G17+J17+M17+P17+S17 -> 0 | W17: =F17+I17+L17+O17+R17+U17 -> 0
F18: =ROUND(D18*E18,0) -> 0 | I18: =ROUND(G18*H18,0) -> 0 | L18: =ROUND(J18*K18,0) -> 0 | O18: =ROUND(M18*N18,0) -> 0 | R18: =ROUND(P18*Q18,0) -> 0 | U18: =ROUND(S18*T18,0) -> 0 | V18: =D18+G18+J18+M18+P18+S18 -> 0 | W18: =F18+I18+L18+O18+R18+U18 -> 0
F19: =ROUND(D19*E19,0) -> 0 | I19: =ROUND(G19*H19,0) -> 0 | L19: =ROUND(J19*K19,0) -> 0 | O19: =ROUND(M19*N19,0) -> 0 | R19: =ROUND(P19*Q19,0) -> 0 | U19: =ROUND(S19*T19,0) -> 0 | V19: =D19+G19+J19+M19+P19+S19 -> 0 | W19: =F19+I19+L19+O19+R19+U19 -> 0
... F27: =ROUND(D27*E27,0) -> 0 | I27: =ROUND(G27*H27,0) -> 0 | L27: =ROUND(J27*K27,0) -> 0 | O27: =ROUND(M27*N27,0) -> 0 | R27: =ROUND(P27*Q27,0) -> 0 | U27: =ROUND(S27*T27,0) -> 0 | V27: =D27+G27+J27+M27+P27+S27 -> 0 | W27: =F27+I27+L27+O27+R27+U27 -> 0
B28: Total Direct Labor Costs | D28: =SUM(D8:D27) -> 0 | F28: =SUM(F8:F27) -> 0 | G28: =SUM(G8:G27) -> 0 | I28: =SUM(I8:I27) -> 0 | J28: =SUM(J8:J27) -> 0 | L28: =SUM(L8:L27) -> 0 | M28: =SUM(M8:M27) -> 0 | O28: =SUM(O8:O27) -> 0 | P28: =SUM(P8:P27) -> 0 | R28: =SUM(R8:R27) -> 0 | S28: =SUM(S8:S27) -> 0 | U28: =SUM(U8:U27) -> 0 | V28: =SUM(V8:V27) -> 0 | W28: =F28+I28+L28+O28+R28+U28 -> 0
A29: Fringe Benefits (F/B) (See Escalation and Indirect Rate Worksheet)
B30: Insert F/B rate title | D30: =F28 -> 0 | F30: =ROUND(D30*E30,0) -> 0 | G30: =I28 -> 0 | I30: =ROUND(G30*H30,0) -> 0 | J30: =L28 -> 0 | L30: =ROUND(J30*K30,0) -> 0 | M30: =O28 -> 0 | O30: =ROUND(M30*N30,0) -> 0 | P30: =R28 -> 0 | R30: =ROUND(P30*Q30,0) -> 0 | S30: =U28 -> 0 | U30: =ROUND(S30*T30,0) -> 0 | W30: =F30+I30+L30+O30+R30+U30 -> 0
B31: Insert line(s) & title(s) for any other F/B rates | F31: =ROUND(D31*E31,0) -> 0 | I31: =ROUND(G31*H31,0) -> 0 | L31: =ROUND(J31*K31,0) -> 0 | O31: =ROUND(M31*N31,0) -> 0 | R31: =ROUND(P31*Q31,0) -> 0 | U31: =ROUND(S31*T31,0) -> 0 | W31: =F31+I31+L31+O31+R31+U31 -> 0
B32: Total Fringe Benefit Costs | F32: =SUM(F30:F31) -> 0 | I32: =SUM(I30:I31) -> 0 | L32: =ROUND(J32*K32,0) -> 0 | O32: =SUM(O30:O31) -> 0 | R32: =SUM(R30:R31) -> 0 | U32: =SUM(U30:U31) -> 0 | W32: =F32+I32+L32+O32+R32+U32 -> 0
A33: Labor Overhead (O/H) (See Escalation and Indirect Rate Worksheet)
B34: Insert O/H rate title | D34: =F28+F32 -> 0 | F34: =ROUND(D34*E34,0) -> 0 | G34: =I28+I32 -> 0 | I34: =ROUND(G34*H34,0) -> 0 | J34: =L28+L32 -> 0 | L34: =ROUND(J34*K34,0) -> 0 | M34: =O28+O32 -> 0 | O34: =ROUND(M34*N34,0) -> 0 | P34: =R28+R32 -> 0 | R34: =ROUND(P34*Q34,0) -> 0 | S34: =U28+U32 -> 0 | U34: =ROUND(S34*T34,0) -> 0 | W34: =F34+I34+L34+O34+R34+U34 -> 0
B35: Insert line(s) & title(s) for any other O/H rates | F35: =ROUND(D35*E35,0) -> 0 | I35: =ROUND(G35*H35,0) -> 0 | L35: =ROUND(J35*K35,0) -> 0 | O35: =ROUND(M35*N35,0) -> 0 | R35: =ROUND(P35*Q35,0) -> 0 | U35: =ROUND(S35*T35,0) -> 0 | W35: =F35+I35+L35+O35+R35+U35 -> 0
B36: Total Labor Overhead Costs | F36: =SUM(F34:F35) -> 0 | I36: =SUM(I34:I35) -> 0 | L36: =SUM(L34:L35) -> 0 | O36: =SUM(O34:O35) -> 0 | R36: =SUM(R34:R35) -> 0 | U36: =SUM(U34:U35) -> 0 | W36: =F36+I36+L36+O36+R36+U36 -> 0
A37: Subcontracts/Interorganizational Transfer | C37: File/Tab Name or Link
B38: Subcontract/Interorganizational Name - #01 | C38: Identify Tab/File Name of Each Sub | F38: 0 | I38: 0 | L38: 0 | O38: 0 | R38: 0 | U38: 0 | W38: =F38+I38+L38+O38+R38+U38 -> 0
B39: Subcontract/Interorganizational Name - #02 | C39: Identify Tab/File Name of Each Sub | F39: 0 | I39: 0 | L39: 0 | O39: 0 | R39: 0 | U39: 0 | W39: =F39+I39+L39+O39+R39+U39 -> 0
B40: Subcontract/Interorganizational Name - #03 | C40: Identify Tab/File Name of Each Sub | F40: 0 | I40: 0 | L40: 0 | O40: 0 | R40: 0 | U40: 0 | W40: =F40+I40+L40+O40+R40+U40 -> 0
B41: Insert line(s) for any additional Subcontractors/Interorganizational | C41: Identify Tab/File Name of Each Sub | F41: 0 | I41: 0 | L41: 0 | O41: 0 | R41: 0 | U41: 0 | W41: =F41+I41+L41+O41+R41+U41 -> 0
B42: Total Subcontract Costs | F42: =SUM(F38:F41) -> 0 | I42: =SUM(I38:I41) -> 0 | L42: =SUM(L38:L41) -> 0 | O42: =SUM(O38:O41) -> 0 | R42: =SUM(R38:R41) -> 0 | U42: =SUM(U38:U41) -> 0 | W42: =F42+I42+L42+O42+R42+U42 -> 0
A43: Consultants
B44: Consultant Name - #01 | C44: Provide details on next Worksheet | F44: =ROUND(D44*E44,0) -> 0 | I44: =ROUND(G44*H44,0) -> 0 | L44: =ROUND(J44*K44,0) -> 0 | O44: =ROUND(M44*N44,0) -> 0 | R44: =ROUND(P44*Q44,0) -> 0 | U44: =ROUND(S44*T44,0) -> 0 | W44: =F44+I44+L44+O44+R44+U44 -> 0
B45: Consultant Name - #02 | C45: Provide details on next Worksheet | F45: =ROUND(D45*E45,0) -> 0 | I45: =ROUND(G45*H45,0) -> 0 | L45: =ROUND(J45*K45,0) -> 0 | O45: =ROUND(M45*N45,0) -> 0 | R45: =ROUND(P45*Q45,0) -> 0 | U45: =ROUND(S45*T45,0) -> 0 | W45: =F45+I45+L45+O45+R45+U45 -> 0
B46: Consultant Name - #03 | C46: Provide details on next Worksheet | F46: =ROUND(D46*E46,0) -> 0 | I46: =ROUND(G46*H46,0) -> 0 | L46: =ROUND(J46*K46,0) -> 0 | O46: =ROUND(M46*N46,0) -> 0 | R46: =ROUND(P46*Q46,0) -> 0 | U46: =ROUND(S46*T46,0) -> 0 | W46: =F46+I46+L46+O46+R46+U46 -> 0
B47: Insert line(s) for any additional Consultants | C47: Provide details on next Worksheet | F47: =ROUND(D47*E47,0) -> 0 | I47: =ROUND(G47*H47,0) -> 0 | L47: =ROUND(J47*K47,0) -> 0 | O47: =ROUND(M47*N47,0) -> 0 | R47: =ROUND(P47*Q47,0) -> 0 | U47: =ROUND(S47*T47,0) -> 0 | W47: =F47+I47+L47+O47+R47+U47 -> 0
B48: Total Consultant Costs | F48: =SUM(F44:F47) -> 0 | I48: =SUM(I44:I47) -> 0 | L48: =SUM(L44:L47) -> 0 | O48: =SUM(O44:O47) -> 0 | R48: =SUM(R44:R47) -> 0 | U48: =SUM(U44:U47) -> 0 | W48: =F48+I48+L48+O48+R48+U48 -> 0
A49: Other Direct Costs
B50: Materials/Supplies | C50: Provide details on next Worksheet | F50: 0 | I50: 0 | L50: 0 | O50: 0 | R50: 0 | U50: 0 | W50: =F50+I50+L50+O50+R50+U50 -> 0
B51: Equipment | C51: Provide details on next Worksheet | F51: 0 | I51: 0 | L51: 0 | O51: 0 | R51: 0 | U51: 0 | W51: =F51+I51+L51+O51+R51+U51 -> 0
B52: Travel | C52: Provide details on next Worksheet | F52: 0 | I52: 0 | L52: 0 | O52: 0 | R52: 0 | U52: 0 | W52: =F52+I52+L52+O52+R52+U52 -> 0
B53: Insert line(s) for any other types of ODCs | C53: Provide details on next Worksheet | F53: 0 | I53: 0 | L53: 0 | O53: 0 | R53: 0 | U53: 0 | W53: =F53+I53+L53+O53+R53+U53 -> 0
B54: Total Other Direct Costs | F54: =SUM(F50:F53) -> 0 | I54: =SUM(I50:I53) -> 0 | L54: =SUM(L50:L53) -> 0 | O54: =SUM(O50:O53) -> 0 | R54: =SUM(R50:R53) -> 0 | U54: =SUM(U50:U53) -> 0 | W54: =F54+I54+L54+O54+R54+U54 -> 0
A55: Material Handling (M/H O/H) (See Escalation and Indirect Rate Worksheet)
B56: Insert M/H O/H rate title | D56: 0 | F56: =ROUND(D56*E56,0) -> 0 | G56: 0 | I56: =ROUND(G56*H56,0) -> 0 | J56: 0 | L56: =ROUND(J56*K56,0) -> 0 | M56: 0 | O56: =ROUND(M56*N56,0) -> 0 | P56: 0 | R56: =ROUND(P56*Q56,0) -> 0 | S56: 0 | U56: =ROUND(S56*T56,0) -> 0 | W56: =F56+I56+L56+O56+R56+U56 -> 0
B57: Insert line(s) & title(s) for any other M/H O/H rates | F57: =ROUND(D57*E57,0) -> 0 | I57: =ROUND(G57*H57,0) -> 0 | L57: =ROUND(J57*K57,0) -> 0 | O57: =ROUND(M57*N57,0) -> 0 | R57: =ROUND(P57*Q57,0) -> 0 | U57: =ROUND(S57*T57,0) -> 0 | W57: =F57+I57+L57+O57+R57+U57 -> 0
B58: Total Material Handling Costs | F58: =SUM(F56:F57) -> 0 | I58: =SUM(I56:I57) -> 0 | L58: =SUM(L56:L57) -> 0 | O58: =SUM(O56:O57) -> 0 | R58: =SUM(R56:R57) -> 0 | U58: =SUM(U56:U57) -> 0 | W58: =F58+I58+L58+O58+R58+U58 -> 0
A59: Subtotal Costs | F59: =F28+F32+F36+F42+F48+F54+F58 -> 0 | I59: =I28+I32+I36+I42+I48+I54+I58 -> 0 | L59: =L28+L32+L36+L42+L48+L54+L58 -> 0 | O59: =O28+O32+O36+O42+O48+O54+O58 -> 0 | R59: =R28+R32+R36+R42+R48+R54+R58 -> 0 | U59: =U28+U32+U36+U42+U48+U54+U58 -> 0 | W59: =F59+I59+L59+O59+R59+U59 -> 0
A60: General and Administrative (G&A) (See Escalation and Indirect Rate Worksheet)
B61: Insert G&A rate title | D61: =F28+F32+F36+F42+F48+F54+F58 -> 0 | F61: =ROUND(D61*E61,0) -> 0 | G61: =I28+I32+I36+I42+I48+I54+I58 -> 0 | I61: =ROUND(G61*H61,0) -> 0 | J61: =L28+L32+L36+L42+L48+L54+L58 -> 0 | L61: =ROUND(J61*K61,0) -> 0 | M61: =O28+O32+O36+O42+O48+O54+O58 -> 0 | O61: =ROUND(M61*N61,0) -> 0 | P61: =R28+R32+R36+R42+R48+R54+R58 -> 0 | R61: =ROUND(P61*Q61,0) -> 0 | S61: =U28+U32+U36+U42+U48+U54+U58 -> 0 | U61: =ROUND(S61*T61,0) -> 0 | W61: =F61+I61+L61+O61+R61+U61 -> 0
B62: Insert line(s) & title(s) for any other G&A rates | F62: =ROUND(D62*E62,0) -> 0 | I62: =ROUND(G62*H62,0) -> 0 | L62: =ROUND(J62*K62,0) -> 0 | O62: =ROUND(M62*N62,0) -> 0 | R62: =ROUND(P62*Q62,0) -> 0 | U62: =ROUND(S62*T62,0) -> 0 | W62: =F62+I62+L62+O62+R62+U62 -> 0
B63: Total G&A Costs | F63: =SUM(F61:F62) -> 0 | I63: =SUM(I61:I62) -> 0 | L63: =SUM(L61:L62) -> 0 | O63: =SUM(O61:O62) -> 0 | R63: =SUM(R61:R62) -> 0 | U63: =SUM(U61:U62) -> 0 | W63: =F63+I63+L63+O63+R63+U63 -> 0
A64: Subtotal Costs | F64: =F28+F32+F36+F42+F48+F54+F58+F63 -> 0 | I64: =I28+I32+I36+I42+I48+I54+I58+I63 -> 0 | L64: =L28+L32+L36+L42+L48+L54+L58+L63 -> 0 | O64: =O28+O32+O36+O42+O48+O54+O58+O63 -> 0 | R64: =R28+R32+R36+R42+R48+R54+R58+R63 -> 0 | U64: =U28+U32+U36+U42+U48+U54+U58+U63 -> 0 | W64: =F64+I64+L64+O64+R64+U64 -> 0
A65: Facilities Cost of Money (COM) (See Escalation and Indirect Rate Worksheet)
B66: Insert COM rate title | D66: =0 -> 0 | F66: =ROUND(D66*E66,0) -> 0 | G66: =0 -> 0 | I66: =ROUND(G66*H66,0) -> 0 | J66: =0 -> 0 | L66: =ROUND(J66*K66,0) -> 0 | M66: =0 -> 0 | O66: =ROUND(M66*N66,0) -> 0 | P66: =0 -> 0 | R66: =ROUND(P66*Q66,0) -> 0 | S66: =0 -> 0 | U66: =ROUND(S66*T66,0) -> 0 | W66: =F66+I66+L66+O66+R66+U66 -> 0
B67: Insert line(s) & title(s) for any other COM rates | F67: =ROUND(D67*E67,0) -> 0 | I67: =ROUND(G67*H67,0) -> 0 | L67: =ROUND(J67*K67,0) -> 0 | O67: =ROUND(M67*N67,0) -> 0 | R67: =ROUND(P67*Q67,0) -> 0 | U67: =ROUND(S67*T67,0) -> 0 | W67: =F67+I67+L67+O67+R67+U67 -> 0
B68: Total Cost of Money | F68: =SUM(F66:F67) -> 0 | I68: =SUM(I66:I67) -> 0 | L68: =SUM(L66:L67) -> 0 | O68: =SUM(O66:O67) -> 0 | R68: =SUM(R66:R67) -> 0 | U68: =SUM(U66:U67) -> 0 | W68: =F68+I68+L68+O68+R68+U68 -> 0
A69: Total Estimated Costs | F69: =ROUND(F64+F68,0) -> 0 | I69: =ROUND(I64+I68,0) -> 0 | L69: =ROUND(L64+L68,0) -> 0 | O69: =ROUND(O64+O68,0) -> 0 | R69: =ROUND(R64+R68,0) -> 0 | U69: =ROUND(U64+U68,0) -> 0 | W69: =F69+I69+L69+O69+R69+U69 -> 0
A70: Proposed Fee/Profit | C70: (Note 4) | D70: =F64-F52 -> 0 | F70: =ROUND(D70*E70,0) -> 0 | G70: =I64-I52 -> 0 | I70: =ROUND(G70*H70,0) -> 0 | J70: =L64-L52 -> 0 | L70: =ROUND(J70*K70,0) -> 0 | M70: =O64-O52 -> 0 | O70: =ROUND(M70*N70,0) -> 0 | P70: =R64-R52 -> 0 | R70: =ROUND(P70*Q70,0) -> 0 | S70: =U64-U52 -> 0 | U70: =ROUND(S70*T70,0) -> 0 | W70: =F70+I70+L70+O70+R70+U70 -> 0
A71: Total Proposed Cost | F71: =F69+F70 -> 0 | I71: =I69+I70 -> 0 | L71: =L69+L70 -> 0 | O71: =O69+O70 -> 0 | R71: =R69+R70 -> 0 | U71: =U69+U70 -> 0 | W71: =F71+I71+L71+O71+R71+U71 -> 0
B73: Note 1: Any proposed personnel in the technical proposal should be identified with their labor category.
B74: Note 2: Indicate the start and end date of Offeror's Fiscal Year/Calendar Year
B75: Note 3: The values under Total Direct Labor "hours/base" column indicate the total level of effort for the project for each labor category. The Offeror must define the split of hours between initial and subsequent rate years based on its FY or CY in the prior columns.
B76: Note 4: Profit or fee is not allowed on material costs, direct costs for equipment, Government entities or cost share contracts. In addition, NCD utilizes DD Fom 1547 (DFARS 215.404-70) in calculating the Government objective for fee.

Sheet Labor&Ind Rates
A1: LABOR Information
D3: Year 1 | E3: Year 2 | F3: Year 3 | G3: Year 4 | H3: Basis of Labor Rate
A4: Labor Category (Note 1) | C4: Name | D4: Escalation Rate | E4: Escalation Rate | F4: Escalation Rate | G4: Escalation Rate | H4: (Example: Individual Payrate, Average for Job Category, etc.)
K5: Y
K6: N
A15: Indirect Rates (Note 2)
D16: Year 1 | E16: Year 2 | F16: Year 3 | G16: Year 4 | H16: Basis of Rate | I16: Applied Against
A17: Rate Category | D17: Rate | E17: Rate | F17: Rate | G17: Rate | H17: (Example: FPRA, FPRP, Estimate, etc.)
A18: Fringe Benefits
A19: Labor Overhead
A20: Material Handling
A21: General and Administrative
A22: Facilities Cost of Money
A26: Note 1: | B26: Add additional labor categories if needed.
A28: Note 2: | B28: Add additional indirect rates as needed.
B29: If the offeror does not have a Forward Pricing Rate Agreement (FPRA), Forward Pricing Rate Recommendation (FPRR), or provisional billing rates; in order
B30: to assist the Government in evaluating the reasonableness of your proposed indirect rates, please provide the following information:
C31: 1. Proforma data used to develop your proposed indirect rates. This typically consists of pool costs and base costs that demonstrate
D32: how the indirect rates were derived.
C33: 2. Information regarding your projections for out years, including your assumptions and method for developing these estimates.

Sheet Subcontractor
A1: SUBCONTRACTOR COST DATA
A2: Subcontracts/Interorganizational Transfers – A fully disclosed cost proposal as detailed as the Offeror’s cost proposal including support documentation will be required to be submitted by all proposed subcontractors and for all interorganizational transfers over $150,000. For subcontracts and interorganizational transfers under $150,000, only a cost proposal with cost categories broken out muct be provided. If options are proposed, the option periods should be separately priced. The subcontract or interorganizational transfer proposal, along with supporting documentation, must be provided either in a sealed envelope with the prime’s proposal or via email directly to the Program Officer or Contract Specialist upon request. The email should identify the prime Offeror, proposal title, and that the attached proposal is a subcontract. The subcontractor and interorganizational transfer proposals with supporting documentation must be received and reviewed before the Government can complete its cost analysis of the proposal and enter negotiations.
A7: The prime contractor shall perform and provide a cost/price analysis of each subcontractor’s cost proposal. Offerors are required to obtain competition to the maximum extent practicable when selecting subcontractors; if the offeror has obtained competitive quotes, copies should be provided. If the Offeror has selected other than the low bid for inclusion in their proposal or intends to award the subcontract on a sole-source basis, the offeror should provide rationale for their decision. For sole-sourced subcontracts, the prime contractor must provide a short sole-source justification.
A10: Certified cost or pricing data may be required for subcontractor proposals over $700,000.
A12: *Note: Federal Acquisition Regulation provision 52.215-22 is incorporated into this solicitation by reference. The offeror is to exclude excessive pass-through charges from subcontractors. The offeror must identify in its proposal the percentage of effort it intends to perform and the percentage to be performed by each of its proposed subcontractors. If more than 70 percent of the total effort will be performed through subcontractors, the offeror must include the additional information required by the above-cited clause.
B15: Subcontractor | D15: Cage Code | F15: Competitive/Sole Source | H15: Cost/price analysis included (Y/N) | J15: Type of Subcontract (i.e., Fixed Price, Time and Materials, etc.) | L15: Competitive Quotes or Sole Source Documentation Included (Y/N) | N15: Total amount exceeds $700K (Y/N)
Q16: Y
Q17: N

Sheet Consultants
A1: CONSULTANTS (Note 2)
A4: Name | B4: Description of effort to be performed by the Consultant or attach Consultant Statement of Work | C4: Number of Hours | D4: Hourly Rate | E4: Travel costs | F4: Other Costs | G4: Total | H4: Basis of Estimate (Note 1) | I4: Included copy of Consulting Agreement or other documentation supporting the proposed rate (Y/N) | J4: Reference Document Number
A5: Base | K5: Y
K6: N
A9: Option I
F14: TOTAL | G14: =SUM(G5:G13) -> 0
A17: Note 1: | B17: Describe how and why the consultant was selected.
A19: Note 2: | B19: Include a separate section in the above table for the base and each option

Sheet Materials-Supplies
A1: MATERIALS - SUPPLIES (Note 1 and 2)
A3: Item | B3: Description of Material | C3: Qty | D3: Unit Price | E3: Total Price | F3: Competitive /Sole Source | G3: Vendor/Source (If known) | H3: Basis of Estimate (Note 3) | I3: Supporting documentation has been provided (Y/N) (Note 3) | J3: Reference Document Number
A4: Base | K4: Y
A5: 1 | K5: N
A6: 2
A7: 3
A8: Option I
A9: 5
A10: 6
A11: 7
A12: 8
D13: TOTAL | E13: =SUM(E4:E12) -> 0
A16: Note 1: | B16: Material is property that may be incorporated into or attached to a deliverable end item or that may be consumed
B17: or expended in performing a contract. It includes assemblies, components, parts, raw and processed materials, and
B18: small tools and supplies that may be consumed in normal use in performing a contract. Material should be proposed
B19: separately from Equipment (see following spreadsheet and definitions).
A21: Note 2: | B21: Include a separate section in the above table for the base and each option
A23: Note 3: | B23: Provide as an attachment all supporting documentation to support your price basis i.e. copy of quote, page from catalog, or a detailed explanation of how the engineering estimate was derived

Sheet Equipment
A1: Equipment (Note 1 and 2)
A3: Item | B3: Description of Equipment (Note 1) | C3: Justification for why the equipment is needed | D3: Will the equipment be included as part of a deliverable item under the award? (Y/N) | E3: Type of Equipment (special test equipment, special tooling, general purpose equipment, or plant equipment) (Note 3) | F3: Qty | G3: Unit of Issue | H3: Unit Price | I3: Total Price | J3: Vendor/Source | K3: Basis of Estimate (Note 4) | L3: Supporting documentation has been provided (Y/N) (Note 4) | M3: Reference Document Number
A4: Base | N4: Y
N5: N
A7: Option I
H9: TOTAL | I9: =SUM(I4:I8) -> 0
A11: Note 1: | B11: Contractors are normally required to furnish all equipment and/or facilities necessary to perform Government contracts (see FAR 45.102(a)). The Government may allow equipment and/or facilities only under a special circumstances. If equipment and/or facilities are proposed, the specific description should identify the component, nomenclature, and configuration of the equipment/hardware that it proposes to purchase for this effort. The purchase on a direct reimbursement basis of equipment that is not included in a deliverable item will be evaluated for allowability on a case-by-case basis. Maximum use of Government integration, test, and experiment facilities is encouraged.
A14: Note 2: | B14: Include a separate section in the above table for the base and each option
A16: Note 3: | B16: Definitions:
B17: Special Test Equipment is defined as either single or multipurpose integrated test units engineered, designed, fabricated, or modified to accomplish special purpose testing in performing a contract. It consists of items or assemblies of equipment including standard or general purpose items or components that are interconnected and interdependent so as to become a new functional entity for special testing purposes.
B20: Special tooling is defined as jigs, dies, fixtures, molds, patterns, taps, gauges, and all components of these items, including foundations and similar improvements necessary for installing special test equipment, and which are of such a specialized nature that without substantial modification or alteration their use is limited to the development or production of particular supplies or parts thereof or to the performance of particular services.
B24: Plant equipment means personal property of a capital nature (including equipment, machine tools, test equipment, furniture, vehicles, and accessory and auxiliary items) for use in manufacturing supplies, in performing services, or for any administrative or general plant purpose. It does not include special tooling or special test equipment.
A27: Note 4: | B27: Provide as an attachment all supporting documentation to support your price basis i.e. copy of quote, page from catalog, or detailed explanation of how the engineering estimate was derived.

Sheet Travel
A1: TRAVEL | B1: (Note 1 and 2)
A3: From: | B3: Trip | C3: Number | D3: Number | E3: Number | F3: Number | G3: Air/Rail | H3: Per Diem | I3: Per Diem | J3: Per Diem | K3: Car | L3: Parking | M3: Mileage | N3: Conference | O3: Taxi | P3: Other
A4: To: | B4: Purpose | C4: TRIPS | D4: TRVLRS | E4: DAYS | F4: NIGHTS | H4: MEALS Full days | I4: MEALS 1st & last | J4: LODGING | K4: Rental | N4: Fee | Q4: TOTAL
A5: Base
A6: xx | C6: 0 | D6: 0 | E6: 0 | F6: 0 | G6: 0 | H6: 0 | I6: =+H6*0.75 -> 0 | J6: 0 | K6: 0
C7: trip costs | G7: =+G6*C6*D6 -> 0 | H7: =+(H6*C6*D6*(E6-2)) -> 0 | I7: =(I6*C6*D6*2) -> 0 | J7: =J6*F6*D6*C6 -> 0 | K7: =+K6*C6*E6 -> 0 | L7: 0 | Q7: =SUM(G7:P7) -> 0
A8: xx | C8: 0 | D8: 0 | E8: 0 | F8: 0 | G8: 0 | H8: 0 | I8: =+H8*0.75 -> 0 | J8: 0 | K8: 0
C9: trip costs | G9: =+G8*C8*D8 -> 0 | H9: =+(H8*C8*D8*(E8-2)) -> 0 | I9: =(I8*C8*D8*2) -> 0 | J9: =J8*F8*D8*C8 -> 0 | K9: =+K8*C8*E8 -> 0 | L9: 0 | Q9: =SUM(G9:P9) -> 0
A10: xx | C10: 0 | D10: 0 | E10: 0 | F10: 0 | G10: 0 | H10: 0 | I10: =+H10*0.75 -> 0 | J10: 0 | K10: 0
C11: trip costs | G11: =+G10*C10*D10 -> 0 | H11: =+(H10*C10*D10*(E10-2)) -> 0 | I11: =(I10*C10*D10*2) -> 0 | J11: =J10*F10*D10*C10 -> 0 | K11: 0 | L11: 0 | Q11: =SUM(G11:P11) -> 0
A12: xx | C12: 0 | D12: 0 | E12: 0 | F12: 0 | G12: 0 | H12: 0 | I12: =+H12*0.75 -> 0 | J12: 0 | K12: 0
C13: trip costs | G13: =+G12*C12*D12 -> 0 | H13: =+(H12*C12*D12*(E12-2)) -> 0 | I13: =(I12*C12*D12*2) -> 0 | J13: =J12*F12*D12*C12 -> 0 | K13: =+K12*C12*E12 -> 0 | L13: 0 | Q13: =SUM(G13:P13) -> 0
A14: xx | C14: 0 | D14: 0 | E14: 0 | F14: 0 | G14: 0 | H14: 0 | I14: =+H14*0.75 -> 0 | J14: 0 | K14: 0
C15: trip costs | G15: =+G14*C14*D14 -> 0 | H15: =+(H14*C14*D14*(E14-2)) -> 0 | I15: =(I14*C14*D14*2) -> 0 | J15: =J14*F14*D14*C14 -> 0 | K15: =+K14*C14*E14 -> 0 | L15: 0 | Q15: =SUM(G15:P15) -> 0
A16: Option 1
A17: xx | C17: 0 | D17: 0 | E17: 0 | F17: 0 | G17: 0 | H17: 0 | I17: =+H17*0.75 -> 0 | J17: 0 | K17: 0
C18: trip costs | G18: =+G17*C17*D17 -> 0 | H18: =+(H17*C17*D17*(E17-2)) -> 0 | I18: =(I17*C17*D17*2) -> 0 | J18: =J17*F17*D17*C17 -> 0 | K18: =+K17*C17*E17 -> 0 | L18: 0 | Q18: =SUM(G18:P18) -> 0
A19: xx | C19: 0 | D19: 0 | E19: 0 | F19: 0 | G19: 0 | H19: 0 | I19: =+H19*0.75 -> 0 | J19: 0 | K19: 0
C20: trip costs | G20: =+G19*C19*D19 -> 0 | H20: =+(H19*C19*D19*(E19-2)) -> 0 | I20: =(I19*C19*D19*2) -> 0 | J20: =J19*F19*D19*C19 -> 0 | K20: =+K19*C19*E19 -> 0 | L20: 0 | Q20: =SUM(G20:P20) -> 0
A21: xx | C21: 0 | D21: 0 | E21: 0 | F21: 0 | G21: 0 | H21: 0 | I21: =+H21*0.75 -> 0 | J21: 0 | K21: 0
C22: trip costs | G22: =+G21*C21*D21 -> 0 | H22: =+(H21*C21*D21*(E21-2)) -> 0 | I22: =(I21*C21*D21*2) -> 0 | J22: =J21*F21*D21*C21 -> 0 | K22: =+K21*C21*E21 -> 0 | L22: 0 | Q22: =SUM(G22:P22) -> 0
A23: xx | C23: 0 | D23: 0 | E23: 0 | F23: 0 | G23: 0 | H23: 0 | I23: =+H23*0.75 -> 0 | J23: 0 | K23: 0
C24: trip costs | G24: =+G23*C23*D23 -> 0 | H24: =+(H23*C23*D23*(E23-2)) -> 0 | I24: =(I23*C23*D23*2) -> 0 | J24: =J23*F23*D23*C23 -> 0 | K24: =+K23*C23*E23 -> 0 | L24: 0 | Q24: =SUM(G24:P24) -> 0
A25: xx | C25: 0 | D25: 0 | E25: 0 | F25: 0 | G25: 0 | H25: 0 | I25: =+H25*0.75 -> 0 | J25: 0 | K25: 0
C26: trip costs | G26: =+G25*C25*D25 -> 0 | H26: =+(H25*C25*D25*(E25-2)) -> 0 | I26: =(I25*C25*D25*2) -> 0 | J26: =J25*F25*D25*C25 -> 0 | K26: =+K25*C25*E25 -> 0 | L26: 0 | Q26: =SUM(G26:P26) -> 0
A27: TOTAL | Q27: =SUM(Q6:Q26) -> 0
A29: Note 1: | B29: Estimates and the resultant costs claimed must conform to the applicable Federal cost principles.
A33: Note 2: | B33: Include a separate section in the above table for the base and each option
A35: Note 3: | B35: If there are miscellaneous expenses associated with the trip, provide description and rationale.
A37: Note 4: | B37: Per Diem Rates proposed should not exceed General Services Administration (GSA) Per Diem rates for the destination area,
B38: available at http://www.gsa.gov/portal/category/21287

Sheet ODC Details
A1: OTHER DIRECT COSTS (Notes 1 and 2)
A3: Description | B3: Qty | C3: Unit of Issue | D3: Unit Price | E3: Total Price | F3: Basis of Estimate (Note 3) | G3: Supporting documentation has been provided (Y/N) (Note 3) | H3: Reference Document Number
A4: Base | I4: Y
I5: N
A7: Option I
D11: TOTAL | E11: =SUM(E4:E10) -> 0
A14: Note 1: | B14: Examples include rental fees, shipping costs, license fees
A16: Note 2: | B16: Include a separate section in the above table for the base and each option
A18: Note 3: | B18: Provide as an attachment all supporting documentation to support your price basis, e.g., copy of quote or detailed explanation of how the engineering estimate was derived

Sheet Task 1
A1: Cost Proposal (NOTE 4)
E2: (NOTE 2) | H2: (NOTE 2) | K2: (NOTE 2) | N2: (NOTE 2) | Q2: (NOTE 4) | T2: (NOTE 2)
A3: Direct Labor (DL) (Note 1) | E3: CY/FY 10 or 11 | H3: CY/FY 11 or 12 | K3: CY/FY 12 or 13 | N3: CY/FY 13 or 14 | Q3: CY/FY 12 or 13 | T3: CY/FY 13 or 14 | V3: Total
E4: MM/YR to MM/YR | H4: MM/YR to MM/YR | K4: MM/YR to MM/YR | N4: MM/YR to MM/YR | Q4: MM/YR to MM/YR | T4: MM/YR to MM/YR | V4: (NOTE 3) | W4: X-Months
B5: Offeror's Labor Category (NOTE 1) | C5: Name (Last, First) | D5: Base/Hours | E5: Rate | F5: Extended $ | G5: Base/Hours | H5: Rate | I5: Extended $ | J5: Base/Hours | K5: Rate | L5: Extended $ | M5: Base/Hours | N5: Rate | O5: Extended $ | P5: Base/Hours | Q5: Rate | R5: Extended $ | S5: Base/Hours | T5: Rate | U5: Extended $ | V5: Base/Hours | W5: Extended $
F6: =D6*E6 -> 0 | I6: =G6*H6 -> 0 | L6: =J6*K6 -> 0 | O6: =M6*N6 -> 0 | R6: =P6*Q6 -> 0 | U6: =S6*T6 -> 0 | V6: =D6+G6+J6+M6+P6+S6 -> 0 | W6: =F6+I6+L6+O6+R6+U6 -> 0
F7: =D7*E7 -> 0 | I7: =G7*H7 -> 0 | L7: =J7*K7 -> 0 | O7: =M7*N7 -> 0 | R7: =P7*Q7 -> 0 | U7: =S7*T7 -> 0 | V7: =D7+G7+J7+M7+P7+S7 -> 0 | W7: =F7+I7+L7+O7+R7+U7 -> 0
F8: =D8*E8 -> 0 | I8: =G8*H8 -> 0 | L8: =J8*K8 -> 0 | O8: =M8*N8 -> 0 | R8: =P8*Q8 -> 0 | U8: =S8*T8 -> 0 | V8: =D8+G8+J8+M8+P8+S8 -> 0 | W8: =F8+I8+L8+O8+R8+U8 -> 0
F9: =D9*E9 -> 0 | I9: =G9*H9 -> 0 | L9: =J9*K9 -> 0 | O9: =M9*N9 -> 0 | R9: =P9*Q9 -> 0 | U9: =S9*T9 -> 0 | V9: =D9+G9+J9+M9+P9+S9 -> 0 | W9: =F9+I9+L9+O9+R9+U9 -> 0
F10: =D10*E10 -> 0 | I10: =G10*H10 -> 0 | L10: =J10*K10 -> 0 | O10: =M10*N10 -> 0 | R10: =P10*Q10 -> 0 | U10: =S10*T10 -> 0 | V10: =D10+G10+J10+M10+P10+S10 -> 0 | W10: =F10+I10+L10+O10+R10+U10 -> 0
F11: =D11*E11 -> 0 | I11: =G11*H11 -> 0 | L11: =J11*K11 -> 0 | O11: =M11*N11 -> 0 | R11: =P11*Q11 -> 0 | U11: =S11*T11 -> 0 | V11: =D11+G11+J11+M11+P11+S11 -> 0 | W11: =F11+I11+L11+O11+R11+U11 -> 0
F12: =D12*E12 -> 0 | I12: =G12*H12 -> 0 | L12: =J12*K12 -> 0 | O12: =M12*N12 -> 0 | R12: =P12*Q12 -> 0 | U12: =S12*T12 -> 0 | V12: =D12+G12+J12+M12+P12+S12 -> 0 | W12: =F12+I12+L12+O12+R12+U12 -> 0
F13: =D13*E13 -> 0 | I13: =G13*H13 -> 0 | L13: =J13*K13 -> 0 | O13: =M13*N13 -> 0 | R13: =P13*Q13 -> 0 | U13: =S13*T13 -> 0 | V13: =D13+G13+J13+M13+P13+S13 -> 0 | W13: =F13+I13+L13+O13+R13+U13 -> 0
F14: =D14*E14 -> 0 | I14: =G14*H14 -> 0 | L14: =J14*K14 -> 0 | O14: =M14*N14 -> 0 | R14: =P14*Q14 -> 0 | U14: =S14*T14 -> 0 | V14: =D14+G14+J14+M14+P14+S14 -> 0 | W14: =F14+I14+L14+O14+R14+U14 -> 0
F15: =D15*E15 -> 0 | I15: =G15*H15 -> 0 | L15: =J15*K15 -> 0 | O15: =M15*N15 -> 0 | R15: =P15*Q15 -> 0 | U15: =S15*T15 -> 0 | V15: =D15+G15+J15+M15+P15+S15 -> 0 | W15: =F15+I15+L15+O15+R15+U15 -> 0
F16: =D16*E16 -> 0 | I16: =G16*H16 -> 0 | L16: =J16*K16 -> 0 | O16: =M16*N16 -> 0 | R16: =P16*Q16 -> 0 | U16: =S16*T16 -> 0 | V16: =D16+G16+J16+M16+P16+S16 -> 0 | W16: =F16+I16+L16+O16+R16+U16 -> 0
F17: =D17*E17 -> 0 | I17: =G17*H17 -> 0 | L17: =J17*K17 -> 0 | O17: =M17*N17 -> 0 | R17: =P17*Q17 -> 0 | U17: =S17*T17 -> 0 | V17: =D17+G17+J17+M17+P17+S17 -> 0 | W17: =F17+I17+L17+O17+R17+U17 -> 0
... F25: =D25*E25 -> 0 | I25: =G25*H25 -> 0 | L25: =J25*K25 -> 0 | O25: =M25*N25 -> 0 | R25: =P25*Q25 -> 0 | U25: =S25*T25 -> 0 | V25: =D25+G25+J25+M25+P25+S25 -> 0 | W25: =F25+I25+L25+O25+R25+U25 -> 0
B26: Total Direct Labor Costs | D26: =SUM(D6:D25) -> 0 | F26: =SUM(F6:F25) -> 0 | G26: =SUM(G6:G25) -> 0 | I26: =SUM(I6:I25) -> 0 | J26: =SUM(J6:J25) -> 0 | L26: =SUM(L6:L25) -> 0 | M26: =SUM(M6:M25) -> 0 | O26: =SUM(O6:O25) -> 0 | P26: =SUM(P6:P25) -> 0 | R26: =SUM(R6:R25) -> 0 | S26: =SUM(S6:S25) -> 0 | U26: =SUM(U6:U25) -> 0 | V26: =SUM(V6:V25) -> 0 | W26: =F26+I26+L26+O26+R26+U26 -> 0
A27: Fringe Benefits (F/B) (See Escalation and Indirect Rate Worksheet)
B28: Insert F/B rate title | D28: =F26 -> 0 | F28: =D28*E28 -> 0 | G28: =I26 -> 0 | I28: =G28*H28 -> 0 | J28: =L26 -> 0 | L28: =J28*K28 -> 0 | M28: =O26 -> 0 | O28: =M28*N28 -> 0 | P28: =R26 -> 0 | R28: =P28*Q28 -> 0 | S28: =U26 -> 0 | U28: =S28*T28 -> 0 | W28: =F28+I28+L28+O28+R28+U28 -> 0
B29: Insert line(s) & title(s) for any other F/B rates | F29: =D29*E29 -> 0 | I29: =G29*H29 -> 0 | L29: =J29*K29 -> 0 | O29: =M29*N29 -> 0 | R29: =P29*Q29 -> 0 | U29: =S29*T29 -> 0 | W29: =F29+I29+L29+O29+R29+U29 -> 0
B30: Total Fringe Benefit Costs | F30: =SUM(F28:F29) -> 0 | I30: =SUM(I28:I29) -> 0 | L30: =SUM(L28:L29) -> 0 | O30: =SUM(O28:O29) -> 0 | R30: =SUM(R28:R29) -> 0 | U30: =SUM(U28:U29) -> 0 | W30: =F30+I30+L30+O30+R30+U30 -> 0
A31: Labor Overhead (O/H) (See Escalation and Indirect Rate Worksheet)
B32: Insert O/H rate title | D32: =F26+F30 -> 0 | F32: =D32*E32 -> 0 | G32: =I26+I30 -> 0 | I32: =G32*H32 -> 0 | J32: =L26+L30 -> 0 | L32: =J32*K32 -> 0 | M32: =O26+O30 -> 0 | O32: =M32*N32 -> 0 | P32: =R26+R30 -> 0 | R32: =P32*Q32 -> 0 | S32: =U26+U30 -> 0 | U32: =S32*T32 -> 0 | W32: =F32+I32+L32+O32+R32+U32 -> 0
B33: Insert line(s) & title(s) for any other O/H rates | F33: =D33*E33 -> 0 | I33: =G33*H33 -> 0 | L33: =J33*K33 -> 0 | O33: =M33*N33 -> 0 | R33: =P33*Q33 -> 0 | U33: =S33*T33 -> 0 | W33: =F33+I33+L33+O33+R33+U33 -> 0
B34: Total Labor Overhead Costs | F34: =SUM(F32:F33) -> 0 | I34: =SUM(I32:I33) -> 0 | L34: =SUM(L32:L33) -> 0 | O34: =SUM(O32:O33) -> 0 | R34: =SUM(R32:R33) -> 0 | U34: =SUM(U32:U33) -> 0 | W34: =F34+I34+L34+O34+R34+U34 -> 0
A35: Subcontracts/Interorganizational Transfer | C35: File/Tab Name or Link
B36: Subcontract/Interorganizational Name - #01 | C36: Identify Tab/File Name of Each Sub | F36: 0 | I36: 0 | L36: 0 | O36: 0 | R36: 0 | U36: 0 | W36: =F36+I36+L36+O36+R36+U36 -> 0
B37: Subcontract/Interorganizational Name - #02 | C37: Identify Tab/File Name of Each Sub | F37: 0 | I37: 0 | L37: 0 | O37: 0 | R37: 0 | U37: 0 | W37: =F37+I37+L37+O37+R37+U37 -> 0
B38: Subcontract/Interorganizational Name - #03 | C38: Identify Tab/File Name of Each Sub | F38: 0 | I38: 0 | L38: 0 | O38: 0 | R38: 0 | U38: 0 | W38: =F38+I38+L38+O38+R38+U38 -> 0
B39: Insert line(s) for any additional Subcontractors/Interorganizational | C39: Identify Tab/File Name of Each Sub | F39: 0 | I39: 0 | L39: 0 | O39: 0 | R39: 0 | U39: 0 | W39: =F39+I39+L39+O39+R39+U39 -> 0
B40: Total Subcontract Costs | F40: =SUM(F36:F39) -> 0 | I40: =SUM(I36:I39) -> 0 | L40: =SUM(L36:L39) -> 0 | O40: =SUM(O36:O39) -> 0 | R40: =SUM(R36:R39) -> 0 | U40: =SUM(U36:U39) -> 0 | W40: =F40+I40+L40+O40+R40+U40 -> 0
A41: Consultants
B42: Consultant Name - #01 | C42: Provide details on next Worksheet | F42: =D42*E42 -> 0 | I42: =G42*H42 -> 0 | L42: =J42*K42 -> 0 | O42: =M42*N42 -> 0 | R42: =P42*Q42 -> 0 | U42: =S42*T42 -> 0 | W42: =F42+I42+L42+O42+R42+U42 -> 0
B43: Consultant Name - #02 | C43: Provide details on next Worksheet | F43: =D43*E43 -> 0 | I43: =G43*H43 -> 0 | L43: =J43*K43 -> 0 | O43: =M43*N43 -> 0 | R43: =P43*Q43 -> 0 | U43: =S43*T43 -> 0 | W43: =F43+I43+L43+O43+R43+U43 -> 0
B44: Consultant Name - #03 | C44: Provide details on next Worksheet | F44: =D44*E44 -> 0 | I44: =G44*H44 -> 0 | L44: =J44*K44 -> 0 | O44: =M44*N44 -> 0 | R44: =P44*Q44 -> 0 | U44: =S44*T44 -> 0 | W44: =F44+I44+L44+O44+R44+U44 -> 0
B45: Insert line(s) for any additional Consultants | C45: Provide details on next Worksheet | F45: =D45*E45 -> 0 | I45: =G45*H45 -> 0 | L45: =J45*K45 -> 0 | O45: =M45*N45 -> 0 | R45: =P45*Q45 -> 0 | U45: =S45*T45 -> 0 | W45: =F45+I45+L45+O45+R45+U45 -> 0
B46: Total Consultant Costs | F46: =SUM(F42:F45) -> 0 | I46: =SUM(I42:I45) -> 0 | L46: =SUM(L42:L45) -> 0 | O46: =SUM(O42:O45) -> 0 | R46: =SUM(R42:R45) -> 0 | U46: =SUM(U42:U45) -> 0 | W46: =F46+I46+L46+O46+R46+U46 -> 0
A47: Other Direct Costs
B48: Materials/Supplies | C48: Provide details on next Worksheet | W48: =F48+I48+L48+O48+R48+U48 -> 0
B49: Equipment | C49: Provide details on next Worksheet | W49: =F49+I49+L49+O49+R49+U49 -> 0
B50: Travel | C50: Provide details on next Worksheet | W50: =F50+I50+L50+O50+R50+U50 -> 0
B51: Insert line(s) for any other types of ODCs | C51: Provide details on next Worksheet | W51: =F51+I51+L51+O51+R51+U51 -> 0
B52: Total Other Direct Costs | F52: =SUM(F48:F51) -> 0 | I52: =SUM(I48:I51) -> 0 | L52: =SUM(L48:L51) -> 0 | O52: =SUM(O48:O51) -> 0 | R52: =SUM(R48:R51) -> 0 | U52: =SUM(U48:U51) -> 0 | W52: =F52+I52+L52+O52+R52+U52 -> 0
A53: Material Handling (M/H O/H) (See Escalation and Indirect Rate Worksheet)
B54: Insert M/H O/H rate title | D54: 0 | F54: =D54*E54 -> 0 | G54: 0 | I54: =G54*H54 -> 0 | J54: 0 | L54: =J54*K54 -> 0 | M54: 0 | O54: =M54*N54 -> 0 | P54: 0 | R54: =P54*Q54 -> 0 | S54: 0 | U54: =S54*T54 -> 0 | W54: =F54+I54+L54+O54+R54+U54 -> 0
B55: Insert line(s) & title(s) for any other M/H O/H rates | F55: =D55*E55 -> 0 | I55: =G55*H55 -> 0 | L55: =J55*K55 -> 0 | O55: =M55*N55 -> 0 | R55: =P55*Q55 -> 0 | U55: =S55*T55 -> 0 | W55: =F55+I55+L55+O55+R55+U55 -> 0
B56: Total Material Handling Costs | F56: =SUM(F54:F55) -> 0 | I56: =SUM(I54:I55) -> 0 | L56: =SUM(L54:L55) -> 0 | O56: =SUM(O54:O55) -> 0 | R56: =SUM(R54:R55) -> 0 | U56: =SUM(U54:U55) -> 0 | W56: =F56+I56+L56+O56+R56+U56 -> 0
A57: General and Administrative (G&A) (See Escalation and Indirect Rate Worksheet)
B58: Insert G&A rate title | D58: =F26+F30+F34+F40+F46+F52+F56 -> 0 | F58: =D58*E58 -> 0 | G58: =I26+I30+I34+I40+I46+I52+I56 -> 0 | I58: =G58*H58 -> 0 | J58: =L26+L30+L34+L40+L46+L52+L56 -> 0 | L58: =J58*K58 -> 0 | M58: =O26+O30+O34+O40+O46+O52+O56 -> 0 | O58: =M58*N58 -> 0 | P58: =R26+R30+R34+R40+R46+R52+R56 -> 0 | R58: =P58*Q58 -> 0 | S58: =U26+U30+U34+U40+U46+U52+U56 -> 0 | U58: =S58*T58 -> 0 | W58: =F58+I58+L58+O58+R58+U58 -> 0
B59: Insert line(s) & title(s) for any other G&A rates | F59: =D59*E59 -> 0 | I59: =G59*H59 -> 0 | L59: =J59*K59 -> 0 | O59: =M59*N59 -> 0 | R59: =P59*Q59 -> 0 | U59: =S59*T59 -> 0 | W59: =F59+I59+L59+O59+R59+U59 -> 0
B60: Total G&A Costs | F60: =SUM(F58:F59) -> 0 | I60: =SUM(I58:I59) -> 0 | L60: =SUM(L58:L59) -> 0 | O60: =SUM(O58:O59) -> 0 | R60: =SUM(R58:R59) -> 0 | U60: =SUM(U58:U59) -> 0 | W60: =F60+I60+L60+O60+R60+U60 -> 0
A61: Subtotal Costs | F61: =F26+F30+F34+F40+F46+F52+F56+F60 -> 0 | I61: =I26+I30+I34+I40+I46+I52+I56+I60 -> 0 | L61: =L26+L30+L34+L40+L46+L52+L56+L60 -> 0 | O61: =O26+O30+O34+O40+O46+O52+O56+O60 -> 0 | R61: =R26+R30+R34+R40+R46+R52+R56+R60 -> 0 | U61: =U26+U30+U34+U40+U46+U52+U56+U60 -> 0 | W61: =F61+I61+L61+O61+R61+U61 -> 0
A62: Facilities Cost of Money (COM) (See Escalation and Indirect Rate Worksheet)
B63: Insert COM rate title | D63: =0 -> 0 | F63: =D63*E63 -> 0 | G63: =0 -> 0 | I63: =G63*H63 -> 0 | J63: =0 -> 0 | L63: =J63*K63 -> 0 | M63: =0 -> 0 | O63: =M63*N63 -> 0 | P63: =0 -> 0 | R63: =P63*Q63 -> 0 | S63: =0 -> 0 | U63: =S63*T63 -> 0 | W63: =F63+I63+L63+O63+R63+U63 -> 0
B64: Insert line(s) & title(s) for any other COM rates | F64: =D64*E64 -> 0 | I64: =G64*H64 -> 0 | L64: =J64*K64 -> 0 | O64: =M64*N64 -> 0 | R64: =P64*Q64 -> 0 | U64: =S64*T64 -> 0 | W64: =F64+I64+L64+O64+R64+U64 -> 0
B65: Total Cost of Money | F65: =SUM(F63:F64) -> 0 | I65: =SUM(I63:I64) -> 0 | L65: =SUM(L63:L64) -> 0 | O65: =SUM(O63:O64) -> 0 | R65: =SUM(R63:R64) -> 0 | U65: =SUM(U63:U64) -> 0 | W65: =F65+I65+L65+O65+R65+U65 -> 0
A66: Total Estimated Costs | F66: =ROUND(F61+F65,0) -> 0 | I66: =ROUND(I61+I65,0) -> 0 | L66: =ROUND(L61+L65,0) -> 0 | O66: =ROUND(O61+O65,0) -> 0 | R66: =ROUND(R61+R65,0) -> 0 | U66: =ROUND(U61+U65,0) -> 0 | W66: =F66+I66+L66+O66+R66+U66 -> 0
A67: Proposed Fee/Profit | C67: (Note 5) | D67: =F61-F50 -> 0 | F67: =ROUND(D67*E67,0) -> 0 | G67: =I61-I50 -> 0 | I67: =ROUND(G67*H67,0) -> 0 | J67: =L61-L50 -> 0 | L67: =ROUND(J67*K67,0) -> 0 | M67: =O61-O50 -> 0 | O67: =ROUND(M67*N67,0) -> 0 | P67: =R61-R50 -> 0 | R67: =ROUND(P67*Q67,0) -> 0 | S67: =U61-U50 -> 0 | U67: =ROUND(S67*T67,0) -> 0 | W67: =F67+I67+L67+O67+R67+U67 -> 0
A68: Total Proposed Cost | F68: =F66+F67 -> 0 | I68: =I66+I67 -> 0 | L68: =L66+L67 -> 0 | O68: =O66+O67 -> 0 | R68: =R66+R67 -> 0 | U68: =U66+U67 -> 0 | W68: =F68+I68+L68+O68+R68+U68 -> 0
B70: Note 1: Any proposed personnel in the technical proposal should be identified with their labor category.
B71: Note 2: Indicate the start and end date of Offeror's Fiscal Year/Calendar Year
B72: Note 3: The values under Total Direct Labor "hours/base" column indicate the total level of effort for the project for each labor category. The Offeror must define the split of hours between initial and subsequent rate years based on its FY or CY in the prior columns.
B73: Note 4: A separate spreadsheet must be provided for any proposed option period/effort.
B74: Note 5: Profit or fee is not allowed on travel costs, direct costs for equipment, Government entities or cost share contracts. In addition, NCD utilizes DD Fom 1547 (DFARS 215.404-70) in calculating the Government objective for fee.

Sheet Task 2
A1: Cost Proposal (NOTE 4)
E2: (NOTE 2) | H2: (NOTE 2) | K2: (NOTE 2) | N2: (NOTE 2) | Q2: (NOTE 4) | T2: (NOTE 2)
A3: Direct Labor (DL) (Note 1) | E3: CY/FY 10 or 11 | H3: CY/FY 11 or 12 | K3: CY/FY 12 or 13 | N3: CY/FY 13 or 14 | Q3: CY/FY 12 or 13 | T3: CY/FY 13 or 14 | V3: Total
E4: MM/YR to MM/YR | H4: MM/YR to MM/YR | K4: MM/YR to MM/YR | N4: MM/YR to MM/YR | Q4: MM/YR to MM/YR | T4: MM/YR to MM/YR | V4: (NOTE 3) | W4: X-Months
B5: Offeror's Labor Category (NOTE 1) | C5: Name (Last, First) | D5: Base/Hours | E5: Rate | F5: Extended $ | G5: Base/Hours | H5: Rate | I5: Extended $ | J5: Base/Hours | K5: Rate | L5: Extended $ | M5: Base/Hours | N5: Rate | O5: Extended $ | P5: Base/Hours | Q5: Rate | R5: Extended $ | S5: Base/Hours | T5: Rate | U5: Extended $ | V5: Base/Hours | W5: Extended $
F6: =D6*E6 -> 0 | I6: =G6*H6 -> 0 | L6: =J6*K6 -> 0 | O6: =M6*N6 -> 0 | R6: =P6*Q6 -> 0 | U6: =S6*T6 -> 0 | V6: =D6+G6+J6+M6+P6+S6 -> 0 | W6: =F6+I6+L6+O6+R6+U6 -> 0
F7: =D7*E7 -> 0 | I7: =G7*H7 -> 0 | L7: =J7*K7 -> 0 | O7: =M7*N7 -> 0 | R7: =P7*Q7 -> 0 | U7: =S7*T7 -> 0 | V7: =D7+G7+J7+M7+P7+S7 -> 0 | W7: =F7+I7+L7+O7+R7+U7 -> 0
F8: =D8*E8 -> 0 | I8: =G8*H8 -> 0 | L8: =J8*K8 -> 0 | O8: =M8*N8 -> 0 | R8: =P8*Q8 -> 0 | U8: =S8*T8 -> 0 | V8: =D8+G8+J8+M8+P8+S8 -> 0 | W8: =F8+I8+L8+O8+R8+U8 -> 0
F9: =D9*E9 -> 0 | I9: =G9*H9 -> 0 | L9: =J9*K9 -> 0 | O9: =M9*N9 -> 0 | R9: =P9*Q9 -> 0 | U9: =S9*T9 -> 0 | V9: =D9+G9+J9+M9+P9+S9 -> 0 | W9: =F9+I9+L9+O9+R9+U9 -> 0
F10: =D10*E10 -> 0 | I10: =G10*H10 -> 0 | L10: =J10*K10 -> 0 | O10: =M10*N10 -> 0 | R10: =P10*Q10 -> 0 | U10: =S10*T10 -> 0 | V10: =D10+G10+J10+M10+P10+S10 -> 0 | W10: =F10+I10+L10+O10+R10+U10 -> 0
F11: =D11*E11 -> 0 | I11: =G11*H11 -> 0 | L11: =J11*K11 -> 0 | O11: =M11*N11 -> 0 | R11: =P11*Q11 -> 0 | U11: =S11*T11 -> 0 | V11: =D11+G11+J11+M11+P11+S11 -> 0 | W11: =F11+I11+L11+O11+R11+U11 -> 0
F12: =D12*E12 -> 0 | I12: =G12*H12 -> 0 | L12: =J12*K12 -> 0 | O12: =M12*N12 -> 0 | R12: =P12*Q12 -> 0 | U12: =S12*T12 -> 0 | V12: =D12+G12+J12+M12+P12+S12 -> 0 | W12: =F12+I12+L12+O12+R12+U12 -> 0
F13: =D13*E13 -> 0 | I13: =G13*H13 -> 0 | L13: =J13*K13 -> 0 | O13: =M13*N13 -> 0 | R13: =P13*Q13 -> 0 | U13: =S13*T13 -> 0 | V13: =D13+G13+J13+M13+P13+S13 -> 0 | W13: =F13+I13+L13+O13+R13+U13 -> 0
F14: =D14*E14 -> 0 | I14: =G14*H14 -> 0 | L14: =J14*K14 -> 0 | O14: =M14*N14 -> 0 | R14: =P14*Q14 -> 0 | U14: =S14*T14 -> 0 | V14: =D14+G14+J14+M14+P14+S14 -> 0 | W14: =F14+I14+L14+O14+R14+U14 -> 0
F15: =D15*E15 -> 0 | I15: =G15*H15 -> 0 | L15: =J15*K15 -> 0 | O15: =M15*N15 -> 0 | R15: =P15*Q15 -> 0 | U15: =S15*T15 -> 0 | V15: =D15+G15+J15+M15+P15+S15 -> 0 | W15: =F15+I15+L15+O15+R15+U15 -> 0
F16: =D16*E16 -> 0 | I16: =G16*H16 -> 0 | L16: =J16*K16 -> 0 | O16: =M16*N16 -> 0 | R16: =P16*Q16 -> 0 | U16: =S16*T16 -> 0 | V16: =D16+G16+J16+M16+P16+S16 -> 0 | W16: =F16+I16+L16+O16+R16+U16 -> 0
F17: =D17*E17 -> 0 | I17: =G17*H17 -> 0 | L17: =J17*K17 -> 0 | O17: =M17*N17 -> 0 | R17: =P17*Q17 -> 0 | U17: =S17*T17 -> 0 | V17: =D17+G17+J17+M17+P17+S17 -> 0 | W17: =F17+I17+L17+O17+R17+U17 -> 0
... F25: =D25*E25 -> 0 | I25: =G25*H25 -> 0 | L25: =J25*K25 -> 0 | O25: =M25*N25 -> 0 | R25: =P25*Q25 -> 0 | U25: =S25*T25 -> 0 | V25: =D25+G25+J25+M25+P25+S25 -> 0 | W25: =F25+I25+L25+O25+R25+U25 -> 0
B26: Total Direct Labor Costs | D26: =SUM(D6:D25) -> 0 | F26: =SUM(F6:F25) -> 0 | G26: =SUM(G6:G25) -> 0 | I26: =SUM(I6:I25) -> 0 | J26: =SUM(J6:J25) -> 0 | L26: =SUM(L6:L25) -> 0 | M26: =SUM(M6:M25) -> 0 | O26: =SUM(O6:O25) -> 0 | P26: =SUM(P6:P25) -> 0 | R26: =SUM(R6:R25) -> 0 | S26: =SUM(S6:S25) -> 0 | U26: =SUM(U6:U25) -> 0 | V26: =SUM(V6:V25) -> 0 | W26: =F26+I26+L26+O26+R26+U26 -> 0
A27: Fringe Benefits (F/B) (See Escalation and Indirect Rate Worksheet)
B28: Insert F/B rate title | D28: =F26 -> 0 | F28: =D28*E28 -> 0 | G28: =I26 -> 0 | I28: =G28*H28 -> 0 | J28: =L26 -> 0 | L28: =J28*K28 -> 0 | M28: =O26 -> 0 | O28: =M28*N28 -> 0 | P28: =R26 -> 0 | R28: =P28*Q28 -> 0 | S28: =U26 -> 0 | U28: =S28*T28 -> 0 | W28: =F28+I28+L28+O28+R28+U28 -> 0
B29: Insert line(s) & title(s) for any other F/B rates | F29: =D29*E29 -> 0 | I29: =G29*H29 -> 0 | L29: =J29*K29 -> 0 | O29: =M29*N29 -> 0 | R29: =P29*Q29 -> 0 | U29: =S29*T29 -> 0 | W29: =F29+I29+L29+O29+R29+U29 -> 0
B30: Total Fringe Benefit Costs | F30: =SUM(F28:F29) -> 0 | I30: =SUM(I28:I29) -> 0 | L30: =SUM(L28:L29) -> 0 | O30: =SUM(O28:O29) -> 0 | R30: =SUM(R28:R29) -> 0 | U30: =SUM(U28:U29) -> 0 | W30: =F30+I30+L30+O30+R30+U30 -> 0
A31: Labor Overhead (O/H) (See Escalation and Indirect Rate Worksheet)
B32: Insert O/H rate title | D32: =F26+F30 -> 0 | F32: =D32*E32 -> 0 | G32: =I26+I30 -> 0 | I32: =G32*H32 -> 0 | J32: =L26+L30 -> 0 | L32: =J32*K32 -> 0 | M32: =O26+O30 -> 0 | O32: =M32*N32 -> 0 | P32: =R26+R30 -> 0 | R32: =P32*Q32 -> 0 | S32: =U26+U30 -> 0 | U32: =S32*T32 -> 0 | W32: =F32+I32+L32+O32+R32+U32 -> 0
B33: Insert line(s) & title(s) for any other O/H rates | F33: =D33*E33 -> 0 | I33: =G33*H33 -> 0 | L33: =J33*K33 -> 0 | O33: =M33*N33 -> 0 | R33: =P33*Q33 -> 0 | U33: =S33*T33 -> 0 | W33: =F33+I33+L33+O33+R33+U33 -> 0
B34: Total Labor Overhead Costs | F34: =SUM(F32:F33) -> 0 | I34: =SUM(I32:I33) -> 0 | L34: =SUM(L32:L33) -> 0 | O34: =SUM(O32:O33) -> 0 | R34: =SUM(R32:R33) -> 0 | U34: =SUM(U32:U33) -> 0 | W34: =F34+I34+L34+O34+R34+U34 -> 0
A35: Subcontracts/Interorganizational Transfer | C35: File/Tab Name or Link
B36: Subcontract/Interorganizational Name - #01 | C36: Identify Tab/File Name of Each Sub | F36: 0 | I36: 0 | L36: 0 | O36: 0 | R36: 0 | U36: 0 | W36: =F36+I36+L36+O36+R36+U36 -> 0
B37: Subcontract/Interorganizational Name - #02 | C37: Identify Tab/File Name of Each Sub | F37: 0 | I37: 0 | L37: 0 | O37: 0 | R37: 0 | U37: 0 | W37: =F37+I37+L37+O37+R37+U37 -> 0
B38: Subcontract/Interorganizational Name - #03 | C38: Identify Tab/File Name of Each Sub | F38: 0 | I38: 0 | L38: 0 | O38: 0 | R38: 0 | U38: 0 | W38: =F38+I38+L38+O38+R38+U38 -> 0
B39: Insert line(s) for any additional Subcontractors/Interorganizational | C39: Identify Tab/File Name of Each Sub | F39: 0 | I39: 0 | L39: 0 | O39: 0 | R39: 0 | U39: 0 | W39: =F39+I39+L39+O39+R39+U39 -> 0
B40: Total Subcontract Costs | F40: =SUM(F36:F39) -> 0 | I40: =SUM(I36:I39) -> 0 | L40: =SUM(L36:L39) -> 0 | O40: =SUM(O36:O39) -> 0 | R40: =SUM(R36:R39) -> 0 | U40: =SUM(U36:U39) -> 0 | W40: =F40+I40+L40+O40+R40+U40 -> 0
A41: Consultants
B42: Consultant Name - #01 | C42: Provide details on next Worksheet | F42: =D42*E42 -> 0 | I42: =G42*H42 -> 0 | L42: =J42*K42 -> 0 | O42: =M42*N42 -> 0 | R42: =P42*Q42 -> 0 | U42: =S42*T42 -> 0 | W42: =F42+I42+L42+O42+R42+U42 -> 0
B43: Consultant Name - #02 | C43: Provide details on next Worksheet | F43: =D43*E43 -> 0 | I43: =G43*H43 -> 0 | L43: =J43*K43 -> 0 | O43: =M43*N43 -> 0 | R43: =P43*Q43 -> 0 | U43: =S43*T43 -> 0 | W43: =F43+I43+L43+O43+R43+U43 -> 0
B44: Consultant Name - #03 | C44: Provide details on next Worksheet | F44: =D44*E44 -> 0 | I44: =G44*H44 -> 0 | L44: =J44*K44 -> 0 | O44: =M44*N44 -> 0 | R44: =P44*Q44 -> 0 | U44: =S44*T44 -> 0 | W44: =F44+I44+L44+O44+R44+U44 -> 0
B45: Insert line(s) for any additional Consultants | C45: Provide details on next Worksheet | F45: =D45*E45 -> 0 | I45: =G45*H45 -> 0 | L45: =J45*K45 -> 0 | O45: =M45*N45 -> 0 | R45: =P45*Q45 -> 0 | U45: =S45*T45 -> 0 | W45: =F45+I45+L45+O45+R45+U45 -> 0
B46: Total Consultant Costs | F46: =SUM(F42:F45) -> 0 | I46: =SUM(I42:I45) -> 0 | L46: =SUM(L42:L45) -> 0 | O46: =SUM(O42:O45) -> 0 | R46: =SUM(R42:R45) -> 0 | U46: =SUM(U42:U45) -> 0 | W46: =F46+I46+L46+O46+R46+U46 -> 0
A47: Other Direct Costs
B48: Materials/Supplies | C48: Provide details on next Worksheet | W48: =F48+I48+L48+O48+R48+U48 -> 0
B49: Equipment | C49: Provide details on next Worksheet | W49: =F49+I49+L49+O49+R49+U49 -> 0
B50: Travel | C50: Provide details on next Worksheet | W50: =F50+I50+L50+O50+R50+U50 -> 0
B51: Insert line(s) for any other types of ODCs | C51: Provide details on next Worksheet | W51: =F51+I51+L51+O51+R51+U51 -> 0
B52: Total Other Direct Costs | F52: =SUM(F48:F51) -> 0 | I52: =SUM(I48:I51) -> 0 | L52: =SUM(L48:L51) -> 0 | O52: =SUM(O48:O51) -> 0 | R52: =SUM(R48:R51) -> 0 | U52: =SUM(U48:U51) -> 0 | W52: =F52+I52+L52+O52+R52+U52 -> 0
A53: Material Handling (M/H O/H) (See Escalation and Indirect Rate Worksheet)
B54: Insert M/H O/H rate title | D54: 0 | F54: =D54*E54 -> 0 | G54: 0 | I54: =G54*H54 -> 0 | J54: 0 | L54: =J54*K54 -> 0 | M54: 0 | O54: =M54*N54 -> 0 | P54: 0 | R54: =P54*Q54 -> 0 | S54: 0 | U54: =S54*T54 -> 0 | W54: =F54+I54+L54+O54+R54+U54 -> 0
B55: Insert line(s) & title(s) for any other M/H O/H rates | F55: =D55*E55 -> 0 | I55: =G55*H55 -> 0 | L55: =J55*K55 -> 0 | O55: =M55*N55 -> 0 | R55: =P55*Q55 -> 0 | U55: =S55*T55 -> 0 | W55: =F55+I55+L55+O55+R55+U55 -> 0
B56: Total Material Handling Costs | F56: =SUM(F54:F55) -> 0 | I56: =SUM(I54:I55) -> 0 | L56: =SUM(L54:L55) -> 0 | O56: =SUM(O54:O55) -> 0 | R56: =SUM(R54:R55) -> 0 | U56: =SUM(U54:U55) -> 0 | W56: =F56+I56+L56+O56+R56+U56 -> 0
A57: General and Administrative (G&A) (See Escalation and Indirect Rate Worksheet)
B58: Insert G&A rate title | D58: =F26+F30+F34+F40+F46+F52+F56 -> 0 | F58: =D58*E58 -> 0 | G58: =I26+I30+I34+I40+I46+I52+I56 -> 0 | I58: =G58*H58 -> 0 | J58: =L26+L30+L34+L40+L46+L52+L56 -> 0 | L58: =J58*K58 -> 0 | M58: =O26+O30+O34+O40+O46+O52+O56 -> 0 | O58: =M58*N58 -> 0 | P58: =R26+R30+R34+R40+R46+R52+R56 -> 0 | R58: =P58*Q58 -> 0 | S58: =U26+U30+U34+U40+U46+U52+U56 -> 0 | U58: =S58*T58 -> 0 | W58: =F58+I58+L58+O58+R58+U58 -> 0
B59: Insert line(s) & title(s) for any other G&A rates | F59: =D59*E59 -> 0 | I59: =G59*H59 -> 0 | L59: =J59*K59 -> 0 | O59: =M59*N59 -> 0 | R59: =P59*Q59 -> 0 | U59: =S59*T59 -> 0 | W59: =F59+I59+L59+O59+R59+U59 -> 0
B60: Total G&A Costs | F60: =SUM(F58:F59) -> 0 | I60: =SUM(I58:I59) -> 0 | L60: =SUM(L58:L59) -> 0 | O60: =SUM(O58:O59) -> 0 | R60: =SUM(R58:R59) -> 0 | U60: =SUM(U58:U59) -> 0 | W60: =F60+I60+L60+O60+R60+U60 -> 0
A61: Subtotal Costs | F61: =F26+F30+F34+F40+F46+F52+F56+F60 -> 0 | I61: =I26+I30+I34+I40+I46+I52+I56+I60 -> 0 | L61: =L26+L30+L34+L40+L46+L52+L56+L60 -> 0 | O61: =O26+O30+O34+O40+O46+O52+O56+O60 -> 0 | R61: =R26+R30+R34+R40+R46+R52+R56+R60 -> 0 | U61: =U26+U30+U34+U40+U46+U52+U56+U60 -> 0 | W61: =F61+I61+L61+O61+R61+U61 -> 0
A62: Facilities Cost of Money (COM) (See Escalation and Indirect Rate Worksheet)
B63: Insert COM rate title | D63: =0 -> 0 | F63: =D63*E63 -> 0 | G63: =0 -> 0 | I63: =G63*H63 -> 0 | J63: =0 -> 0 | L63: =J63*K63 -> 0 | M63: =0 -> 0 | O63: =M63*N63 -> 0 | P63: =0 -> 0 | R63: =P63*Q63 -> 0 | S63: =0 -> 0 | U63: =S63*T63 -> 0 | W63: =F63+I63+L63+O63+R63+U63 -> 0
B64: Insert line(s) & title(s) for any other COM rates | F64: =D64*E64 -> 0 | I64: =G64*H64 -> 0 | L64: =J64*K64 -> 0 | O64: =M64*N64 -> 0 | R64: =P64*Q64 -> 0 | U64: =S64*T64 -> 0 | W64: =F64+I64+L64+O64+R64+U64 -> 0
B65: Total Cost of Money | F65: =SUM(F63:F64) -> 0 | I65: =SUM(I63:I64) -> 0 | L65: =SUM(L63:L64) -> 0 | O65: =SUM(O63:O64) -> 0 | R65: =SUM(R63:R64) -> 0 | U65: =SUM(U63:U64) -> 0 | W65: =F65+I65+L65+O65+R65+U65 -> 0
A66: Total Estimated Costs | F66: =ROUND(F61+F65,0) -> 0 | I66: =ROUND(I61+I65,0) -> 0 | L66: =ROUND(L61+L65,0) -> 0 | O66: =ROUND(O61+O65,0) -> 0 | R66: =ROUND(R61+R65,0) -> 0 | U66: =ROUND(U61+U65,0) -> 0 | W66: =F66+I66+L66+O66+R66+U66 -> 0
A67: Proposed Fee/Profit | C67: (Note 5) | D67: =F61-F50 -> 0 | F67: =ROUND(D67*E67,0) -> 0 | G67: =I61-I50 -> 0 | I67: =ROUND(G67*H67,0) -> 0 | J67: =L61-L50 -> 0 | L67: =ROUND(J67*K67,0) -> 0 | M67: =O61-O50 -> 0 | O67: =ROUND(M67*N67,0) -> 0 | P67: =R61-R50 -> 0 | R67: =ROUND(P67*Q67,0) -> 0 | S67: =U61-U50 -> 0 | U67: =ROUND(S67*T67,0) -> 0 | W67: =F67+I67+L67+O67+R67+U67 -> 0
A68: Total Proposed Cost | F68: =F66+F67 -> 0 | I68: =I66+I67 -> 0 | L68: =L66+L67 -> 0 | O68: =O66+O67 -> 0 | R68: =R66+R67 -> 0 | U68: =U66+U67 -> 0 | W68: =F68+I68+L68+O68+R68+U68 -> 0
B70: Note 1: Any proposed personnel in the technical proposal should be identified with their labor category.
B71: Note 2: Indicate the start and end date of Offeror's Fiscal Year/Calendar Year
B72: Note 3: The values under Total Direct Labor "hours/base" column indicate the total level of effort for the project for each labor category. The Offeror must define the split of hours between initial and subsequent rate years based on its FY or CY in the prior columns.
B73: Note 4: A separate spreadsheet must be provided for any proposed option period/effort.
B74: Note 5: Profit or fee is not allowed on travel costs, direct costs for equipment, Government entities or cost share contracts. In addition, NCD utilizes DD Fom 1547 (DFARS 215.404-70) in calculating the Government objective for fee.

Sheet Task 3
A1: Cost Proposal (NOTE 4)
E2: (NOTE 2) | H2: (NOTE 2) | K2: (NOTE 2) | N2: (NOTE 2) | Q2: (NOTE 4) | T2: (NOTE 2)
A3: Direct Labor (DL) (Note 1) | E3: CY/FY 10 or 11 | H3: CY/FY 11 or 12 | K3: CY/FY 12 or 13 | N3: CY/FY 13 or 14 | Q3: CY/FY 12 or 13 | T3: CY/FY 13 or 14 | V3: Total
E4: MM/YR to MM/YR | H4: MM/YR to MM/YR | K4: MM/YR to MM/YR | N4: MM/YR to MM/YR | Q4: MM/YR to MM/YR | T4: MM/YR to MM/YR | V4: (NOTE 3) | W4: X-Months
B5: Offeror's Labor Category (NOTE 1) | C5: Name (Last, First) | D5: Base/Hours | E5: Rate | F5: Extended $ | G5: Base/Hours | H5: Rate | I5: Extended $ | J5: Base/Hours | K5: Rate | L5: Extended $ | M5: Base/Hours | N5: Rate | O5: Extended $ | P5: Base/Hours | Q5: Rate | R5: Extended $ | S5: Base/Hours | T5: Rate | U5: Extended $ | V5: Base/Hours | W5: Extended $
F6: =D6*E6 -> 0 | I6: =G6*H6 -> 0 | L6: =J6*K6 -> 0 | O6: =M6*N6 -> 0 | R6: =P6*Q6 -> 0 | U6: =S6*T6 -> 0 | V6: =D6+G6+J6+M6+P6+S6 -> 0 | W6: =F6+I6+L6+O6+R6+U6 -> 0
F7: =D7*E7 -> 0 | I7: =G7*H7 -> 0 | L7: =J7*K7 -> 0 | O7: =M7*N7 -> 0 | R7: =P7*Q7 -> 0 | U7: =S7*T7 -> 0 | V7: =D7+G7+J7+M7+P7+S7 -> 0 | W7: =F7+I7+L7+O7+R7+U7 -> 0
F8: =D8*E8 -> 0 | I8: =G8*H8 -> 0 | L8: =J8*K8 -> 0 | O8: =M8*N8 -> 0 | R8: =P8*Q8 -> 0 | U8: =S8*T8 -> 0 | V8: =D8+G8+J8+M8+P8+S8 -> 0 | W8: =F8+I8+L8+O8+R8+U8 -> 0
F9: =D9*E9 -> 0 | I9: =G9*H9 -> 0 | L9: =J9*K9 -> 0 | O9: =M9*N9 -> 0 | R9: =P9*Q9 -> 0 | U9: =S9*T9 -> 0 | V9: =D9+G9+J9+M9+P9+S9 -> 0 | W9: =F9+I9+L9+O9+R9+U9 -> 0
F10: =D10*E10 -> 0 | I10: =G10*H10 -> 0 | L10: =J10*K10 -> 0 | O10: =M10*N10 -> 0 | R10: =P10*Q10 -> 0 | U10: =S10*T10 -> 0 | V10: =D10+G10+J10+M10+P10+S10 -> 0 | W10: =F10+I10+L10+O10+R10+U10 -> 0
F11: =D11*E11 -> 0 | I11: =G11*H11 -> 0 | L11: =J11*K11 -> 0 | O11: =M11*N11 -> 0 | R11: =P11*Q11 -> 0 | U11: =S11*T11 -> 0 | V11: =D11+G11+J11+M11+P11+S11 -> 0 | W11: =F11+I11+L11+O11+R11+U11 -> 0
F12: =D12*E12 -> 0 | I12: =G12*H12 -> 0 | L12: =J12*K12 -> 0 | O12: =M12*N12 -> 0 | R12: =P12*Q12 -> 0 | U12: =S12*T12 -> 0 | V12: =D12+G12+J12+M12+P12+S12 -> 0 | W12: =F12+I12+L12+O12+R12+U12 -> 0
F13: =D13*E13 -> 0 | I13: =G13*H13 -> 0 | L13: =J13*K13 -> 0 | O13: =M13*N13 -> 0 | R13: =P13*Q13 -> 0 | U13: =S13*T13 -> 0 | V13: =D13+G13+J13+M13+P13+S13 -> 0 | W13: =F13+I13+L13+O13+R13+U13 -> 0
F14: =D14*E14 -> 0 | I14: =G14*H14 -> 0 | L14: =J14*K14 -> 0 | O14: =M14*N14 -> 0 | R14: =P14*Q14 -> 0 | U14: =S14*T14 -> 0 | V14: =D14+G14+J14+M14+P14+S14 -> 0 | W14: =F14+I14+L14+O14+R14+U14 -> 0
F15: =D15*E15 -> 0 | I15: =G15*H15 -> 0 | L15: =J15*K15 -> 0 | O15: =M15*N15 -> 0 | R15: =P15*Q15 -> 0 | U15: =S15*T15 -> 0 | V15: =D15+G15+J15+M15+P15+S15 -> 0 | W15: =F15+I15+L15+O15+R15+U15 -> 0
F16: =D16*E16 -> 0 | I16: =G16*H16 -> 0 | L16: =J16*K16 -> 0 | O16: =M16*N16 -> 0 | R16: =P16*Q16 -> 0 | U16: =S16*T16 -> 0 | V16: =D16+G16+J16+M16+P16+S16 -> 0 | W16: =F16+I16+L16+O16+R16+U16 -> 0
F17: =D17*E17 -> 0 | I17: =G17*H17 -> 0 | L17: =J17*K17 -> 0 | O17: =M17*N17 -> 0 | R17: =P17*Q17 -> 0 | U17: =S17*T17 -> 0 | V17: =D17+G17+J17+M17+P17+S17 -> 0 | W17: =F17+I17+L17+O17+R17+U17 -> 0
... F25: =D25*E25 -> 0 | I25: =G25*H25 -> 0 | L25: =J25*K25 -> 0 | O25: =M25*N25 -> 0 | R25: =P25*Q25 -> 0 | U25: =S25*T25 -> 0 | V25: =D25+G25+J25+M25+P25+S25 -> 0 | W25: =F25+I25+L25+O25+R25+U25 -> 0
B26: Total Direct Labor Costs | D26: =SUM(D6:D25) -> 0 | F26: =SUM(F6:F25) -> 0 | G26: =SUM(G6:G25) -> 0 | I26: =SUM(I6:I25) -> 0 | J26: =SUM(J6:J25) -> 0 | L26: =SUM(L6:L25) -> 0 | M26: =SUM(M6:M25) -> 0 | O26: =SUM(O6:O25) -> 0 | P26: =SUM(P6:P25) -> 0 | R26: =SUM(R6:R25) -> 0 | S26: =SUM(S6:S25) -> 0 | U26: =SUM(U6:U25) -> 0 | V26: =SUM(V6:V25) -> 0 | W26: =F26+I26+L26+O26+R26+U26 -> 0
A27: Fringe Benefits (F/B) (See Escalation and Indirect Rate Worksheet)
B28: Insert F/B rate title | D28: =F26 -> 0 | F28: =D28*E28 -> 0 | G28: =I26 -> 0 | I28: =G28*H28 -> 0 | J28: =L26 -> 0 | L28: =J28*K28 -> 0 | M28: =O26 -> 0 | O28: =M28*N28 -> 0 | P28: =R26 -> 0 | R28: =P28*Q28 -> 0 | S28: =U26 -> 0 | U28: =S28*T28 -> 0 | W28: =F28+I28+L28+O28+R28+U28 -> 0
B29: Insert line(s) & title(s) for any other F/B rates | F29: =D29*E29 -> 0 | I29: =G29*H29 -> 0 | L29: =J29*K29 -> 0 | O29: =M29*N29 -> 0 | R29: =P29*Q29 -> 0 | U29: =S29*T29 -> 0 | W29: =F29+I29+L29+O29+R29+U29 -> 0
B30: Total Fringe Benefit Costs | F30: =SUM(F28:F29) -> 0 | I30: =SUM(I28:I29) -> 0 | L30: =SUM(L28:L29) -> 0 | O30: =SUM(O28:O29) -> 0 | R30: =SUM(R28:R29) -> 0 | U30: =SUM(U28:U29) -> 0 | W30: =F30+I30+L30+O30+R30+U30 -> 0
A31: Labor Overhead (O/H) (See Escalation and Indirect Rate Worksheet)
B32: Insert O/H rate title | D32: =F26+F30 -> 0 | F32: =D32*E32 -> 0 | G32: =I26+I30 -> 0 | I32: =G32*H32 -> 0 | J32: =L26+L30 -> 0 | L32: =J32*K32 -> 0 | M32: =O26+O30 -> 0 | O32: =M32*N32 -> 0 | P32: =R26+R30 -> 0 | R32: =P32*Q32 -> 0 | S32: =U26+U30 -> 0 | U32: =S32*T32 -> 0 | W32: =F32+I32+L32+O32+R32+U32 -> 0
B33: Insert line(s) & title(s) for any other O/H rates | F33: =D33*E33 -> 0 | I33: =G33*H33 -> 0 | L33: =J33*K33 -> 0 | O33: =M33*N33 -> 0 | R33: =P33*Q33 -> 0 | U33: =S33*T33 -> 0 | W33: =F33+I33+L33+O33+R33+U33 -> 0
B34: Total Labor Overhead Costs | F34: =SUM(F32:F33) -> 0 | I34: =SUM(I32:I33) -> 0 | L34: =SUM(L32:L33) -> 0 | O34: =SUM(O32:O33) -> 0 | R34: =SUM(R32:R33) -> 0 | U34: =SUM(U32:U33) -> 0 | W34: =F34+I34+L34+O34+R34+U34 -> 0
A35: Subcontracts/Interorganizational Transfer | C35: File/Tab Name or Link
B36: Subcontract/Interorganizational Name - #01 | C36: Identify Tab/File Name of Each Sub | F36: 0 | I36: 0 | L36: 0 | O36: 0 | R36: 0 | U36: 0 | W36: =F36+I36+L36+O36+R36+U36 -> 0
B37: Subcontract/Interorganizational Name - #02 | C37: Identify Tab/File Name of Each Sub | F37: 0 | I37: 0 | L37: 0 | O37: 0 | R37: 0 | U37: 0 | W37: =F37+I37+L37+O37+R37+U37 -> 0
B38: Subcontract/Interorganizational Name - #03 | C38: Identify Tab/File Name of Each Sub | F38: 0 | I38: 0 | L38: 0 | O38: 0 | R38: 0 | U38: 0 | W38: =F38+I38+L38+O38+R38+U38 -> 0
B39: Insert line(s) for any additional Subcontractors/Interorganizational | C39: Identify Tab/File Name of Each Sub | F39: 0 | I39: 0 | L39: 0 | O39: 0 | R39: 0 | U39: 0 | W39: =F39+I39+L39+O39+R39+U39 -> 0
B40: Total Subcontract Costs | F40: =SUM(F36:F39) -> 0 | I40: =SUM(I36:I39) -> 0 | L40: =SUM(L36:L39) -> 0 | O40: =SUM(O36:O39) -> 0 | R40: =SUM(R36:R39) -> 0 | U40: =SUM(U36:U39) -> 0 | W40: =F40+I40+L40+O40+R40+U40 -> 0
A41: Consultants
B42: Consultant Name - #01 | C42: Provide details on next Worksheet | F42: =D42*E42 -> 0 | I42: =G42*H42 -> 0 | L42: =J42*K42 -> 0 | O42: =M42*N42 -> 0 | R42: =P42*Q42 -> 0 | U42: =S42*T42 -> 0 | W42: =F42+I42+L42+O42+R42+U42 -> 0
B43: Consultant Name - #02 | C43: Provide details on next Worksheet | F43: =D43*E43 -> 0 | I43: =G43*H43 -> 0 | L43: =J43*K43 -> 0 | O43: =M43*N43 -> 0 | R43: =P43*Q43 -> 0 | U43: =S43*T43 -> 0 | W43: =F43+I43+L43+O43+R43+U43 -> 0
B44: Consultant Name - #03 | C44: Provide details on next Worksheet | F44: =D44*E44 -> 0 | I44: =G44*H44 -> 0 | L44: =J44*K44 -> 0 | O44: =M44*N44 -> 0 | R44: =P44*Q44 -> 0 | U44: =S44*T44 -> 0 | W44: =F44+I44+L44+O44+R44+U44 -> 0
B45: Insert line(s) for any additional Consultants | C45: Provide details on next Worksheet | F45: =D45*E45 -> 0 | I45: =G45*H45 -> 0 | L45: =J45*K45 -> 0 | O45: =M45*N45 -> 0 | R45: =P45*Q45 -> 0 | U45: =S45*T45 -> 0 | W45: =F45+I45+L45+O45+R45+U45 -> 0
B46: Total Consultant Costs | F46: =SUM(F42:F45) -> 0 | I46: =SUM(I42:I45) -> 0 | L46: =SUM(L42:L45) -> 0 | O46: =SUM(O42:O45) -> 0 | R46: =SUM(R42:R45) -> 0 | U46: =SUM(U42:U45) -> 0 | W46: =F46+I46+L46+O46+R46+U46 -> 0
A47: Other Direct Costs
B48: Materials/Supplies | C48: Provide details on next Worksheet | W48: =F48+I48+L48+O48+R48+U48 -> 0
B49: Equipment | C49: Provide details on next Worksheet | W49: =F49+I49+L49+O49+R49+U49 -> 0
B50: Travel | C50: Provide details on next Worksheet | W50: =F50+I50+L50+O50+R50+U50 -> 0
B51: Insert line(s) for any other types of ODCs | C51: Provide details on next Worksheet | W51: =F51+I51+L51+O51+R51+U51 -> 0
B52: Total Other Direct Costs | F52: =SUM(F48:F51) -> 0 | I52: =SUM(I48:I51) -> 0 | L52: =SUM(L48:L51) -> 0 | O52: =SUM(O48:O51) -> 0 | R52: =SUM(R48:R51) -> 0 | U52: =SUM(U48:U51) -> 0 | W52: =F52+I52+L52+O52+R52+U52 -> 0
A53: Material Handling (M/H O/H) (See Escalation and Indirect Rate Worksheet)
B54: Insert M/H O/H rate title | D54: 0 | F54: =D54*E54 -> 0 | G54: 0 | I54: =G54*H54 -> 0 | J54: 0 | L54: =J54*K54 -> 0 | M54: 0 | O54: =M54*N54 -> 0 | P54: 0 | R54: =P54*Q54 -> 0 | S54: 0 | U54: =S54*T54 -> 0 | W54: =F54+I54+L54+O54+R54+U54 -> 0
B55: Insert line(s) & title(s) for any other M/H O/H rates | F55: =D55*E55 -> 0 | I55: =G55*H55 -> 0 | L55: =J55*K55 -> 0 | O55: =M55*N55 -> 0 | R55: =P55*Q55 -> 0 | U55: =S55*T55 -> 0 | W55: =F55+I55+L55+O55+R55+U55 -> 0
B56: Total Material Handling Costs | F56: =SUM(F54:F55) -> 0 | I56: =SUM(I54:I55) -> 0 | L56: =SUM(L54:L55) -> 0 | O56: =SUM(O54:O55) -> 0 | R56: =SUM(R54:R55) -> 0 | U56: =SUM(U54:U55) -> 0 | W56: =F56+I56+L56+O56+R56+U56 -> 0
A57: General and Administrative (G&A) (See Escalation and Indirect Rate Worksheet)
B58: Insert G&A rate title | D58: =F26+F30+F34+F40+F46+F52+F56 -> 0 | F58: =D58*E58 -> 0 | G58: =I26+I30+I34+I40+I46+I52+I56 -> 0 | I58: =G58*H58 -> 0 | J58: =L26+L30+L34+L40+L46+L52+L56 -> 0 | L58: =J58*K58 -> 0 | M58: =O26+O30+O34+O40+O46+O52+O56 -> 0 | O58: =M58*N58 -> 0 | P58: =R26+R30+R34+R40+R46+R52+R56 -> 0 | R58: =P58*Q58 -> 0 | S58: =U26+U30+U34+U40+U46+U52+U56 -> 0 | U58: =S58*T58 -> 0 | W58: =F58+I58+L58+O58+R58+U58 -> 0
B59: Insert line(s) & title(s) for any other G&A rates | F59: =D59*E59 -> 0 | I59: =G59*H59 -> 0 | L59: =J59*K59 -> 0 | O59: =M59*N59 -> 0 | R59: =P59*Q59 -> 0 | U59: =S59*T59 -> 0 | W59: =F59+I59+L59+O59+R59+U59 -> 0
B60: Total G&A Costs | F60: =SUM(F58:F59) -> 0 | I60: =SUM(I58:I59) -> 0 | L60: =SUM(L58:L59) -> 0 | O60: =SUM(O58:O59) -> 0 | R60: =SUM(R58:R59) -> 0 | U60: =SUM(U58:U59) -> 0 | W60: =F60+I60+L60+O60+R60+U60 -> 0
A61: Subtotal Costs | F61: =F26+F30+F34+F40+F46+F52+F56+F60 -> 0 | I61: =I26+I30+I34+I40+I46+I52+I56+I60 -> 0 | L61: =L26+L30+L34+L40+L46+L52+L56+L60 -> 0 | O61: =O26+O30+O34+O40+O46+O52+O56+O60 -> 0 | R61: =R26+R30+R34+R40+R46+R52+R56+R60 -> 0 | U61: =U26+U30+U34+U40+U46+U52+U56+U60 -> 0 | W61: =F61+I61+L61+O61+R61+U61 -> 0
A62: Facilities Cost of Money (COM) (See Escalation and Indirect Rate Worksheet)
B63: Insert COM rate title | D63: =0 -> 0 | F63: =D63*E63 -> 0 | G63: =0 -> 0 | I63: =G63*H63 -> 0 | J63: =0 -> 0 | L63: =J63*K63 -> 0 | M63: =0 -> 0 | O63: =M63*N63 -> 0 | P63: =0 -> 0 | R63: =P63*Q63 -> 0 | S63: =0 -> 0 | U63: =S63*T63 -> 0 | W63: =F63+I63+L63+O63+R63+U63 -> 0
B64: Insert line(s) & title(s) for any other COM rates | F64: =D64*E64 -> 0 | I64: =G64*H64 -> 0 | L64: =J64*K64 -> 0 | O64: =M64*N64 -> 0 | R64: =P64*Q64 -> 0 | U64: =S64*T64 -> 0 | W64: =F64+I64+L64+O64+R64+U64 -> 0
B65: Total Cost of Money | F65: =SUM(F63:F64) -> 0 | I65: =SUM(I63:I64) -> 0 | L65: =SUM(L63:L64) -> 0 | O65: =SUM(O63:O64) -> 0 | R65: =SUM(R63:R64) -> 0 | U65: =SUM(U63:U64) -> 0 | W65: =F65+I65+L65+O65+R65+U65 -> 0
A66: Total Estimated Costs | F66: =ROUND(F61+F65,0) -> 0 | I66: =ROUND(I61+I65,0) -> 0 | L66: =ROUND(L61+L65,0) -> 0 | O66: =ROUND(O61+O65,0) -> 0 | R66: =ROUND(R61+R65,0) -> 0 | U66: =ROUND(U61+U65,0) -> 0 | W66: =F66+I66+L66+O66+R66+U66 -> 0
A67: Proposed Fee/Profit | C67: (Note 5) | D67: =F61-F50 -> 0 | F67: =ROUND(D67*E67,0) -> 0 | G67: =I61-I50 -> 0 | I67: =ROUND(G67*H67,0) -> 0 | J67: =L61-L50 -> 0 | L67: =ROUND(J67*K67,0) -> 0 | M67: =O61-O50 -> 0 | O67: =ROUND(M67*N67,0) -> 0 | P67: =R61-R50 -> 0 | R67: =ROUND(P67*Q67,0) -> 0 | S67: =U61-U50 -> 0 | U67: =ROUND(S67*T67,0) -> 0 | W67: =F67+I67+L67+O67+R67+U67 -> 0
A68: Total Proposed Cost | F68: =F66+F67 -> 0 | I68: =I66+I67 -> 0 | L68: =L66+L67 -> 0 | O68: =O66+O67 -> 0 | R68: =R66+R67 -> 0 | U68: =U66+U67 -> 0 | W68: =F68+I68+L68+O68+R68+U68 -> 0
B70: Note 1: Any proposed personnel in the technical proposal should be identified with their labor category.
B71: Note 2: Indicate the start and end date of Offeror's Fiscal Year/Calendar Year
B72: Note 3: The values under Total Direct Labor "hours/base" column indicate the total level of effort for the project for each labor category. The Offeror must define the split of hours between initial and subsequent rate years based on its FY or CY in the prior columns.
B73: Note 4: A separate spreadsheet must be provided for any proposed option period/effort.
B74: Note 5: Profit or fee is not allowed on travel costs, direct costs for equipment, Government entities or cost share contracts. In addition, NCD utilizes DD Fom 1547 (DFARS 215.404-70) in calculating the Government objective for fee.

Sheet Sheet1
